Workbook
Name Fonte: ORÇAMENTO!$I1

Sheet MENU
J1: PM
E2: =CHOOSE(MATCH(Objeto,{"PM","PO"}),"PLANILHA MÚLTIPLA ","PLANILHA ORÇAMENTÁRIA ")& Versao -> PLANILHA MÚLTIPLA v3.0.5 | J2: v3.0.5
O3: 1
O4: 1
J5: Proposto
E6: DADOS DO CONTRATO | G6: NOVIDADES DA VERSÃO | J6: Licitado
J7: PLE
B8: =IF($O$3<>2,"DOCUMENTAÇÃO DA PROPOSTA","PROPOSTA: Para visualizar/preencher esta seção, altere o TIPO DE ORÇAMENTO para 'Proposto'") -> DOCUMENTAÇÃO DA PROPOSTA | J8: BM | L8: LEGENDA:
L9: Cores das células:
C10: =IF(TIPOORCAMENTO<>"Proposto",""," BDI ") -> BDI | E10: =IF(TIPOORCAMENTO<>"Proposto",""," ORÇAMENTO ") -> ORÇAMENTO | G10: =IF(TIPOORCAMENTO<>"Proposto","","MEMÓRIA DE CÁLCULO / PLQ") -> MEMÓRIA DE CÁLCULO / PLQ | N10: Fundo amarelo: células para preencher
C12: =IF(TIPOORCAMENTO<>"Proposto",""," QCI ") -> QCI | E12: =IF(TIPOORCAMENTO<>"Proposto","","CRONOGRAMA FÍSICO-FINANCEIRO") -> CRONOGRAMA FÍSICO-FINANCEIRO | N12: Fundo azul: células para seleção de opções
C14: =IF(TIPOORCAMENTO<>"Proposto","","Obs: Composições e Cotações devem ser preenchidas diretamente no arquivo Referência "&IF(ISBLANK(Import.DataBase),"mm-aaaa",TEXT(Import.DataBase,"mm-aaaa"))&".xls.") -> Obs: Composições e Cotações devem ser preenchidas diretamente no arquivo Referência 11-2023.xls.
L15: Cores dos botões:
B16: =IF($O$3<>2,"PÓS-LICITADO: Para visualizar/preencher esta seção, altere o TIPO DE ORÇAMENTO para 'Licitado'","RESULTADO DO PROCESSO LICITATÓRIO") -> PÓS-LICITADO: Para visualizar/preencher esta seção, altere o TIPO DE ORÇAMENTO para 'Licitado' | N16: Fundo azul: navegação entre abas
C18: =IF(TIPOORCAMENTO<>"Licitado",""," ORÇAMENTO ") | E18: =IF(TIPOORCAMENTO<>"Licitado",""," QCI ") | G18: =IF(TIPOORCAMENTO<>"Licitado","","CRONOGRAMA FÍSICO-FINANCEIRO") | N18: Fundo laranja: execução de macro
B20: =IF($O$3<>2,"ACOMPANHAMENTO: Para visualizar/preencher esta seção, altere o TIPO DE ORÇAMENTO para 'Licitado'","ACOMPANHAMENTO DO EMPREENDIMENTO") -> ACOMPANHAMENTO: Para visualizar/preencher esta seção, altere o TIPO DE ORÇAMENTO para 'Licitado'
C22: =IF(OR(TIPOORCAMENTO<>"Licitado",ACOMPANHAMENTO<>"PLE"),"","PLAN. DE LEVANT. DE EVENTOS - PLE") | E22: =IF(TIPOORCAMENTO<>"Licitado",""," RRE ") | G22: =IF(OR(TIPOORCAMENTO<>"Licitado",ACOMPANHAMENTO<>"BM"),""," BOLETIM DE MEDIÇÃO - BM ")
E24: =IF(TIPOORCAMENTO<>"Licitado","","OF. DE SOLICITAÇÃO DE DESBLOQUEIO")

Sheet DADOS
E1: A. DOCUMENTAÇÃO DA PROPOSTA | L1: Sub-Itens de Investimento
J2: Itens de Investimento | K2: Unidades habitacionais | L2: =COUNTA(K:K)-1 -> 3 | M2: Equipamentos comunitários | N2: =COUNTA(M:M)-1 -> 6 | O2: Pavimentação | P2: =COUNTA(O:O)-1 -> 6 | Q2: Drenagem | R2: =COUNTA(Q:Q)-1 -> 6 | S2: Abastecimento de água | T2: =COUNTA(S:S)-1 -> 11 | U2: Esgotamento sanitário | V2: =COUNTA(U:U)-1 -> 8 | W2: Energia elétrica e iluminação pública | X2: =COUNTA(W:W)-1 -> 4 | Y2: Coleta e tratamento de resíduos sólidos | Z2: =COUNTA(Y:Y)-1 -> 6 | AA2: Contenção e estabilização de encostas | AB2: =COUNTA(AA:AA)-1 -> 2 | AC2: Regularização fundiária | AD2: =COUNTA(AC:AC)-1 -> 2 | AE2: Aquisição de terreno | AF2: =COUNTA(AE:AE)-1 -> 2 | AG2: Aquisição de equipamentos e insumos | AH2: =COUNTA(AG:AG)-1 -> 1 | AI2: Elaboração de estudos e projetos | AJ2: =COUNTA(AI:AI)-1 -> 1 | AK2: Instrumentos e ações em planejamento e gestão pública | AL2: =COUNTA(AK:AK)-1 -> 1 | AM2: Ações complementares às obras | AN2: =COUNTA(AM:AM)-1 -> 3 | AO2: Gerenciamento | AP2: =COUNTA(AO:AO)-1 -> 1 | AQ2: Trabalho social | AR2: =COUNTA(AQ:AQ)-1 -> 4
E3: Dados do Contrato (Inicial) | J3: Unidades habitacionais | K3: Aquisição | L3: un | M3: Convivência comunitária, assistência social e/ou comunitária | N3: m² | O3: Capeamento de vias | P3: m² | Q3: Obras de microdrenagem | R3: m | S3: Captação subterrânea | T3: m³/s | U3: Ligações domiciliares e/ou intradomiciliares | V3: un | W3: Iluminação pública - luminárias | X3: un | Y3: Acondicionamento | Z3: un | AA3: Estabilização de taludes | AB3: m² | AC3: Desapropriacões/Indenizações | AD3: m² | AE3: Aquisição de terreno | AF3: m² | AG3: Aquisição de equipamentos e insumos | AH3: un | AI3: Elaboração de estudos e projetos | AJ3: un | AK3: Instrumentos e ações em planejamento e gestão pública | AL3: un | AM3: Avaliação pós intervenção | AN3: un | AO3: Gerenciamento | AP3: %CT | AQ3: Projeto de Trabalho Social Preliminar | AR3: nº fam
E4: Fonte de recursos: | F4: OGU | J4: Equipamentos comunitários | K4: Construção | L4: un | M4: Educação e cultura | N4: m² | O4: Recapeamento de vias | P4: m² | Q4: Desassoreamento de cursos de água | R4: m | S4: Captação superficial | T4: m³/s | U4: Rede coletora e/ou condominial | V4: m | W4: Ligações domiciliares | X4: un | Y4: Aterro sanitário e/ou disposição final | Z4: m³ | AA4: Obras complementares a ações de redução de risco e/ou contenções | AB4: m² | AC4: Projeto de Regularização Fundiária | AD4: m² | AE4: Benfeitorias | AF4: m² | AM4: Demolições | AN4: un | AQ4: Projeto de Trabalho Social | AR4: nº fam
E5: Proponente/Tomador: | F5: PREFEITURA MUNICIPAL DE CONCEIÇÃO DOS OUROS | J5: Pavimentação | K5: Reforma e/ou melhoria | L5: un | M5: Esportes | N5: m² | O5: Obras de artes especiais | P5: m | Q5: Canalização de cursos de água | R5: m | S5: Estação de bombeamento de água bruta | T5: m³/s | U5: Coletor tronco e/ou interceptores | V5: m | W5: Linhas de distribuição - baixa tensão | X5: m | Y5: Erradicação de lixões | Z5: m³ | AM5: Plano de Reassentamento e medidas compensatórias | AN5: un | AQ5: Plano de Desenvolvimento Socioterritorial | AR5: nº fam
E6: Município/UF: | F6: CONCEIÇÃO DOS OUROS/MG | J6: Drenagem | M6: Lazer e turismo | N6: m² | O6: Pavimentação de calçadas | P6: m² | Q6: Recomposição de vegetação ciliar, renaturalização de cursos de água ou restauração de margens | R6: m² | S6: Adução | T6: m | U6: Emissário | V6: m | W6: Linhas de transmissão - alta tensão | X6: m | Y6: Sistema de coleta seletiva tradicional, transporte e/ou equipamentos | Z6: un | AQ6: Plano de Gestão Condominial | AR6: nº fam
E7: Nº da Operação (0000000-00): | F7: 1090.502-01/2023 | J7: Abastecimento de água | M7: Saúde | N7: m² | O7: Pavimentação de vias | P7: m² | Q7: Reservatório de amortecimento de cheias | R7: m³ | S7: Estação de Tratamento de Água (ETA) | T7: m³/s | U7: Estação Elevatória | V7: m³/s | Y7: Tratamento local | Z7: un
E8: Nº do SICONV (000000): | F8: 950338/2023 | J8: Esgotamento sanitário | M8: Segurança pública | N8: m² | O8: Sinalização | P8: m² | Q8: Estação de Bombeamento | R8: m³/s | S8: Estação de bombeamento de água tratada | T8: m³/s | U8: Estação de Tratamento de Esgoto (ETE) | V8: m³/s | Y8: Usinas de reciclagem | Z8: m²
E9: =IF(F4="FGTS","Valor de Financiamento Contratado (R$):","Valor do Repasse Contratado (R$):") -> Valor do Repasse Contratado (R$): | F9: 481104 | J9: Energia elétrica e iluminação pública | S9: Linha de recalque | T9: m | U9: Sistema simplificado de tratamento | V9: m³/s
E10: Valor de Contrapartida Contratada (R$): | F10: 18896 | J10: Coleta e tratamento de resíduos sólidos | S10: Reservação | T10: m³ | U10: Unidades sanitárias | V10: un
E11: % mínimo de Contrapartida: | F11: 0.001 | J11: Contenção e estabilização de encostas | S11: Rede de distribuição | T11: m
E12: R$ mínimo de Contrapartida (se houver): | F12: 0.01 | J12: Regularização fundiária | S12: Ligações domiciliares e/ou intradomiciliares | T12: un
E13: % máximo de Contrapartida: | F13: 0.04 | J13: Aquisição de terreno | S13: Sistema simplificado de abastecimento | T13: m
J14: Aquisição de equipamentos e insumos
E15: Dados do Empreendimento e Orçamento | J15: Elaboração de estudos e projetos
E16: Nome/apelido: | F16: Adequação de Estradas Vicinais | J16: Instrumentos e ações em planejamento e gestão pública
E17: Descrição do Objeto do Lote / CTEF: | F17: Adequação de Estradas Vicinais | J17: Ações complementares às obras
E18: Regime previdenciário previsto para a obra: | F18: NÃO DESONERADO | J18: Gerenciamento
E19: Data base do Orçamento: | F19: 45231 | J19: Trabalho social
E21: Responsável pelo Orçamento
E22: Nome: | F22: JOSÉ AIRTON JUNHO DOS REIS
E23: CREA/CAU: | F23: 56.250/D
E24: ART/RRT: | F24: MG20242788680
E25: Data do preenchimento: | F25: 45391
E27: Responsável pelo Tomador (Prefeito, no caso de Municípios)
E28: Nome: | F28: LUÍS FERNANDO ROSA DE CASTRO
E29: Cargo: | F29: PREFEITO MUNICIPAL
E32: B. RESULTADO DO PROCESSO LICITATÓRIO
E34: Licitação
E35: Data de emissão dos documentos de licitação:
E36: Nº do CTEF (contrato com empresa):
E37: Nome da empresa:
E38: CNPJ da empresa:
E39: Regime de execução do CTEF: | F39: EMPREITADA POR PREÇO GLOBAL
E40: Data base do CTEF: | F40: 45231
E43: C. ACOMPANHAMENTO DO EMPREENDIMENTO
E45: Dados da obra
E46: Data do Início da Obra:
E47: Data de fechamento do RRE:
E49: Responsável pela Fiscalização
E50: Nome: | F50: JOSÉ AIRTON JUNHO DOS REIS
E51: Profissão: | F51: ENGENHEIRO CIVIL
E52: CREA/CAU (para obras/projetos): | F52: 56.250/D
E53: ART/RRT (para obras/projetos): | F53: MG20242788680
E56: D. ACOMPANHAMENTO CAIXA
E58: Responsável Gerencial
E59: Nome:
E60: Função:

Sheet NOVO
B3: Novidades da Versão
A6: V3.0.0
B7: GERAL
C8: =IF(D8<>"","▪","") -> ▪ | D8: Lançamento: Adequação à Portaria 424/2016. Acompanhamento por Eventos.
C9: =IF(D9<>"","▪","")
A10: V3.0.1
B11: GERAL
C12: =IF(D12<>"","▪","") -> ▪ | D12: Ajustes de formatações.
B13: PO
C14: =IF(D14<>"","▪","") -> ▪ | D14: Correção da aplicação do BDI não desonerado.
C15: =IF(D15<>"","▪","") -> ▪ | D15: Inclusão de coluna exclusiva "Preço Unitário Edital", para o Modo 'Orçamento Licitado'.
A17: V3.0.2
B18: GERAL
C19: =IF(D19<>"","▪","") -> ▪ | D19: Ajustes de formatações.
C20: =IF(D20<>"","▪","") -> ▪ | D20: Correção do Problema de Guias ocultas no BROFFICE.
B21: ORÇAMENTO
C22: =IF(D22<>"","▪","") -> ▪ | D22: Ampliada obtenção de dados da Planilha Referência de 20.000 para 65.536 linhas.
B23: CRONOGRAMA
C24: =IF(D24<>"","▪","") -> ▪ | D24: Correção na formulação do total acumulado por Repasse, CP e Outros
B25: QCI
C26: =IF(D26<>"","▪","") -> ▪ | D26: Correção na formulação do arredondamento no rateio dos valores do QCI.
B27: RRE
C28: =IF(D28<>"","▪","") -> ▪ | D28: Correção na formulação do total por Repasse, CP e Outros.
A30: V3.0.3
B31: GERAL
C32: =IF(D32<>"","▪","") -> ▪ | D32: Correção do Problema de Guias ocultas no BROFFICE.
B33: CÁLCULO
C34: =IF(D34<>"","▪","") -> ▪ | D34: Corrigida lentidão e travamento ao incluir e excluir frentes.
A37: V3.0.4
B38: BDI
C39: =IF(D39<>"","▪","") -> ▪ | D39: Correção da CPRB que exibia 4,5% mesmo quando não desonerado.
B40: CRONOGRAMA
C41: =IF(D41<>"","▪","") -> ▪ | D41: Correção da distribuição de Repasse, CP e Outros para as metas manuais.
B42: QCI
C43: =IF(D43<>"","▪","") -> ▪ | D43: Adicionado botão para adotar a CP do QCI como CP do contrato (zera saldo a reprogramar de CP).
A45: V3.0.5
B46: GERAL
C47: =IF(D47<>"","▪","") -> ▪ | D47: Corrigido modo de Cálculo da Planilha para Automático.

Sheet BDI
E1: MIN | F1: MED | G1: MAX | O1: ="Quadro de Composição do BDI" -> Quadro de Composição do BDI | R1: Grau de Sigilo
A2: Construção e Reforma de Edifícios | B2: AC | C2: =CONCATENATE(A2,"-",B2) -> Construção e Reforma de Edifícios-AC | E2: 0.03 | F2: 0.04 | G2: 0.055 | R2: #PUBLICO
A3: =A2 -> Construção e Reforma de Edifícios | B3: SG | C3: =CONCATENATE(A3,"-",B3) -> Construção e Reforma de Edifícios-SG | E3: 0.008 | F3: 0.008 | G3: 0.01
A4: =A3 -> Construção e Reforma de Edifícios | B4: R | C4: =CONCATENATE(A4,"-",B4) -> Construção e Reforma de Edifícios-R | E4: 0.0097 | F4: 0.0127 | G4: 0.0127 | J4: Nº OPERAÇÃO | L4: Nº SICONV | N4: PROPONENTE / TOMADOR
A5: =A4 -> Construção e Reforma de Edifícios | B5: DF | C5: =CONCATENATE(A5,"-",B5) -> Construção e Reforma de Edifícios-DF | E5: 0.0059 | F5: 0.0123 | G5: 0.0139 | J5: =Import.CR -> 1090.502-01/2023 | L5: =Import.SICONV -> 950338/2023 | N5: =Import.Proponente -> PREFEITURA MUNICIPAL DE CONCEIÇÃO DOS OUROS
A6: =A5 -> Construção e Reforma de Edifícios | B6: L | C6: =CONCATENATE(A6,"-",B6) -> Construção e Reforma de Edifícios-L | E6: 0.0616 | F6: 0.074 | G6: 0.0896 | I6: FILTRO
A7: =A6 -> Construção e Reforma de Edifícios | B7: BDI PAD | C7: =CONCATENATE(A7,"-",B7) -> Construção e Reforma de Edifícios-BDI PAD | E7: 0.2034 | F7: 0.2212 | G7: 0.25 | J7: APELIDO DO EMPREENDIMENTO / DESCRIÇÃO DO LOTE
A8: Construção de Praças Urbanas, Rodovias, Ferrovias e recapeamento e pavimentação de vias urbanas | B8: AC | C8: =CONCATENATE(A8,"-",B8) -> Construção de Praças Urbanas, Rodovias, Ferrovias e recapeamento e pavimentação de vias urbanas-AC | E8: 0.038 | F8: 0.0401 | G8: 0.0467 | J8: =Import.Apelido&" / "&Import.DescLote -> Adequação de Estradas Vicinais / Adequação de Estradas Vicinais
A9: Construção de Praças Urbanas, Rodovias, Ferrovias e recapeamento e pavimentação de vias urbanas | B9: SG | C9: =CONCATENATE(A9,"-",B9) -> Construção de Praças Urbanas, Rodovias, Ferrovias e recapeamento e pavimentação de vias urbanas-SG | E9: 0.0032 | F9: 0.004 | G9: 0.0074
A10: Construção de Praças Urbanas, Rodovias, Ferrovias e recapeamento e pavimentação de vias urbanas | B10: R | C10: =CONCATENATE(A10,"-",B10) -> Construção de Praças Urbanas, Rodovias, Ferrovias e recapeamento e pavimentação de vias urbanas-R | E10: 0.005 | F10: 0.0056 | G10: 0.0097 | J10: Conforme legislação tributária municipal, definir estimativa de percentual da base de cálculo para o ISS: | R10: 1
A11: Construção de Praças Urbanas, Rodovias, Ferrovias e recapeamento e pavimentação de vias urbanas | B11: DF | C11: =CONCATENATE(A11,"-",B11) -> Construção de Praças Urbanas, Rodovias, Ferrovias e recapeamento e pavimentação de vias urbanas-DF | E11: 0.0102 | F11: 0.0111 | G11: 0.0121 | I11: ↓ | J11: Sobre a base de cálculo, definir a respectiva alíquota do ISS (entre 2% e 5%): | R11: 0.03
A12: Construção de Praças Urbanas, Rodovias, Ferrovias e recapeamento e pavimentação de vias urbanas | B12: L | C12: =CONCATENATE(A12,"-",B12) -> Construção de Praças Urbanas, Rodovias, Ferrovias e recapeamento e pavimentação de vias urbanas-L | E12: 0.0664 | F12: 0.073 | G12: 0.0869 | I12: F
A13: Construção de Praças Urbanas, Rodovias, Ferrovias e recapeamento e pavimentação de vias urbanas | B13: BDI PAD | C13: =CONCATENATE(A13,"-",B13) -> Construção de Praças Urbanas, Rodovias, Ferrovias e recapeamento e pavimentação de vias urbanas-BDI PAD | E13: 0.196 | F13: 0.2097 | G13: 0.2423 | I13: F
A14: Construção de Redes de Abastecimento de Água, Coleta de Esgoto | B14: AC | C14: =CONCATENATE(A14,"-",B14) -> Construção de Redes de Abastecimento de Água, Coleta de Esgoto-AC | E14: 0.0343 | F14: 0.0493 | G14: 0.0671 | I14: F | J14: BDI 1
A15: =A14 -> Construção de Redes de Abastecimento de Água, Coleta de Esgoto | B15: SG | C15: =CONCATENATE(A15,"-",B15) -> Construção de Redes de Abastecimento de Água, Coleta de Esgoto-SG | E15: 0.0028 | F15: 0.0049 | G15: 0.0075 | I15: F
A16: =A15 -> Construção de Redes de Abastecimento de Água, Coleta de Esgoto | B16: R | C16: =CONCATENATE(A16,"-",B16) -> Construção de Redes de Abastecimento de Água, Coleta de Esgoto-R | E16: 0.01 | F16: 0.0139 | G16: 0.0174 | I16: F | J16: TIPO DE OBRA
A17: =A16 -> Construção de Redes de Abastecimento de Água, Coleta de Esgoto | B17: DF | C17: =CONCATENATE(A17,"-",B17) -> Construção de Redes de Abastecimento de Água, Coleta de Esgoto-DF | E17: 0.0094 | F17: 0.0099 | G17: 0.0117 | I17: F | J17: Construção de Praças Urbanas, Rodovias, Ferrovias e recapeamento e pavimentação de vias urbanas
A18: =A17 -> Construção de Redes de Abastecimento de Água, Coleta de Esgoto | B18: L | C18: =CONCATENATE(A18,"-",B18) -> Construção de Redes de Abastecimento de Água, Coleta de Esgoto-L | E18: 0.0674 | F18: 0.0804 | G18: 0.094 | I18: F
A19: =A18 -> Construção de Redes de Abastecimento de Água, Coleta de Esgoto | B19: BDI PAD | C19: =CONCATENATE(A19,"-",B19) -> Construção de Redes de Abastecimento de Água, Coleta de Esgoto-BDI PAD | E19: 0.2076 | F19: 0.2418 | G19: 0.2644 | I19: F | J19: Itens | R19: Siglas | S19: % Adotado | U19: Situação | X19: 1º Quartil | Y19: Médio | Z19: 3º Quartil
A20: Construção e Manutenção de Estações e Redes de Distribuição de Energia Elétrica | B20: AC | C20: =CONCATENATE(A20,"-",B20) -> Construção e Manutenção de Estações e Redes de Distribuição de Energia Elétrica-AC | E20: 0.0529 | F20: 0.0592 | G20: 0.0793 | I20: F
A21: =A20 -> Construção e Manutenção de Estações e Redes de Distribuição de Energia Elétrica | B21: SG | C21: =CONCATENATE(A21,"-",B21) -> Construção e Manutenção de Estações e Redes de Distribuição de Energia Elétrica-SG | E21: 0.0025 | F21: 0.0051 | G21: 0.0056 | I21: F | J21: =IF($J$17=$A$146,"Encargos Sociais incidentes sobre a mão de obra","Administração Central") -> Administração Central | R21: =IF($J17=$A$146,"K1","AC") -> AC | S21: 0.038 | U21: - | X21: =VLOOKUP(CONCATENATE(J17,"-",R21),$C$2:$G$136,3,FALSE) -> 0.038 | Y21: =VLOOKUP(CONCATENATE(J17,"-",R21),$C$2:$G$136,4,FALSE) -> 0.0401 | Z21: =VLOOKUP(CONCATENATE(J17,"-",R21),$C$2:$G$136,5,FALSE) -> 0.0467
A22: =A21 -> Construção e Manutenção de Estações e Redes de Distribuição de Energia Elétrica | B22: R | C22: =CONCATENATE(A22,"-",B22) -> Construção e Manutenção de Estações e Redes de Distribuição de Energia Elétrica-R | E22: 0.01 | F22: 0.0148 | G22: 0.0197 | I22: F | J22: =IF($J$17=$A$146,"Administração Central da empresa ou consultoria - overhead","Seguro e Garantia") -> Seguro e Garantia | R22: =IF($J17=$A$146,"K2","SG") -> SG | S22: 0.0032 | U22: - | X22: =VLOOKUP(CONCATENATE(J17,"-",R22),$C$2:$G$136,3,FALSE) -> 0.0032 | Y22: =VLOOKUP(CONCATENATE(J17,"-",R22),$C$2:$G$136,4,FALSE) -> 0.004 | Z22: =VLOOKUP(CONCATENATE(J17,"-",R22),$C$2:$G$136,5,FALSE) -> 0.0074
A23: =A22 -> Construção e Manutenção de Estações e Redes de Distribuição de Energia Elétrica | B23: DF | C23: =CONCATENATE(A23,"-",B23) -> Construção e Manutenção de Estações e Redes de Distribuição de Energia Elétrica-DF | E23: 0.0101 | F23: 0.0107 | G23: 0.0111 | I23: F | J23: =IF($J$17=$A$146,"","Risco") -> Risco | R23: =IF($J17=$A$146,"","R") -> R | S23: 0.005 | U23: - | X23: =VLOOKUP(CONCATENATE(J17,"-",R23),$C$2:$G$136,3,FALSE) -> 0.005 | Y23: =VLOOKUP(CONCATENATE(J17,"-",R23),$C$2:$G$136,4,FALSE) -> 0.0056 | Z23: =VLOOKUP(CONCATENATE(J17,"-",R23),$C$2:$G$136,5,FALSE) -> 0.0097
A24: =A23 -> Construção e Manutenção de Estações e Redes de Distribuição de Energia Elétrica | B24: L | C24: =CONCATENATE(A24,"-",B24) -> Construção e Manutenção de Estações e Redes de Distribuição de Energia Elétrica-L | E24: 0.08 | F24: 0.0831 | G24: 0.0951 | I24: F | J24: =IF($J$17=$A$146,"","Despesas Financeiras") -> Despesas Financeiras | R24: =IF($J17=$A$146,"","DF") -> DF | S24: 0.0102 | U24: - | X24: =VLOOKUP(CONCATENATE(J17,"-",R24),$C$2:$G$136,3,FALSE) -> 0.0102 | Y24: =VLOOKUP(CONCATENATE(J17,"-",R24),$C$2:$G$136,4,FALSE) -> 0.0111 | Z24: =VLOOKUP(CONCATENATE(J17,"-",R24),$C$2:$G$136,5,FALSE) -> 0.0121
A25: =A24 -> Construção e Manutenção de Estações e Redes de Distribuição de Energia Elétrica | B25: BDI PAD | C25: =CONCATENATE(A25,"-",B25) -> Construção e Manutenção de Estações e Redes de Distribuição de Energia Elétrica-BDI PAD | E25: 0.24 | F25: 0.2584 | G25: 0.2786 | I25: F | J25: =IF($J$17=$A$146,"Margem bruta da empresa de consultoria","Lucro") -> Lucro | R25: =IF($J17=$A$146,"K3","L") -> L | S25: 0.0664 | U25: - | X25: =VLOOKUP(CONCATENATE(J17,"-",R25),$C$2:$G$136,3,FALSE) -> 0.0664 | Y25: =VLOOKUP(CONCATENATE(J17,"-",R25),$C$2:$G$136,4,FALSE) -> 0.073 | Z25: =VLOOKUP(CONCATENATE(J17,"-",R25),$C$2:$G$136,5,FALSE) -> 0.0869
A26: Obras Portuárias, Marítimas e Fluviais | B26: AC | C26: =CONCATENATE(A26,"-",B26) -> Obras Portuárias, Marítimas e Fluviais-AC | E26: 0.04 | F26: 0.0552 | G26: 0.0785 | I26: F | J26: Tributos (impostos COFINS 3%, e PIS 0,65%) | R26: CP | S26: 0.0365 | U26: - | X26: 0.0365 | Y26: 0.0365 | Z26: 0.0365
A27: =A26 -> Obras Portuárias, Marítimas e Fluviais | B27: SG | C27: =CONCATENATE(A27,"-",B27) -> Obras Portuárias, Marítimas e Fluviais-SG | E27: 0.0081 | F27: 0.0122 | G27: 0.0199 | I27: F | J27: Tributos (ISS, variável de acordo com o município) | R27: ISS | S27: =IF(AND($J17<>$A$145,COUNTA(OFFSET(S20,1,0,6))>0),$R$11*$R$10,0) -> 0.03 | U27: - | X27: 0 | Y27: 0.025 | Z27: 0.05
A28: =A27 -> Obras Portuárias, Marítimas e Fluviais | B28: R | C28: =CONCATENATE(A28,"-",B28) -> Obras Portuárias, Marítimas e Fluviais-R | E28: 0.0146 | F28: 0.0232 | G28: 0.0316 | I28: F | J28: Tributos (Contribuição Previdenciária sobre a Receita Bruta - 0% ou 4,5% - Desoneração) | R28: CPRB | S28: =IF(BDI.Opcao<>"Desonerado",0,IF(AND($J17<>$A$145,COUNTA(OFFSET(S20,1,0,6))>0),4.5%,0%)) -> 0 | U28: - | X28: 0 | Y28: 0.045 | Z28: 0.045
A29: =A28 -> Obras Portuárias, Marítimas e Fluviais | B29: DF | C29: =CONCATENATE(A29,"-",B29) -> Obras Portuárias, Marítimas e Fluviais-DF | E29: 0.0094 | F29: 0.0102 | G29: 0.0133 | I29: F | J29: BDI SEM desoneração (Fórmula Acórdão TCU) | R29: BDI PAD | S29: =IF($J17=$A$145,0,ROUND((((1+S21+S22+S23)*(1+S24)*(1+S25)/(1-(S26+S27)))-1),4)) -> 0.2073 | U29: =IF(OR($J$17=$A$146,$J$17=$A$145,AND(S29>=X29,S29<=Z29)),"OK","FORA DO INTERVALO") -> OK | X29: =IF($J17=$A$145,0,VLOOKUP(CONCATENATE($J17,"-",$R29),$C$2:$G$136,3,FALSE)) -> 0.196 | Y29: =IF($J17=$A$145,0,VLOOKUP(CONCATENATE($J17,"-",$R29),$C$2:$G$136,4,FALSE)) -> 0.2097 | Z29: =IF($J17=$A$145,0,VLOOKUP(CONCATENATE($J17,"-",$R29),$C$2:$G$136,5,FALSE)) -> 0.2423
A30: =A29 -> Obras Portuárias, Marítimas e Fluviais | B30: L | C30: =CONCATENATE(A30,"-",B30) -> Obras Portuárias, Marítimas e Fluviais-L | E30: 0.0714 | F30: 0.084 | G30: 0.1043 | I30: F | J30: BDI COM desoneração | R30: BDI DES | S30: =IF($J17=$A$145,0,ROUND((((1+S21+S22+S23)*(1+S24)*(1+S25)/(1-(S26+S27+S28)))-1),4)) -> 0.2073
A31: =A30 -> Obras Portuárias, Marítimas e Fluviais | B31: BDI PAD | C31: =CONCATENATE(A31,"-",B31) -> Obras Portuárias, Marítimas e Fluviais-BDI PAD | E31: 0.228 | F31: 0.2748 | G31: 0.3095 | I31: F
A32: Fornecimento de Materiais e Equipamentos (aquisição indireta - em conjunto com licitação de obras) | B32: AC | C32: =CONCATENATE(A32,"-",B32) -> Fornecimento de Materiais e Equipamentos (aquisição indireta - em conjunto com licitação de obras)-AC | E32: 0.015 | F32: 0.0345 | G32: 0.0449 | I32: F | J32: =IF(U29<>"ok","X","") | K32: =IF(U29<>"ok","Anexo: Relatório Técnico Circunstanciado justificando a adoção do percentual de cada parcela do BDI.","")
A33: =A32 -> Fornecimento de Materiais e Equipamentos (aquisição indireta - em conjunto com licitação de obras) | B33: SG | C33: =CONCATENATE(A33,"-",B33) -> Fornecimento de Materiais e Equipamentos (aquisição indireta - em conjunto com licitação de obras)-SG | E33: 0.003 | F33: 0.0048 | G33: 0.0082 | I33: F
A34: =A33 -> Fornecimento de Materiais e Equipamentos (aquisição indireta - em conjunto com licitação de obras) | B34: R | C34: =CONCATENATE(A34,"-",B34) -> Fornecimento de Materiais e Equipamentos (aquisição indireta - em conjunto com licitação de obras)-R | E34: 0.0056 | F34: 0.0085 | G34: 0.0089 | I34: F | J34: Os valores de BDI foram calculados com o emprego da fórmula:
A35: =A34 -> Fornecimento de Materiais e Equipamentos (aquisição indireta - em conjunto com licitação de obras) | B35: DF | C35: =CONCATENATE(A35,"-",B35) -> Fornecimento de Materiais e Equipamentos (aquisição indireta - em conjunto com licitação de obras)-DF | E35: 0.0085 | F35: 0.0085 | G35: 0.0111 | I35: F | M35: BDI = | N35: =IF($J17=$A$146,"(1+K1+K2)*(1+K3)","(1+AC + S + R + G)*(1 + DF)*(1+L)") -> (1+AC + S + R + G)*(1 + DF)*(1+L) | Q35: - 1
A36: =A35 -> Fornecimento de Materiais e Equipamentos (aquisição indireta - em conjunto com licitação de obras) | B36: L | C36: =CONCATENATE(A36,"-",B36) -> Fornecimento de Materiais e Equipamentos (aquisição indireta - em conjunto com licitação de obras)-L | E36: 0.035 | F36: 0.0511 | G36: 0.0622 | I36: F | N36: (1-CP-ISS-CRPB)
A37: =A36 -> Fornecimento de Materiais e Equipamentos (aquisição indireta - em conjunto com licitação de obras) | B37: BDI PAD | C37: =CONCATENATE(A37,"-",B37) -> Fornecimento de Materiais e Equipamentos (aquisição indireta - em conjunto com licitação de obras)-BDI PAD | E37: 0.111 | F37: 0.1402 | G37: 0.168 | I37: F
A38: Fornecimento de Materiais e Equipamentos (aquisição direta) | B38: AC | C38: =CONCATENATE(A38,"-",B38) -> Fornecimento de Materiais e Equipamentos (aquisição direta)-AC | E38: - | F38: - | G38: - | I38: F | J38: =CONCATENATE("Declaro para os devidos fins que, conforme legislação tributária municipal, a base de cálculo deste tipo de obra corresponde à ",$R$10*100,"%, com a respectiva alíquota de ",$R$11*100,"%.") -> Declaro para os devidos fins que, conforme legislação tributária municipal, a base de cálculo deste tipo de obra corresponde à 100%, com a respectiva alíquota de 3%.
A39: Fornecimento de Materiais e Equipamentos (aquisição direta) | B39: SG | C39: =CONCATENATE(A39,"-",B39) -> Fornecimento de Materiais e Equipamentos (aquisição direta)-SG | E39: - | F39: - | G39: - | I39: F
A40: Fornecimento de Materiais e Equipamentos (aquisição direta) | B40: R | C40: =CONCATENATE(A40,"-",B40) -> Fornecimento de Materiais e Equipamentos (aquisição direta)-R | E40: - | F40: - | G40: - | I40: F | J40: =CONCATENATE("Declaro para os devidos fins que o regime de Contribuição Previdenciária sobre a Receita Bruta adotado para elaboração do orçamento foi ",IF(DESONERACAO="Sim","COM","SEM")," Desoneração, e que esta é a alternativa mais adequada para a Administração Pública.") -> Declaro para os devidos fins que o regime de Contribuição Previdenciária sobre a Receita Bruta adotado para elaboração do orçamento foi SEM Desoneração, e que esta é a alternativa mais adequada para a Administração Pública.
A41: Fornecimento de Materiais e Equipamentos (aquisição direta) | B41: DF | C41: =CONCATENATE(A41,"-",B41) -> Fornecimento de Materiais e Equipamentos (aquisição direta)-DF | E41: - | F41: - | G41: - | I41: F
A42: Fornecimento de Materiais e Equipamentos (aquisição direta) | B42: L | C42: =CONCATENATE(A42,"-",B42) -> Fornecimento de Materiais e Equipamentos (aquisição direta)-L | E42: - | F42: - | G42: - | I42: F | J42: Observações:
A43: Fornecimento de Materiais e Equipamentos (aquisição direta) | B43: BDI PAD | C43: =CONCATENATE(A43,"-",B43) -> Fornecimento de Materiais e Equipamentos (aquisição direta)-BDI PAD | E43: - | F43: - | G43: - | I43: F
A44: Estudos e Projetos, Planos e Gerenciamento e outros correlatos | B44: K1 | C44: =CONCATENATE(A44,"-",B44) -> Estudos e Projetos, Planos e Gerenciamento e outros correlatos-K1 | E44: - | F44: - | G44: - | I44: F
A45: =A44 -> Estudos e Projetos, Planos e Gerenciamento e outros correlatos | B45: K2 | C45: =CONCATENATE(A45,"-",B45) -> Estudos e Projetos, Planos e Gerenciamento e outros correlatos-K2 | E45: - | F45: 0.2 | G45: - | I45: F | J45: =Import.Município -> CONCEIÇÃO DOS OUROS/MG | P45: =DADOS!$F$25 -> 45391
A46: =A45 -> Estudos e Projetos, Planos e Gerenciamento e outros correlatos | C46: =CONCATENATE(A46,"-",B46) -> Estudos e Projetos, Planos e Gerenciamento e outros correlatos- | E46: - | F46: - | G46: - | I46: F | J46: Local | P46: Data
A47: =A46 -> Estudos e Projetos, Planos e Gerenciamento e outros correlatos | C47: =CONCATENATE(A47,"-",B47) -> Estudos e Projetos, Planos e Gerenciamento e outros correlatos- | E47: - | F47: - | G47: - | I47: F
A48: =A47 -> Estudos e Projetos, Planos e Gerenciamento e outros correlatos | B48: K3 | C48: =CONCATENATE(A48,"-",B48) -> Estudos e Projetos, Planos e Gerenciamento e outros correlatos-K3 | E48: - | F48: 0.12 | G48: - | I48: F
A49: =A48 -> Estudos e Projetos, Planos e Gerenciamento e outros correlatos | B49: BDI PAD | C49: =CONCATENATE(A49,"-",B49) -> Estudos e Projetos, Planos e Gerenciamento e outros correlatos-BDI PAD | E49: - | F49: - | G49: - | I49: F | J49: Responsável Técnico
I50: F | J50: Nome: | K50: {=Import.RespOrçamento} -> JOSÉ AIRTON JUNHO DOS REIS
I51: F | J51: CREA/CAU: | K51: 56.250/D
I52: F | J52: ART/RRT: | K52: MG20242788680
I53: F
I54: =IF($S$69=0,"","F") | J54: BDI 2
I55: =IF($S$69=0,"","F")
I56: =IF($S$69=0,"","F") | J56: TIPO DE OBRA
I57: =IF($S$69=0,"","F") | J57: Construção de Praças Urbanas, Rodovias, Ferrovias e recapeamento e pavimentação de vias urbanas
I58: =IF($S$69=0,"","F")
I59: =IF($S$69=0,"","F") | J59: Itens | R59: Siglas | S59: % Adotado | U59: Situação | X59: 1º Quartil | Y59: Médio | Z59: 3º Quartil
I60: =IF($S$69=0,"","F")
I61: =IF($S$69=0,"","F") | J61: =IF($J$17=$A$146,"Encargos Sociais incidentes sobre a mão de obra","Administração Central") -> Administração Central | R61: =IF($J57=$A$146,"K1","AC") -> AC | U61: - | X61: =VLOOKUP(CONCATENATE(J57,"-",R61),$C$2:$G$136,3,FALSE) -> 0.038 | Y61: =VLOOKUP(CONCATENATE(J57,"-",R61),$C$2:$G$136,4,FALSE) -> 0.0401 | Z61: =VLOOKUP(CONCATENATE(J57,"-",R61),$C$2:$G$136,5,FALSE) -> 0.0467
I62: =IF($S$69=0,"","F") | J62: =IF($J$17=$A$146,"Administração Central da empresa ou consultoria - overhead","Seguro e Garantia") -> Seguro e Garantia | R62: =IF($J57=$A$146,"K2","SG") -> SG | U62: - | X62: =VLOOKUP(CONCATENATE(J57,"-",R62),$C$2:$G$136,3,FALSE) -> 0.0032 | Y62: =VLOOKUP(CONCATENATE(J57,"-",R62),$C$2:$G$136,4,FALSE) -> 0.004 | Z62: =VLOOKUP(CONCATENATE(J57,"-",R62),$C$2:$G$136,5,FALSE) -> 0.0074
I63: =IF($S$69=0,"","F") | J63: =IF($J$17=$A$146,"","Risco") -> Risco | R63: =IF($J57=$A$146,"","R") -> R | U63: - | X63: =VLOOKUP(CONCATENATE(J57,"-",R63),$C$2:$G$136,3,FALSE) -> 0.005 | Y63: =VLOOKUP(CONCATENATE(J57,"-",R63),$C$2:$G$136,4,FALSE) -> 0.0056 | Z63: =VLOOKUP(CONCATENATE(J57,"-",R63),$C$2:$G$136,5,FALSE) -> 0.0097
I64: =IF($S$69=0,"","F") | J64: =IF($J$17=$A$146,"","Despesas Financeiras") -> Despesas Financeiras | R64: =IF($J57=$A$146,"","DF") -> DF | U64: - | X64: =VLOOKUP(CONCATENATE(J57,"-",R64),$C$2:$G$136,3,FALSE) -> 0.0102 | Y64: =VLOOKUP(CONCATENATE(J57,"-",R64),$C$2:$G$136,4,FALSE) -> 0.0111 | Z64: =VLOOKUP(CONCATENATE(J57,"-",R64),$C$2:$G$136,5,FALSE) -> 0.0121
I65: =IF($S$69=0,"","F") | J65: =IF($J$17=$A$146,"Margem bruta da empresa de consultoria","Lucro") -> Lucro | R65: =IF($J57=$A$146,"K3","L") -> L | U65: - | X65: =VLOOKUP(CONCATENATE(J57,"-",R65),$C$2:$G$136,3,FALSE) -> 0.0664 | Y65: =VLOOKUP(CONCATENATE(J57,"-",R65),$C$2:$G$136,4,FALSE) -> 0.073 | Z65: =VLOOKUP(CONCATENATE(J57,"-",R65),$C$2:$G$136,5,FALSE) -> 0.0869
I66: =IF($S$69=0,"","F") | J66: Tributos (impostos COFINS 3%, e PIS 0,65%) | R66: CP | U66: - | X66: 0.0365 | Y66: 0.0365 | Z66: 0.0365
I67: =IF($S$69=0,"","F") | J67: Tributos (ISS, variável de acordo com o município) | R67: ISS | S67: =IF(AND($J57<>$A$145,COUNTA(OFFSET(S60,1,0,6))>0),$R$11*$R$10,0) -> 0 | U67: - | X67: 0 | Y67: 0.025 | Z67: 0.05
I68: =IF($S$69=0,"","F") | J68: Tributos (Contribuição Previdenciária sobre a Receita Bruta - 0% ou 4,5% - Desoneração) | R68: CPRB | S68: =IF(BDI.Opcao<>"Desonerado",0,IF(AND($J57<>$A$145,COUNTA(OFFSET(S60,1,0,6))>0),4.5%,0%)) -> 0 | U68: - | X68: 0 | Y68: 0.045 | Z68: 0.045
I69: =IF($S$69=0,"","F") | J69: BDI SEM desoneração (Fórmula Acórdão TCU) | R69: BDI PAD | S69: =IF($J57=$A$145,0,ROUND((((1+S61+S62+S63)*(1+S64)*(1+S65)/(1-(S66+S67)))-1),4)) -> 0 | U69: =IF(OR($J$17=$A$146,$J$17=$A$145,AND(S69>=X69,S69<=Z69)),"OK","FORA DO INTERVALO") -> FORA DO INTERVALO | X69: =IF($J57=$A$145,0,VLOOKUP(CONCATENATE($J57,"-",$R69),$C$2:$G$136,3,FALSE)) -> 0.196 | Y69: =IF($J57=$A$145,0,VLOOKUP(CONCATENATE($J57,"-",$R69),$C$2:$G$136,4,FALSE)) -> 0.2097 | Z69: =IF($J57=$A$145,0,VLOOKUP(CONCATENATE($J57,"-",$R69),$C$2:$G$136,5,FALSE)) -> 0.2423
I70: =IF($S$69=0,"","F") | J70: BDI COM desoneração | R70: BDI DES | S70: =IF($J57=$A$145,0,ROUND((((1+S61+S62+S63)*(1+S64)*(1+S65)/(1-(S66+S67+S68)))-1),4)) -> 0
I71: =IF($S$69=0,"","F")
I72: =IF($S$69=0,"","F") | J72: =IF(U69<>"ok","X","") -> X | K72: =IF(U69<>"ok","Anexo: Relatório Técnico Circunstanciado justificando a adoção do percentual de cada parcela do BDI.","") -> Anexo: Relatório Técnico Circunstanciado justificando a adoção do percentual de cada parcela do BDI.
I73: =IF($S$69=0,"","F")
I74: =IF($S$69=0,"","F") | J74: Os valores de BDI foram calculados com o emprego da fórmula:
I75: =IF($S$69=0,"","F") | M75: BDI = | N75: =IF($J57=$A$146,"(1+K1+K2)*(1+K3)","(1+AC + S + R + G)*(1 + DF)*(1+L)") -> (1+AC + S + R + G)*(1 + DF)*(1+L) | Q75: - 1
I76: =IF($S$69=0,"","F") | N76: (1-CP-ISS-CRPB)
I77: =IF($S$69=0,"","F")
I78: =IF($S$69=0,"","F") | J78: =CONCATENATE("Declaro para os devidos fins que, conforme legislação tributária municipal, a base de cálculo deste tipo de obra corresponde à ",$R$10*100,"%, com a respectiva alíquota de ",$R$11*100,"%.") -> Declaro para os devidos fins que, conforme legislação tributária municipal, a base de cálculo deste tipo de obra corresponde à 100%, com a respectiva alíquota de 3%.
I79: =IF($S$69=0,"","F")
I80: =IF($S$69=0,"","F") | J80: =CONCATENATE("Declaro para os devidos fins que o regime de Contribuição Previdenciária sobre a Receita Bruta adotado para elaboração do orçamento foi ",IF(DESONERACAO="Sim","COM","SEM")," Desoneração, e que esta é a alternativa mais adequada para a Administração Pública.") -> Declaro para os devidos fins que o regime de Contribuição Previdenciária sobre a Receita Bruta adotado para elaboração do orçamento foi SEM Desoneração, e que esta é a alternativa mais adequada para a Administração Pública.
I81: =IF($S$69=0,"","F")
I82: =IF($S$69=0,"","F") | J82: Observações:
I83: =IF($S$69=0,"","F")
I84: =IF($S$69=0,"","F")
I85: =IF($S$69=0,"","F") | J85: =Import.Município -> CONCEIÇÃO DOS OUROS/MG | P85: =DADOS!$F$25 -> 45391
I86: =IF($S$69=0,"","F") | J86: Local | P86: Data
I87: =IF($S$69=0,"","F")
I88: =IF($S$69=0,"","F")
I89: =IF($S$69=0,"","F") | J89: Responsável Técnico
I90: =IF($S$69=0,"","F") | J90: Nome: | K90: {=Import.RespOrçamento} -> JOSÉ AIRTON JUNHO DOS REIS
I91: =IF($S$69=0,"","F") | J91: CREA/CAU: | K91: 56.250/D
I92: =IF($S$69=0,"","F") | J92: ART/RRT: | K92: MG20242788680
I93: =IF($S$69=0,"","F")
I94: =IF($S$109=0,"","F") | J94: BDI 3
I95: =IF($S$109=0,"","F")
I96: =IF($S$109=0,"","F") | J96: TIPO DE OBRA
I97: =IF($S$109=0,"","F") | J97: (SELECIONAR)
I98: =IF($S$109=0,"","F")
I99: =IF($S$109=0,"","F") | J99: Itens | R99: Siglas | S99: % Adotado | U99: Situação | X99: 1º Quartil | Y99: Médio | Z99: 3º Quartil
I100: =IF($S$109=0,"","F")
...

Sheet ORÇAMENTO
R1: PO - PLANILHA ORÇAMENTÁRIA | X1: Grau de Sigilo
D2: LOTE | E2: Meta | F2: Nível 2 | G2: Nível 3 | H2: Nível 4 | I2: Serviço | R2: =IF(TIPOORCAMENTO="licitado","Orçamento Licitado","Orçamento Base para Licitação")&" - "&import.recurso -> Orçamento Base para Licitação - OGU | X2: #PUBLICO
A4: Nmax | F4: BDI 1 | G4: BDI 2 | H4: BDI 3 | I4: 0 | O4: Nº OPERAÇÃO | Q4: Nº SICONV | R4: PROPONENTE / TOMADOR | S4: APELIDO DO EMPREENDIMENTO
A5: =MAX($C$15:$C$33) -> 2 | F5: =IF(BDI.Opcao="DESONERADO",BDI!$S$30,BDI!$S$29) -> 0.2073 | G5: =IF(BDI.Opcao="DESONERADO",BDI!$S$70,BDI!$S$69) -> 0 | H5: =IF(BDI.Opcao="DESONERADO",BDI!$S$110,BDI!$S$109) -> 0 | O5: =Import.CR -> 1090.502-01/2023 | Q5: =Import.SICONV -> 950338/2023 | R5: =Import.Proponente -> PREFEITURA MUNICIPAL DE CONCEIÇÃO DOS OUROS | S5: =Import.Apelido -> Adequação de Estradas Vicinais | AE5: Arredondamento
O7: LOCALIDADE SINAPI | Q7: DATA BASE | R7: =IF(TIPOORCAMENTO="Licitado","NOME DA EMPRESA","DESCRIÇÃO DO LOTE") -> DESCRIÇÃO DO LOTE | S7: =IF(TIPOORCAMENTO="Licitado","REGIME DE EXECUÇÃO","MUNICÍPIO / UF") -> MUNICÍPIO / UF | V7: =IF(TIPOORCAMENTO="Licitado","","BDI 1") -> BDI 1 | W7: =IF(TIPOORCAMENTO="Licitado","","BDI 2") -> BDI 2 | X7: =IF(TIPOORCAMENTO="Licitado","Nº CTEF","BDI 3") -> BDI 3 | AE7: Quantidade | AF7: TRUE | AJ7: QUANTIDADES: ACOMP. POR BM | AL7: PREÇO UNITÁRIO LICITADO
F8: =IF(LEN(INFO("release"))>5,"'Referência "&Excel_BuiltIn_Database&".xls'#Banco.$a5:$a$65536","'[Referência "&Excel_BuiltIn_Database&".xls]Banco'!$a5:$a$65536") -> '[Referência 11-2023.xls]Banco'!$a5:$a$65536 | L8: FILTRO | O8: =IF(ISERROR(INDIRECT($F$9)),"(N/D: 'Referência "&Excel_BuiltIn_Database&".xls)",INDIRECT($F$9)) -> (N/D: 'Referência 11-2023.xls) | Q8: =TEXT(Import.DataBase,"mm-aa")&IF(DESONERACAO="Sim"," (DES.)"," (N DES.)") -> 11-23 (N DES.) | R8: =IF(TIPOORCAMENTO="Licitado",Import.empresa,Import.DescLote) -> Adequação de Estradas Vicinais | S8: =IF(TIPOORCAMENTO="Licitado",Import.RegimeExecução,Import.Município) -> CONCEIÇÃO DOS OUROS/MG | V8: =IF(TIPOORCAMENTO="Licitado","",TEXT(F5,"0,00%")) -> 20,73% | W8: =IF(TIPOORCAMENTO="Licitado","",TEXT(G5,"0,00%")) -> 0,00% | X8: =IF(TIPOORCAMENTO="Licitado",Import.CTEF,TEXT(H5,"0,00%")) -> 0,00% | Y8: RECURSO | Z8: SGL RECURSO | AE8: Custo Unitáro | AF8: FALSE
F9: =IF(LEN(INFO("release"))>5,"'Referência "&Excel_BuiltIn_Database&".xls'#Banco.$d$3","'[Referência "&Excel_BuiltIn_Database&".xls]Banco'!$d$3") -> '[Referência 11-2023.xls]Banco'!$d$3 | AE9: BDI | AF9: TRUE
AC10: ERRO GERAL | AE10: Preço Unitário | AF10: FALSE
AC11: =IF(COUNTIF($AC$15:OFFSET($AC$33,-1,0),"DESCRIÇÃO")+COUNTIF($AC$15:OFFSET($AC$33,-1,0),"UNIDADE")+COUNTIF($AC$15:OFFSET($AC$33,-1,0),"SEM VALOR")>0,"NÃO OK","OK") -> OK | AE11: Preço Total | AF11: FALSE
AA12: Valores não Arredondados | AJ12: ↓ | AL12: ↓
A13: Nível E | B13: Save Nivel | C13: Nível C | D13: Altura | E13: n1 | F13: n2 | G13: n3 | H13: n4 | I13: n5 | J13: Czero | K13: Cnível | L13: ↓ | M13: Nível | N13: Nível Corrigido | O13: Item | P13: Fonte | Q13: Código | R13: Descrição | S13: Unidade | T13: Quantidade | U13: =IF(TIPOORCAMENTO="Licitado","","Custo Unitário (sem BDI) (R$)") -> Custo Unitário (sem BDI) (R$) | V13: =IF(TIPOORCAMENTO="Licitado","","BDI (%)") -> BDI (%) | W13: Preço Unitário (com BDI) (R$) | X13: Preço Total (R$) | Y13: ↓ | Z13: ↓ | AA13: Contrapartida (R$) | AB13: Outros (R$) | AC13: Erro de Dados | AD13: Lista Crono | AE13: Concatenação Fonte-Código | AF13: BancoDesloc | AG13: Custo Unitário Referência (R$) | AH13: =IF(TIPOORCAMENTO="LICITADO","Valor BDI Edital","Valor BDI") -> Valor BDI | AJ13: Quantidade | AL13: Preço Unitário (com BDI) (R$) | AM13: Preço Total Licit. (R$) | AN13: Preço Unitário Edital (R$)
A14: =CHOOSE(1+LOG(1+2*(ORÇAMENTO.Nivel="Meta")+4*(ORÇAMENTO.Nivel="Nível 2")+8*(ORÇAMENTO.Nivel="Nível 3")+16*(ORÇAMENTO.Nivel="Nível 4")+32*(ORÇAMENTO.Nivel="Serviço"),2),0,1,2,3,4,"S") -> S | B14: =IF(OR(C14="s",C14=0),OFFSET(B14,-1,0),C14) -> Save Nivel | C14: =IF(OFFSET(C14,-1,0)="L",1,IF(OFFSET(C14,-1,0)=1,2,IF(OR(A14="s",A14=0),"S",IF(AND(OFFSET(C14,-1,0)=2,A14=4),3,IF(AND(OR(OFFSET(C14,-1,0)="s",OFFSET(C14,-1,0)=0),A14<>"s",A14>OFFSET(B14,-1,0)),OFFSET(B14,-1,0),A14))))) -> S | D14: =IF(OR(C14="S",C14=0),0,IF(ISERROR(K14),J14,SMALL(J14:K14,1))) -> 0 | E14: =IF($C14=1,OFFSET(E14,-1,0)+MAX(1,COUNTIF(QCI!$A$13:$A$23,OFFSET(ORÇAMENTO!E14,-1,0))),OFFSET(E14,-1,0)) -> n1 | F14: =IF($C14=1,0,IF($C14=2,OFFSET(F14,-1,0)+1,OFFSET(F14,-1,0))) -> n2 | G14: =IF(AND($C14<=2,$C14<>0),0,IF($C14=3,OFFSET(G14,-1,0)+1,OFFSET(G14,-1,0))) -> n3 | H14: =IF(AND($C14<=3,$C14<>0),0,IF($C14=4,OFFSET(H14,-1,0)+1,OFFSET(H14,-1,0))) -> n4 | I14: =IF(AND($C14<=4,$C14<>0),0,IF(AND($C14="S",$X14>0),OFFSET(I14,-1,0)+1,OFFSET(I14,-1,0))) -> n5 | J14: =IF(OR($C14="S",$C14=0),0,MATCH(0,OFFSET($D14,1,$C14,ROW($C$33)-ROW($C14)),0)) -> 0 | K14: =IF(OR($C14="S",$C14=0),0,MATCH(OFFSET($D14,0,$C14)+IF($C14<>1,1,COUNTIF(QCI!$A$13:$A$23,ORÇAMENTO!E14)),OFFSET($D14,1,$C14,ROW($C$33)-ROW($C14)),0)) -> 0 | L14: =IF(OR($X14>0,$C14=1,$C14=2,$C14=3,$C14=4),"F","") | M14: Serviço | N14: =CHOOSE(1+LOG(1+2*(C14=1)+4*(C14=2)+8*(C14=3)+16*(C14=4)+32*(C14="S"),2),"","Meta","Nível 2","Nível 3","Nível 4","Serviço") -> Serviço | O14: =IF(OR($C14=0,$L14=""),"-",CONCATENATE(E14&".",IF(AND($A$5>=2,$C14>=2),F14&".",""),IF(AND($A$5>=3,$C14>=3),G14&".",""),IF(AND($A$5>=4,$C14>=4),H14&".",""),IF($C14="S",I14&".",""))) -> - | P14: SINAPI | R14: =IF($C14="S",REFERENCIA.Descricao,"(digite a descrição aqui)") -> (abra o arquivo 'Referência 11-2023.xls) | S14: =REFERENCIA.Unidade -> - | T14: =OFFSET(CÁLCULO!H$15,ROW($T14)-ROW(T$15),0) -> 0 | V14: BDI 1 | W14: =IF($C14="S",ROUND(IF(TIPOORCAMENTO="Proposto",ORÇAMENTO.CustoUnitario*(1+$AH14),ORÇAMENTO.PrecoUnitarioLicitado),15-13*$AF$10),0) -> 0 | X14: =IF($C14="S",VTOTAL1,IF($C14=0,0,ROUND(SomaAgrup,15-13*$AF$11))) -> 0 | Y14: RA | Z14: =IF(AND($C14="S",$X14>0),IF(ISBLANK($Y14),"RA",LEFT($Y14,2)),"") | AA14: =IF($C14="S",IF($Z14="CP",$X14,IF($Z14="RA",(($X14)*QCI!$AA$3),0)),SomaAgrup) -> 0 | AB14: =IF($C14="S",IF($Z14="OU",ROUND($X14,2),0),SomaAgrup) -> 0 | AC14: =IF($N14="","",IF(ORÇAMENTO.Descricao="","DESCRIÇÃO",IF(AND($C14="S",ORÇAMENTO.Unidade=""),"UNIDADE",IF($X14<0,"VALOR NEGATIVO",IF(OR(AND(TIPOORCAMENTO="Proposto",$AG14<>"",$AG14>0,ORÇAMENTO.CustoUnitario>$AG14),AND(TIPOORCAMENTO="LICITADO",ORÇAMENTO.PrecoUnitarioLicitado>$AN14)),"ACIMA REF.",""))))) | AD14: =IF(C14<=CRONO.NivelExibicao,MAX($AD$15:OFFSET(AD14,-1,0))+IF($C14<>1,1,MAX(1,COUNTIF(QCI!$A$13:$A$23,OFFSET($E14,-1,0)))),"") | AE14: =IF(AND($C14="S",ORÇAMENTO.CodBarra<>""),IF(ORÇAMENTO.Fonte="",ORÇAMENTO.CodBarra,CONCATENATE(ORÇAMENTO.Fonte," ",ORÇAMENTO.CodBarra))) -> FALSE | AF14: =IF(ISERROR(INDIRECT(ORÇAMENTO.BancoRef)),"(abra o arquivo 'Referência "&Excel_BuiltIn_Database&".xls)",IF(OR($C14<>"S",ORÇAMENTO.CodBarra=""),"(Sem Código)",IF(ISERROR(MATCH($AE14,INDIRECT(ORÇAMENTO.BancoRef),0)),"(Código não identificado nas referências)",MATCH($AE14,INDIRECT(ORÇAMENTO.BancoRef),0)))) -> (abra o arquivo 'Referência 11-2023.xls) | AG14: =ROUND(IF(DESONERACAO="sim",REFERENCIA.Desonerado,REFERENCIA.NaoDesonerado),2) -> 0 | AH14: =ROUND(IF(ISNUMBER(ORÇAMENTO.OpcaoBDI),ORÇAMENTO.OpcaoBDI,IF(LEFT(ORÇAMENTO.OpcaoBDI,3)="BDI",HLOOKUP(ORÇAMENTO.OpcaoBDI,$F$4:$H$5,2,FALSE),0)),15-11*$AF$9) -> 0.2073 | AM14: =$X14 -> 0 | AN14: =ROUND(ORÇAMENTO.CustoUnitario*(1+$AH14),2) -> 0
A15: 0 | C15: L | D15: =COUNTA(OFFSET(D15,1,0):D$33) -> 17 | E15: 0 | L15: F | M15: =IF(TIPOORCAMENTO="LICITADO","CTEF","LOTE") -> LOTE | N15: =IF(TIPOORCAMENTO="LICITADO","CTEF","LOTE") -> LOTE | O15: =Import.DescLote -> Adequação de Estradas Vicinais | X15: =SUMIF(OFFSET($C15,1,0,ROW(X33)-ROW(X15)-1),"S",OFFSET(X15,1,0,ROW(X33)-ROW(X15)-1)) -> 501148.52 | Z15: =IF(AND($C15="S",$X15>0),LEFT($Y15,2),"") | AA15: =SUMIF(OFFSET($C15,1,0,ROW(AA33)-ROW(AA15)-1),"S",OFFSET(AA15,1,0,ROW(AA33)-ROW(AA15)-1)) -> 20044.516 | AB15: =SUMIF(OFFSET($C15,1,0,ROW(AB33)-ROW(AB15)-1),"S",OFFSET(AB15,1,0,ROW(AB33)-ROW(AB15)-1)) -> 0 | AM15: =$X15 -> 501148.52
A16: =CHOOSE(1+LOG(1+2*(ORÇAMENTO.Nivel="Meta")+4*(ORÇAMENTO.Nivel="Nível 2")+8*(ORÇAMENTO.Nivel="Nível 3")+16*(ORÇAMENTO.Nivel="Nível 4")+32*(ORÇAMENTO.Nivel="Serviço"),2),0,1,2,3,4,"S") -> 1 | B16: =IF(OR(C16="s",C16=0),OFFSET(B16,-1,0),C16) -> 1 | C16: =IF(OFFSET(C16,-1,0)="L",1,IF(OFFSET(C16,-1,0)=1,2,IF(OR(A16="s",A16=0),"S",IF(AND(OFFSET(C16,-1,0)=2,A16=4),3,IF(AND(OR(OFFSET(C16,-1,0)="s",OFFSET(C16,-1,0)=0),A16<>"s",A16>OFFSET(B16,-1,0)),OFFSET(B16,-1,0),A16))))) -> 1 | D16: =IF(OR(C16="S",C16=0),0,IF(ISERROR(K16),J16,SMALL(J16:K16,1))) -> 17 | E16: =IF($C16=1,OFFSET(E16,-1,0)+MAX(1,COUNTIF(QCI!$A$13:$A$23,OFFSET(ORÇAMENTO!E16,-1,0))),OFFSET(E16,-1,0)) -> 1 | F16: =IF($C16=1,0,IF($C16=2,OFFSET(F16,-1,0)+1,OFFSET(F16,-1,0))) -> 0 | G16: =IF(AND($C16<=2,$C16<>0),0,IF($C16=3,OFFSET(G16,-1,0)+1,OFFSET(G16,-1,0))) -> 0 | H16: =IF(AND($C16<=3,$C16<>0),0,IF($C16=4,OFFSET(H16,-1,0)+1,OFFSET(H16,-1,0))) -> 0 | I16: =IF(AND($C16<=4,$C16<>0),0,IF(AND($C16="S",$X16>0),OFFSET(I16,-1,0)+1,OFFSET(I16,-1,0))) -> 0 | J16: =IF(OR($C16="S",$C16=0),0,MATCH(0,OFFSET($D16,1,$C16,ROW($C$33)-ROW($C16)),0)) -> 17 | K16: =IF(OR($C16="S",$C16=0),0,MATCH(OFFSET($D16,0,$C16)+IF($C16<>1,1,COUNTIF(QCI!$A$13:$A$23,ORÇAMENTO!E16)),OFFSET($D16,1,$C16,ROW($C$33)-ROW($C16)),0)) -> #N/A | L16: =IF(OR($X16>0,$C16=1,$C16=2,$C16=3,$C16=4),"F","") -> F | M16: Meta | N16: =CHOOSE(1+LOG(1+2*(C16=1)+4*(C16=2)+8*(C16=3)+16*(C16=4)+32*(C16="S"),2),"","Meta","Nível 2","Nível 3","Nível 4","Serviço") -> Meta | O16: =IF(OR($C16=0,$L16=""),"-",CONCATENATE(E16&".",IF(AND($A$5>=2,$C16>=2),F16&".",""),IF(AND($A$5>=3,$C16>=3),G16&".",""),IF(AND($A$5>=4,$C16>=4),H16&".",""),IF($C16="S",I16&".",""))) -> 1. | P16: SINAPI | R16: Adequação de Estradas Vicinais | S16: =REFERENCIA.Unidade -> - | T16: =OFFSET(CÁLCULO!H$15,ROW($T16)-ROW(T$15),0) -> 0 | V16: BDI 1 | W16: =IF($C16="S",ROUND(IF(TIPOORCAMENTO="Proposto",ORÇAMENTO.CustoUnitario*(1+$AH16),ORÇAMENTO.PrecoUnitarioLicitado),15-13*$AF$10),0) -> 0 | X16: =IF($C16="S",VTOTAL1,IF($C16=0,0,ROUND(SomaAgrup,15-13*$AF$11))) -> 501148.52 | Y16: RA | Z16: =IF(AND($C16="S",$X16>0),IF(ISBLANK($Y16),"RA",LEFT($Y16,2)),"") | AA16: =IF($C16="S",IF($Z16="CP",$X16,IF($Z16="RA",(($X16)*QCI!$AA$3),0)),SomaAgrup) -> 20044.516 | AB16: =IF($C16="S",IF($Z16="OU",ROUND($X16,2),0),SomaAgrup) -> 0 | AC16: =IF($N16="","",IF(ORÇAMENTO.Descricao="","DESCRIÇÃO",IF(AND($C16="S",ORÇAMENTO.Unidade=""),"UNIDADE",IF($X16<0,"VALOR NEGATIVO",IF(OR(AND(TIPOORCAMENTO="Proposto",$AG16<>"",$AG16>0,ORÇAMENTO.CustoUnitario>$AG16),AND(TIPOORCAMENTO="LICITADO",ORÇAMENTO.PrecoUnitarioLicitado>$AN16)),"ACIMA REF.",""))))) | AD16: =IF(C16<=CRONO.NivelExibicao,MAX($AD$15:OFFSET(AD16,-1,0))+IF($C16<>1,1,MAX(1,COUNTIF(QCI!$A$13:$A$23,OFFSET($E16,-1,0)))),"") -> 1 | AE16: =IF(AND($C16="S",ORÇAMENTO.CodBarra<>""),IF(ORÇAMENTO.Fonte="",ORÇAMENTO.CodBarra,CONCATENATE(ORÇAMENTO.Fonte," ",ORÇAMENTO.CodBarra))) -> FALSE | AF16: =IF(ISERROR(INDIRECT(ORÇAMENTO.BancoRef)),"(abra o arquivo 'Referência "&Excel_BuiltIn_Database&".xls)",IF(OR($C16<>"S",ORÇAMENTO.CodBarra=""),"(Sem Código)",IF(ISERROR(MATCH($AE16,INDIRECT(ORÇAMENTO.BancoRef),0)),"(Código não identificado nas referências)",MATCH($AE16,INDIRECT(ORÇAMENTO.BancoRef),0)))) -> (abra o arquivo 'Referência 11-2023.xls) | AG16: =ROUND(IF(DESONERACAO="sim",REFERENCIA.Desonerado,REFERENCIA.NaoDesonerado),2) -> 0 | AH16: =ROUND(IF(ISNUMBER(ORÇAMENTO.OpcaoBDI),ORÇAMENTO.OpcaoBDI,IF(LEFT(ORÇAMENTO.OpcaoBDI,3)="BDI",HLOOKUP(ORÇAMENTO.OpcaoBDI,$F$4:$H$5,2,FALSE),0)),15-11*$AF$9) -> 0.2073 | AM16: =$X16 -> 501148.52 | AN16: =ROUND(ORÇAMENTO.CustoUnitario*(1+$AH16),2) -> 0
A17: =CHOOSE(1+LOG(1+2*(ORÇAMENTO.Nivel="Meta")+4*(ORÇAMENTO.Nivel="Nível 2")+8*(ORÇAMENTO.Nivel="Nível 3")+16*(ORÇAMENTO.Nivel="Nível 4")+32*(ORÇAMENTO.Nivel="Serviço"),2),0,1,2,3,4,"S") -> 2 | B17: =IF(OR(C17="s",C17=0),OFFSET(B17,-1,0),C17) -> 2 | C17: =IF(OFFSET(C17,-1,0)="L",1,IF(OFFSET(C17,-1,0)=1,2,IF(OR(A17="s",A17=0),"S",IF(AND(OFFSET(C17,-1,0)=2,A17=4),3,IF(AND(OR(OFFSET(C17,-1,0)="s",OFFSET(C17,-1,0)=0),A17<>"s",A17>OFFSET(B17,-1,0)),OFFSET(B17,-1,0),A17))))) -> 2 | D17: =IF(OR(C17="S",C17=0),0,IF(ISERROR(K17),J17,SMALL(J17:K17,1))) -> 3 | E17: =IF($C17=1,OFFSET(E17,-1,0)+MAX(1,COUNTIF(QCI!$A$13:$A$23,OFFSET(ORÇAMENTO!E17,-1,0))),OFFSET(E17,-1,0)) -> 1 | F17: =IF($C17=1,0,IF($C17=2,OFFSET(F17,-1,0)+1,OFFSET(F17,-1,0))) -> 1 | G17: =IF(AND($C17<=2,$C17<>0),0,IF($C17=3,OFFSET(G17,-1,0)+1,OFFSET(G17,-1,0))) -> 0 | H17: =IF(AND($C17<=3,$C17<>0),0,IF($C17=4,OFFSET(H17,-1,0)+1,OFFSET(H17,-1,0))) -> 0 | I17: =IF(AND($C17<=4,$C17<>0),0,IF(AND($C17="S",$X17>0),OFFSET(I17,-1,0)+1,OFFSET(I17,-1,0))) -> 0 | J17: =IF(OR($C17="S",$C17=0),0,MATCH(0,OFFSET($D17,1,$C17,ROW($C$33)-ROW($C17)),0)) -> 16 | K17: =IF(OR($C17="S",$C17=0),0,MATCH(OFFSET($D17,0,$C17)+IF($C17<>1,1,COUNTIF(QCI!$A$13:$A$23,ORÇAMENTO!E17)),OFFSET($D17,1,$C17,ROW($C$33)-ROW($C17)),0)) -> 3 | L17: =IF(OR($X17>0,$C17=1,$C17=2,$C17=3,$C17=4),"F","") -> F | M17: Nível 2 | N17: =CHOOSE(1+LOG(1+2*(C17=1)+4*(C17=2)+8*(C17=3)+16*(C17=4)+32*(C17="S"),2),"","Meta","Nível 2","Nível 3","Nível 4","Serviço") -> Nível 2 | O17: =IF(OR($C17=0,$L17=""),"-",CONCATENATE(E17&".",IF(AND($A$5>=2,$C17>=2),F17&".",""),IF(AND($A$5>=3,$C17>=3),G17&".",""),IF(AND($A$5>=4,$C17>=4),H17&".",""),IF($C17="S",I17&".",""))) -> 1.1. | P17: SINAPI | R17: SERVIÇOS PRELIMINARES | S17: =REFERENCIA.Unidade -> - | T17: =OFFSET(CÁLCULO!H$15,ROW($T17)-ROW(T$15),0) -> 0 | V17: BDI 1 | W17: =IF($C17="S",ROUND(IF(TIPOORCAMENTO="Proposto",ORÇAMENTO.CustoUnitario*(1+$AH17),ORÇAMENTO.PrecoUnitarioLicitado),15-13*$AF$10),0) -> 0 | X17: =IF($C17="S",VTOTAL1,IF($C17=0,0,ROUND(SomaAgrup,15-13*$AF$11))) -> 6784.81 | Y17: RA | Z17: =IF(AND($C17="S",$X17>0),IF(ISBLANK($Y17),"RA",LEFT($Y17,2)),"") | AA17: =IF($C17="S",IF($Z17="CP",$X17,IF($Z17="RA",(($X17)*QCI!$AA$3),0)),SomaAgrup) -> 271.37311 | AB17: =IF($C17="S",IF($Z17="OU",ROUND($X17,2),0),SomaAgrup) -> 0 | AC17: =IF($N17="","",IF(ORÇAMENTO.Descricao="","DESCRIÇÃO",IF(AND($C17="S",ORÇAMENTO.Unidade=""),"UNIDADE",IF($X17<0,"VALOR NEGATIVO",IF(OR(AND(TIPOORCAMENTO="Proposto",$AG17<>"",$AG17>0,ORÇAMENTO.CustoUnitario>$AG17),AND(TIPOORCAMENTO="LICITADO",ORÇAMENTO.PrecoUnitarioLicitado>$AN17)),"ACIMA REF.",""))))) | AD17: =IF(C17<=CRONO.NivelExibicao,MAX($AD$15:OFFSET(AD17,-1,0))+IF($C17<>1,1,MAX(1,COUNTIF(QCI!$A$13:$A$23,OFFSET($E17,-1,0)))),"") -> 2 | AE17: =IF(AND($C17="S",ORÇAMENTO.CodBarra<>""),IF(ORÇAMENTO.Fonte="",ORÇAMENTO.CodBarra,CONCATENATE(ORÇAMENTO.Fonte," ",ORÇAMENTO.CodBarra))) -> FALSE | AF17: =IF(ISERROR(INDIRECT(ORÇAMENTO.BancoRef)),"(abra o arquivo 'Referência "&Excel_BuiltIn_Database&".xls)",IF(OR($C17<>"S",ORÇAMENTO.CodBarra=""),"(Sem Código)",IF(ISERROR(MATCH($AE17,INDIRECT(ORÇAMENTO.BancoRef),0)),"(Código não identificado nas referências)",MATCH($AE17,INDIRECT(ORÇAMENTO.BancoRef),0)))) -> (abra o arquivo 'Referência 11-2023.xls) | AG17: =ROUND(IF(DESONERACAO="sim",REFERENCIA.Desonerado,REFERENCIA.NaoDesonerado),2) -> 0 | AH17: =ROUND(IF(ISNUMBER(ORÇAMENTO.OpcaoBDI),ORÇAMENTO.OpcaoBDI,IF(LEFT(ORÇAMENTO.OpcaoBDI,3)="BDI",HLOOKUP(ORÇAMENTO.OpcaoBDI,$F$4:$H$5,2,FALSE),0)),15-11*$AF$9) -> 0.2073 | AM17: =$X17 -> 6784.81 | AN17: =ROUND(ORÇAMENTO.CustoUnitario*(1+$AH17),2) -> 0
A18: =CHOOSE(1+LOG(1+2*(ORÇAMENTO.Nivel="Meta")+4*(ORÇAMENTO.Nivel="Nível 2")+8*(ORÇAMENTO.Nivel="Nível 3")+16*(ORÇAMENTO.Nivel="Nível 4")+32*(ORÇAMENTO.Nivel="Serviço"),2),0,1,2,3,4,"S") -> S | B18: =IF(OR(C18="s",C18=0),OFFSET(B18,-1,0),C18) -> 2 | C18: =IF(OFFSET(C18,-1,0)="L",1,IF(OFFSET(C18,-1,0)=1,2,IF(OR(A18="s",A18=0),"S",IF(AND(OFFSET(C18,-1,0)=2,A18=4),3,IF(AND(OR(OFFSET(C18,-1,0)="s",OFFSET(C18,-1,0)=0),A18<>"s",A18>OFFSET(B18,-1,0)),OFFSET(B18,-1,0),A18))))) -> S | D18: =IF(OR(C18="S",C18=0),0,IF(ISERROR(K18),J18,SMALL(J18:K18,1))) -> 0 | E18: =IF($C18=1,OFFSET(E18,-1,0)+MAX(1,COUNTIF(QCI!$A$13:$A$23,OFFSET(ORÇAMENTO!E18,-1,0))),OFFSET(E18,-1,0)) -> 1 | F18: =IF($C18=1,0,IF($C18=2,OFFSET(F18,-1,0)+1,OFFSET(F18,-1,0))) -> 1 | G18: =IF(AND($C18<=2,$C18<>0),0,IF($C18=3,OFFSET(G18,-1,0)+1,OFFSET(G18,-1,0))) -> 0 | H18: =IF(AND($C18<=3,$C18<>0),0,IF($C18=4,OFFSET(H18,-1,0)+1,OFFSET(H18,-1,0))) -> 0 | I18: =IF(AND($C18<=4,$C18<>0),0,IF(AND($C18="S",$X18>0),OFFSET(I18,-1,0)+1,OFFSET(I18,-1,0))) -> 1 | J18: =IF(OR($C18="S",$C18=0),0,MATCH(0,OFFSET($D18,1,$C18,ROW($C$33)-ROW($C18)),0)) -> 0 | K18: =IF(OR($C18="S",$C18=0),0,MATCH(OFFSET($D18,0,$C18)+IF($C18<>1,1,COUNTIF(QCI!$A$13:$A$23,ORÇAMENTO!E18)),OFFSET($D18,1,$C18,ROW($C$33)-ROW($C18)),0)) -> 0 | L18: =IF(OR($X18>0,$C18=1,$C18=2,$C18=3,$C18=4),"F","") -> F | M18: Serviço | N18: =CHOOSE(1+LOG(1+2*(C18=1)+4*(C18=2)+8*(C18=3)+16*(C18=4)+32*(C18="S"),2),"","Meta","Nível 2","Nível 3","Nível 4","Serviço") -> Serviço | O18: =IF(OR($C18=0,$L18=""),"-",CONCATENATE(E18&".",IF(AND($A$5>=2,$C18>=2),F18&".",""),IF(AND($A$5>=3,$C18>=3),G18&".",""),IF(AND($A$5>=4,$C18>=4),H18&".",""),IF($C18="S",I18&".",""))) -> 1.1.1. | P18: SINAPI | Q18: 103689 | R18: =IF($C18="S",REFERENCIA.Descricao,"(digite a descrição aqui)") -> (abra o arquivo 'Referência 11-2023.xls) | S18: =REFERENCIA.Unidade -> - | T18: =OFFSET(CÁLCULO!H$15,ROW($T18)-ROW(T$15),0) -> 4.5 | U18: =1671.89/4.5/1.2073 -> 307.73719 | V18: BDI 1 | W18: =IF($C18="S",ROUND(IF(TIPOORCAMENTO="Proposto",ORÇAMENTO.CustoUnitario*(1+$AH18),ORÇAMENTO.PrecoUnitarioLicitado),15-13*$AF$10),0) -> 371.53111 | X18: =IF($C18="S",VTOTAL1,IF($C18=0,0,ROUND(SomaAgrup,15-13*$AF$11))) -> 1671.89 | Y18: RA | Z18: =IF(AND($C18="S",$X18>0),IF(ISBLANK($Y18),"RA",LEFT($Y18,2)),"") -> RA | AA18: =IF($C18="S",IF($Z18="CP",$X18,IF($Z18="RA",(($X18)*QCI!$AA$3),0)),SomaAgrup) -> 66.870846 | AB18: =IF($C18="S",IF($Z18="OU",ROUND($X18,2),0),SomaAgrup) -> 0 | AC18: =IF($N18="","",IF(ORÇAMENTO.Descricao="","DESCRIÇÃO",IF(AND($C18="S",ORÇAMENTO.Unidade=""),"UNIDADE",IF($X18<0,"VALOR NEGATIVO",IF(OR(AND(TIPOORCAMENTO="Proposto",$AG18<>"",$AG18>0,ORÇAMENTO.CustoUnitario>$AG18),AND(TIPOORCAMENTO="LICITADO",ORÇAMENTO.PrecoUnitarioLicitado>$AN18)),"ACIMA REF.",""))))) | AD18: =IF(C18<=CRONO.NivelExibicao,MAX($AD$15:OFFSET(AD18,-1,0))+IF($C18<>1,1,MAX(1,COUNTIF(QCI!$A$13:$A$23,OFFSET($E18,-1,0)))),"") | AE18: =IF(AND($C18="S",ORÇAMENTO.CodBarra<>""),IF(ORÇAMENTO.Fonte="",ORÇAMENTO.CodBarra,CONCATENATE(ORÇAMENTO.Fonte," ",ORÇAMENTO.CodBarra))) -> SINAPI 103689 | AF18: =IF(ISERROR(INDIRECT(ORÇAMENTO.BancoRef)),"(abra o arquivo 'Referência "&Excel_BuiltIn_Database&".xls)",IF(OR($C18<>"S",ORÇAMENTO.CodBarra=""),"(Sem Código)",IF(ISERROR(MATCH($AE18,INDIRECT(ORÇAMENTO.BancoRef),0)),"(Código não identificado nas referências)",MATCH($AE18,INDIRECT(ORÇAMENTO.BancoRef),0)))) -> (abra o arquivo 'Referência 11-2023.xls) | AG18: =ROUND(IF(DESONERACAO="sim",REFERENCIA.Desonerado,REFERENCIA.NaoDesonerado),2) -> 0 | AH18: =ROUND(IF(ISNUMBER(ORÇAMENTO.OpcaoBDI),ORÇAMENTO.OpcaoBDI,IF(LEFT(ORÇAMENTO.OpcaoBDI,3)="BDI",HLOOKUP(ORÇAMENTO.OpcaoBDI,$F$4:$H$5,2,FALSE),0)),15-11*$AF$9) -> 0.2073 | AL18: 313.74 | AM18: =$X18 -> 1671.89 | AN18: =ROUND(ORÇAMENTO.CustoUnitario*(1+$AH18),2) -> 371.53
A19: =CHOOSE(1+LOG(1+2*(ORÇAMENTO.Nivel="Meta")+4*(ORÇAMENTO.Nivel="Nível 2")+8*(ORÇAMENTO.Nivel="Nível 3")+16*(ORÇAMENTO.Nivel="Nível 4")+32*(ORÇAMENTO.Nivel="Serviço"),2),0,1,2,3,4,"S") -> S | B19: =IF(OR(C19="s",C19=0),OFFSET(B19,-1,0),C19) -> 2 | C19: =IF(OFFSET(C19,-1,0)="L",1,IF(OFFSET(C19,-1,0)=1,2,IF(OR(A19="s",A19=0),"S",IF(AND(OFFSET(C19,-1,0)=2,A19=4),3,IF(AND(OR(OFFSET(C19,-1,0)="s",OFFSET(C19,-1,0)=0),A19<>"s",A19>OFFSET(B19,-1,0)),OFFSET(B19,-1,0),A19))))) -> S | D19: =IF(OR(C19="S",C19=0),0,IF(ISERROR(K19),J19,SMALL(J19:K19,1))) -> 0 | E19: =IF($C19=1,OFFSET(E19,-1,0)+MAX(1,COUNTIF(QCI!$A$13:$A$23,OFFSET(ORÇAMENTO!E19,-1,0))),OFFSET(E19,-1,0)) -> 1 | F19: =IF($C19=1,0,IF($C19=2,OFFSET(F19,-1,0)+1,OFFSET(F19,-1,0))) -> 1 | G19: =IF(AND($C19<=2,$C19<>0),0,IF($C19=3,OFFSET(G19,-1,0)+1,OFFSET(G19,-1,0))) -> 0 | H19: =IF(AND($C19<=3,$C19<>0),0,IF($C19=4,OFFSET(H19,-1,0)+1,OFFSET(H19,-1,0))) -> 0 | I19: =IF(AND($C19<=4,$C19<>0),0,IF(AND($C19="S",$X19>0),OFFSET(I19,-1,0)+1,OFFSET(I19,-1,0))) -> 2 | J19: =IF(OR($C19="S",$C19=0),0,MATCH(0,OFFSET($D19,1,$C19,ROW($C$33)-ROW($C19)),0)) -> 0 | K19: =IF(OR($C19="S",$C19=0),0,MATCH(OFFSET($D19,0,$C19)+IF($C19<>1,1,COUNTIF(QCI!$A$13:$A$23,ORÇAMENTO!E19)),OFFSET($D19,1,$C19,ROW($C$33)-ROW($C19)),0)) -> 0 | L19: =IF(OR($X19>0,$C19=1,$C19=2,$C19=3,$C19=4),"F","") -> F | M19: Serviço | N19: =CHOOSE(1+LOG(1+2*(C19=1)+4*(C19=2)+8*(C19=3)+16*(C19=4)+32*(C19="S"),2),"","Meta","Nível 2","Nível 3","Nível 4","Serviço") -> Serviço | O19: =IF(OR($C19=0,$L19=""),"-",CONCATENATE(E19&".",IF(AND($A$5>=2,$C19>=2),F19&".",""),IF(AND($A$5>=3,$C19>=3),G19&".",""),IF(AND($A$5>=4,$C19>=4),H19&".",""),IF($C19="S",I19&".",""))) -> 1.1.2. | P19: SICRO | Q19: 4011209 | R19: Regularização do subleito | S19: M2 | T19: =OFFSET(CÁLCULO!H$15,ROW($T19)-ROW(T$15),0) -> 3759.5 | U19: =5112.92/3759.5/1.2073 -> 1.1264806 | V19: BDI 1 | W19: =IF($C19="S",ROUND(IF(TIPOORCAMENTO="Proposto",ORÇAMENTO.CustoUnitario*(1+$AH19),ORÇAMENTO.PrecoUnitarioLicitado),15-13*$AF$10),0) -> 1.36 | X19: =IF($C19="S",VTOTAL1,IF($C19=0,0,ROUND(SomaAgrup,15-13*$AF$11))) -> 5112.92 | Y19: RA | Z19: =IF(AND($C19="S",$X19>0),IF(ISBLANK($Y19),"RA",LEFT($Y19,2)),"") -> RA | AA19: =IF($C19="S",IF($Z19="CP",$X19,IF($Z19="RA",(($X19)*QCI!$AA$3),0)),SomaAgrup) -> 204.50226 | AB19: =IF($C19="S",IF($Z19="OU",ROUND($X19,2),0),SomaAgrup) -> 0 | AC19: =IF($N19="","",IF(ORÇAMENTO.Descricao="","DESCRIÇÃO",IF(AND($C19="S",ORÇAMENTO.Unidade=""),"UNIDADE",IF($X19<0,"VALOR NEGATIVO",IF(OR(AND(TIPOORCAMENTO="Proposto",$AG19<>"",$AG19>0,ORÇAMENTO.CustoUnitario>$AG19),AND(TIPOORCAMENTO="LICITADO",ORÇAMENTO.PrecoUnitarioLicitado>$AN19)),"ACIMA REF.",""))))) | AD19: =IF(C19<=CRONO.NivelExibicao,MAX($AD$15:OFFSET(AD19,-1,0))+IF($C19<>1,1,MAX(1,COUNTIF(QCI!$A$13:$A$23,OFFSET($E19,-1,0)))),"") | AE19: =IF(AND($C19="S",ORÇAMENTO.CodBarra<>""),IF(ORÇAMENTO.Fonte="",ORÇAMENTO.CodBarra,CONCATENATE(ORÇAMENTO.Fonte," ",ORÇAMENTO.CodBarra))) -> SICRO 4011209 | AF19: =IF(ISERROR(INDIRECT(ORÇAMENTO.BancoRef)),"(abra o arquivo 'Referência "&Excel_BuiltIn_Database&".xls)",IF(OR($C19<>"S",ORÇAMENTO.CodBarra=""),"(Sem Código)",IF(ISERROR(MATCH($AE19,INDIRECT(ORÇAMENTO.BancoRef),0)),"(Código não identificado nas referências)",MATCH($AE19,INDIRECT(ORÇAMENTO.BancoRef),0)))) -> (abra o arquivo 'Referência 11-2023.xls) | AG19: =ROUND(IF(DESONERACAO="sim",REFERENCIA.Desonerado,REFERENCIA.NaoDesonerado),2) -> 0 | AH19: =ROUND(IF(ISNUMBER(ORÇAMENTO.OpcaoBDI),ORÇAMENTO.OpcaoBDI,IF(LEFT(ORÇAMENTO.OpcaoBDI,3)="BDI",HLOOKUP(ORÇAMENTO.OpcaoBDI,$F$4:$H$5,2,FALSE),0)),15-11*$AF$9) -> 0.2073 | AM19: =$X19 -> 5112.92 | AN19: =ROUND(ORÇAMENTO.CustoUnitario*(1+$AH19),2) -> 1.36
A20: =CHOOSE(1+LOG(1+2*(ORÇAMENTO.Nivel="Meta")+4*(ORÇAMENTO.Nivel="Nível 2")+8*(ORÇAMENTO.Nivel="Nível 3")+16*(ORÇAMENTO.Nivel="Nível 4")+32*(ORÇAMENTO.Nivel="Serviço"),2),0,1,2,3,4,"S") -> 2 | B20: =IF(OR(C20="s",C20=0),OFFSET(B20,-1,0),C20) -> 2 | C20: =IF(OFFSET(C20,-1,0)="L",1,IF(OFFSET(C20,-1,0)=1,2,IF(OR(A20="s",A20=0),"S",IF(AND(OFFSET(C20,-1,0)=2,A20=4),3,IF(AND(OR(OFFSET(C20,-1,0)="s",OFFSET(C20,-1,0)=0),A20<>"s",A20>OFFSET(B20,-1,0)),OFFSET(B20,-1,0),A20))))) -> 2 | D20: =IF(OR(C20="S",C20=0),0,IF(ISERROR(K20),J20,SMALL(J20:K20,1))) -> 2 | E20: =IF($C20=1,OFFSET(E20,-1,0)+MAX(1,COUNTIF(QCI!$A$13:$A$23,OFFSET(ORÇAMENTO!E20,-1,0))),OFFSET(E20,-1,0)) -> 1 | F20: =IF($C20=1,0,IF($C20=2,OFFSET(F20,-1,0)+1,OFFSET(F20,-1,0))) -> 2 | G20: =IF(AND($C20<=2,$C20<>0),0,IF($C20=3,OFFSET(G20,-1,0)+1,OFFSET(G20,-1,0))) -> 0 | H20: =IF(AND($C20<=3,$C20<>0),0,IF($C20=4,OFFSET(H20,-1,0)+1,OFFSET(H20,-1,0))) -> 0 | I20: =IF(AND($C20<=4,$C20<>0),0,IF(AND($C20="S",$X20>0),OFFSET(I20,-1,0)+1,OFFSET(I20,-1,0))) -> 0 | J20: =IF(OR($C20="S",$C20=0),0,MATCH(0,OFFSET($D20,1,$C20,ROW($C$33)-ROW($C20)),0)) -> 13 | K20: =IF(OR($C20="S",$C20=0),0,MATCH(OFFSET($D20,0,$C20)+IF($C20<>1,1,COUNTIF(QCI!$A$13:$A$23,ORÇAMENTO!E20)),OFFSET($D20,1,$C20,ROW($C$33)-ROW($C20)),0)) -> 2 | L20: =IF(OR($X20>0,$C20=1,$C20=2,$C20=3,$C20=4),"F","") -> F | M20: Nível 2 | N20: =CHOOSE(1+LOG(1+2*(C20=1)+4*(C20=2)+8*(C20=3)+16*(C20=4)+32*(C20="S"),2),"","Meta","Nível 2","Nível 3","Nível 4","Serviço") -> Nível 2 | O20: =IF(OR($C20=0,$L20=""),"-",CONCATENATE(E20&".",IF(AND($A$5>=2,$C20>=2),F20&".",""),IF(AND($A$5>=3,$C20>=3),G20&".",""),IF(AND($A$5>=4,$C20>=4),H20&".",""),IF($C20="S",I20&".",""))) -> 1.2. | P20: SINAPI | R20: ADMINISTRAÇÃO LOCAL | S20: =REFERENCIA.Unidade -> - | T20: =OFFSET(CÁLCULO!H$15,ROW($T20)-ROW(T$15),0) -> 0 | V20: BDI 1 | W20: =IF($C20="S",ROUND(IF(TIPOORCAMENTO="Proposto",ORÇAMENTO.CustoUnitario*(1+$AH20),ORÇAMENTO.PrecoUnitarioLicitado),15-13*$AF$10),0) -> 0 | X20: =IF($C20="S",VTOTAL1,IF($C20=0,0,ROUND(SomaAgrup,15-13*$AF$11))) -> 11619.186 | Y20: RA | Z20: =IF(AND($C20="S",$X20>0),IF(ISBLANK($Y20),"RA",LEFT($Y20,2)),"") | AA20: =IF($C20="S",IF($Z20="CP",$X20,IF($Z20="RA",(($X20)*QCI!$AA$3),0)),SomaAgrup) -> 464.73438 | AB20: =IF($C20="S",IF($Z20="OU",ROUND($X20,2),0),SomaAgrup) -> 0 | AC20: =IF($N20="","",IF(ORÇAMENTO.Descricao="","DESCRIÇÃO",IF(AND($C20="S",ORÇAMENTO.Unidade=""),"UNIDADE",IF($X20<0,"VALOR NEGATIVO",IF(OR(AND(TIPOORCAMENTO="Proposto",$AG20<>"",$AG20>0,ORÇAMENTO.CustoUnitario>$AG20),AND(TIPOORCAMENTO="LICITADO",ORÇAMENTO.PrecoUnitarioLicitado>$AN20)),"ACIMA REF.",""))))) | AD20: =IF(C20<=CRONO.NivelExibicao,MAX($AD$15:OFFSET(AD20,-1,0))+IF($C20<>1,1,MAX(1,COUNTIF(QCI!$A$13:$A$23,OFFSET($E20,-1,0)))),"") -> 3 | AE20: =IF(AND($C20="S",ORÇAMENTO.CodBarra<>""),IF(ORÇAMENTO.Fonte="",ORÇAMENTO.CodBarra,CONCATENATE(ORÇAMENTO.Fonte," ",ORÇAMENTO.CodBarra))) -> FALSE | AF20: =IF(ISERROR(INDIRECT(ORÇAMENTO.BancoRef)),"(abra o arquivo 'Referência "&Excel_BuiltIn_Database&".xls)",IF(OR($C20<>"S",ORÇAMENTO.CodBarra=""),"(Sem Código)",IF(ISERROR(MATCH($AE20,INDIRECT(ORÇAMENTO.BancoRef),0)),"(Código não identificado nas referências)",MATCH($AE20,INDIRECT(ORÇAMENTO.BancoRef),0)))) -> (abra o arquivo 'Referência 11-2023.xls) | AG20: =ROUND(IF(DESONERACAO="sim",REFERENCIA.Desonerado,REFERENCIA.NaoDesonerado),2) -> 0 | AH20: =ROUND(IF(ISNUMBER(ORÇAMENTO.OpcaoBDI),ORÇAMENTO.OpcaoBDI,IF(LEFT(ORÇAMENTO.OpcaoBDI,3)="BDI",HLOOKUP(ORÇAMENTO.OpcaoBDI,$F$4:$H$5,2,FALSE),0)),15-11*$AF$9) -> 0.2073 | AM20: =$X20 -> 11619.186 | AN20: =ROUND(ORÇAMENTO.CustoUnitario*(1+$AH20),2) -> 0
A21: =CHOOSE(1+LOG(1+2*(ORÇAMENTO.Nivel="Meta")+4*(ORÇAMENTO.Nivel="Nível 2")+8*(ORÇAMENTO.Nivel="Nível 3")+16*(ORÇAMENTO.Nivel="Nível 4")+32*(ORÇAMENTO.Nivel="Serviço"),2),0,1,2,3,4,"S") -> S | B21: =IF(OR(C21="s",C21=0),OFFSET(B21,-1,0),C21) -> 2 | C21: =IF(OFFSET(C21,-1,0)="L",1,IF(OFFSET(C21,-1,0)=1,2,IF(OR(A21="s",A21=0),"S",IF(AND(OFFSET(C21,-1,0)=2,A21=4),3,IF(AND(OR(OFFSET(C21,-1,0)="s",OFFSET(C21,-1,0)=0),A21<>"s",A21>OFFSET(B21,-1,0)),OFFSET(B21,-1,0),A21))))) -> S | D21: =IF(OR(C21="S",C21=0),0,IF(ISERROR(K21),J21,SMALL(J21:K21,1))) -> 0 | E21: =IF($C21=1,OFFSET(E21,-1,0)+MAX(1,COUNTIF(QCI!$A$13:$A$23,OFFSET(ORÇAMENTO!E21,-1,0))),OFFSET(E21,-1,0)) -> 1 | F21: =IF($C21=1,0,IF($C21=2,OFFSET(F21,-1,0)+1,OFFSET(F21,-1,0))) -> 2 | G21: =IF(AND($C21<=2,$C21<>0),0,IF($C21=3,OFFSET(G21,-1,0)+1,OFFSET(G21,-1,0))) -> 0 | H21: =IF(AND($C21<=3,$C21<>0),0,IF($C21=4,OFFSET(H21,-1,0)+1,OFFSET(H21,-1,0))) -> 0 | I21: =IF(AND($C21<=4,$C21<>0),0,IF(AND($C21="S",$X21>0),OFFSET(I21,-1,0)+1,OFFSET(I21,-1,0))) -> 1 | J21: =IF(OR($C21="S",$C21=0),0,MATCH(0,OFFSET($D21,1,$C21,ROW($C$33)-ROW($C21)),0)) -> 0 | K21: =IF(OR($C21="S",$C21=0),0,MATCH(OFFSET($D21,0,$C21)+IF($C21<>1,1,COUNTIF(QCI!$A$13:$A$23,ORÇAMENTO!E21)),OFFSET($D21,1,$C21,ROW($C$33)-ROW($C21)),0)) -> 0 | L21: =IF(OR($X21>0,$C21=1,$C21=2,$C21=3,$C21=4),"F","") -> F | M21: Serviço | N21: =CHOOSE(1+LOG(1+2*(C21=1)+4*(C21=2)+8*(C21=3)+16*(C21=4)+32*(C21="S"),2),"","Meta","Nível 2","Nível 3","Nível 4","Serviço") -> Serviço | O21: =IF(OR($C21=0,$L21=""),"-",CONCATENATE(E21&".",IF(AND($A$5>=2,$C21>=2),F21&".",""),IF(AND($A$5>=3,$C21>=3),G21&".",""),IF(AND($A$5>=4,$C21>=4),H21&".",""),IF($C21="S",I21&".",""))) -> 1.2.1. | P21: Composição | Q21: 001 | R21: ADMINISTRAÇÃO LOCAL | S21: mês | T21: =OFFSET(CÁLCULO!H$15,ROW($T21)-ROW(T$15),0) -> 0.68 | U21: 14153.1 | V21: BDI 1 | W21: =IF($C21="S",ROUND(IF(TIPOORCAMENTO="Proposto",ORÇAMENTO.CustoUnitario*(1+$AH21),ORÇAMENTO.PrecoUnitarioLicitado),15-13*$AF$10),0) -> 17087.038 | X21: =IF($C21="S",VTOTAL1,IF($C21=0,0,ROUND(SomaAgrup,15-13*$AF$11))) -> 11619.186 | Y21: RA | Z21: =IF(AND($C21="S",$X21>0),IF(ISBLANK($Y21),"RA",LEFT($Y21,2)),"") -> RA | AA21: =IF($C21="S",IF($Z21="CP",$X21,IF($Z21="RA",(($X21)*QCI!$AA$3),0)),SomaAgrup) -> 464.73438 | AB21: =IF($C21="S",IF($Z21="OU",ROUND($X21,2),0),SomaAgrup) -> 0 | AC21: =IF($N21="","",IF(ORÇAMENTO.Descricao="","DESCRIÇÃO",IF(AND($C21="S",ORÇAMENTO.Unidade=""),"UNIDADE",IF($X21<0,"VALOR NEGATIVO",IF(OR(AND(TIPOORCAMENTO="Proposto",$AG21<>"",$AG21>0,ORÇAMENTO.CustoUnitario>$AG21),AND(TIPOORCAMENTO="LICITADO",ORÇAMENTO.PrecoUnitarioLicitado>$AN21)),"ACIMA REF.",""))))) | AD21: =IF(C21<=CRONO.NivelExibicao,MAX($AD$15:OFFSET(AD21,-1,0))+IF($C21<>1,1,MAX(1,COUNTIF(QCI!$A$13:$A$23,OFFSET($E21,-1,0)))),"") | AE21: =IF(AND($C21="S",ORÇAMENTO.CodBarra<>""),IF(ORÇAMENTO.Fonte="",ORÇAMENTO.CodBarra,CONCATENATE(ORÇAMENTO.Fonte," ",ORÇAMENTO.CodBarra))) -> Composição 001 | AF21: =IF(ISERROR(INDIRECT(ORÇAMENTO.BancoRef)),"(abra o arquivo 'Referência "&Excel_BuiltIn_Database&".xls)",IF(OR($C21<>"S",ORÇAMENTO.CodBarra=""),"(Sem Código)",IF(ISERROR(MATCH($AE21,INDIRECT(ORÇAMENTO.BancoRef),0)),"(Código não identificado nas referências)",MATCH($AE21,INDIRECT(ORÇAMENTO.BancoRef),0)))) -> (abra o arquivo 'Referência 11-2023.xls) | AG21: =ROUND(IF(DESONERACAO="sim",REFERENCIA.Desonerado,REFERENCIA.NaoDesonerado),2) -> 0 | AH21: =ROUND(IF(ISNUMBER(ORÇAMENTO.OpcaoBDI),ORÇAMENTO.OpcaoBDI,IF(LEFT(ORÇAMENTO.OpcaoBDI,3)="BDI",HLOOKUP(ORÇAMENTO.OpcaoBDI,$F$4:$H$5,2,FALSE),0)),15-11*$AF$9) -> 0.2073 | AM21: =$X21 -> 11619.186 | AN21: =ROUND(ORÇAMENTO.CustoUnitario*(1+$AH21),2) -> 17087.04
A22: =CHOOSE(1+LOG(1+2*(ORÇAMENTO.Nivel="Meta")+4*(ORÇAMENTO.Nivel="Nível 2")+8*(ORÇAMENTO.Nivel="Nível 3")+16*(ORÇAMENTO.Nivel="Nível 4")+32*(ORÇAMENTO.Nivel="Serviço"),2),0,1,2,3,4,"S") -> 2 | B22: =IF(OR(C22="s",C22=0),OFFSET(B22,-1,0),C22) -> 2 | C22: =IF(OFFSET(C22,-1,0)="L",1,IF(OFFSET(C22,-1,0)=1,2,IF(OR(A22="s",A22=0),"S",IF(AND(OFFSET(C22,-1,0)=2,A22=4),3,IF(AND(OR(OFFSET(C22,-1,0)="s",OFFSET(C22,-1,0)=0),A22<>"s",A22>OFFSET(B22,-1,0)),OFFSET(B22,-1,0),A22))))) -> 2 | D22: =IF(OR(C22="S",C22=0),0,IF(ISERROR(K22),J22,SMALL(J22:K22,1))) -> 3 | E22: =IF($C22=1,OFFSET(E22,-1,0)+MAX(1,COUNTIF(QCI!$A$13:$A$23,OFFSET(ORÇAMENTO!E22,-1,0))),OFFSET(E22,-1,0)) -> 1 | F22: =IF($C22=1,0,IF($C22=2,OFFSET(F22,-1,0)+1,OFFSET(F22,-1,0))) -> 3 | G22: =IF(AND($C22<=2,$C22<>0),0,IF($C22=3,OFFSET(G22,-1,0)+1,OFFSET(G22,-1,0))) -> 0 | H22: =IF(AND($C22<=3,$C22<>0),0,IF($C22=4,OFFSET(H22,-1,0)+1,OFFSET(H22,-1,0))) -> 0 | I22: =IF(AND($C22<=4,$C22<>0),0,IF(AND($C22="S",$X22>0),OFFSET(I22,-1,0)+1,OFFSET(I22,-1,0))) -> 0 | J22: =IF(OR($C22="S",$C22=0),0,MATCH(0,OFFSET($D22,1,$C22,ROW($C$33)-ROW($C22)),0)) -> 11 | K22: =IF(OR($C22="S",$C22=0),0,MATCH(OFFSET($D22,0,$C22)+IF($C22<>1,1,COUNTIF(QCI!$A$13:$A$23,ORÇAMENTO!E22)),OFFSET($D22,1,$C22,ROW($C$33)-ROW($C22)),0)) -> 3 | L22: =IF(OR($X22>0,$C22=1,$C22=2,$C22=3,$C22=4),"F","") -> F | M22: Nível 2 | N22: =CHOOSE(1+LOG(1+2*(C22=1)+4*(C22=2)+8*(C22=3)+16*(C22=4)+32*(C22="S"),2),"","Meta","Nível 2","Nível 3","Nível 4","Serviço") -> Nível 2 | O22: =IF(OR($C22=0,$L22=""),"-",CONCATENATE(E22&".",IF(AND($A$5>=2,$C22>=2),F22&".",""),IF(AND($A$5>=3,$C22>=3),G22&".",""),IF(AND($A$5>=4,$C22>=4),H22&".",""),IF($C22="S",I22&".",""))) -> 1.3. | P22: SINAPI | R22: PAVIMENTAÇÃO DE VIAS | S22: =REFERENCIA.Unidade -> - | T22: =OFFSET(CÁLCULO!H$15,ROW($T22)-ROW(T$15),0) -> 0 | V22: BDI 1 | W22: =IF($C22="S",ROUND(IF(TIPOORCAMENTO="Proposto",ORÇAMENTO.CustoUnitario*(1+$AH22),ORÇAMENTO.PrecoUnitarioLicitado),15-13*$AF$10),0) -> 0 | X22: =IF($C22="S",VTOTAL1,IF($C22=0,0,ROUND(SomaAgrup,15-13*$AF$11))) -> 336383.73 | Y22: RA | Z22: =IF(AND($C22="S",$X22>0),IF(ISBLANK($Y22),"RA",LEFT($Y22,2)),"") | AA22: =IF($C22="S",IF($Z22="CP",$X22,IF($Z22="RA",(($X22)*QCI!$AA$3),0)),SomaAgrup) -> 13454.393 | AB22: =IF($C22="S",IF($Z22="OU",ROUND($X22,2),0),SomaAgrup) -> 0 | AC22: =IF($N22="","",IF(ORÇAMENTO.Descricao="","DESCRIÇÃO",IF(AND($C22="S",ORÇAMENTO.Unidade=""),"UNIDADE",IF($X22<0,"VALOR NEGATIVO",IF(OR(AND(TIPOORCAMENTO="Proposto",$AG22<>"",$AG22>0,ORÇAMENTO.CustoUnitario>$AG22),AND(TIPOORCAMENTO="LICITADO",ORÇAMENTO.PrecoUnitarioLicitado>$AN22)),"ACIMA REF.",""))))) | AD22: =IF(C22<=CRONO.NivelExibicao,MAX($AD$15:OFFSET(AD22,-1,0))+IF($C22<>1,1,MAX(1,COUNTIF(QCI!$A$13:$A$23,OFFSET($E22,-1,0)))),"") -> 4 | AE22: =IF(AND($C22="S",ORÇAMENTO.CodBarra<>""),IF(ORÇAMENTO.Fonte="",ORÇAMENTO.CodBarra,CONCATENATE(ORÇAMENTO.Fonte," ",ORÇAMENTO.CodBarra))) -> FALSE | AF22: =IF(ISERROR(INDIRECT(ORÇAMENTO.BancoRef)),"(abra o arquivo 'Referência "&Excel_BuiltIn_Database&".xls)",IF(OR($C22<>"S",ORÇAMENTO.CodBarra=""),"(Sem Código)",IF(ISERROR(MATCH($AE22,INDIRECT(ORÇAMENTO.BancoRef),0)),"(Código não identificado nas referências)",MATCH($AE22,INDIRECT(ORÇAMENTO.BancoRef),0)))) -> (abra o arquivo 'Referência 11-2023.xls) | AG22: =ROUND(IF(DESONERACAO="sim",REFERENCIA.Desonerado,REFERENCIA.NaoDesonerado),2) -> 0 | AH22: =ROUND(IF(ISNUMBER(ORÇAMENTO.OpcaoBDI),ORÇAMENTO.OpcaoBDI,IF(LEFT(ORÇAMENTO.OpcaoBDI,3)="BDI",HLOOKUP(ORÇAMENTO.OpcaoBDI,$F$4:$H$5,2,FALSE),0)),15-11*$AF$9) -> 0.2073 | AM22: =$X22 -> 336383.73 | AN22: =ROUND(ORÇAMENTO.CustoUnitario*(1+$AH22),2) -> 0
A23: =CHOOSE(1+LOG(1+2*(ORÇAMENTO.Nivel="Meta")+4*(ORÇAMENTO.Nivel="Nível 2")+8*(ORÇAMENTO.Nivel="Nível 3")+16*(ORÇAMENTO.Nivel="Nível 4")+32*(ORÇAMENTO.Nivel="Serviço"),2),0,1,2,3,4,"S") -> S | B23: =IF(OR(C23="s",C23=0),OFFSET(B23,-1,0),C23) -> 2 | C23: =IF(OFFSET(C23,-1,0)="L",1,IF(OFFSET(C23,-1,0)=1,2,IF(OR(A23="s",A23=0),"S",IF(AND(OFFSET(C23,-1,0)=2,A23=4),3,IF(AND(OR(OFFSET(C23,-1,0)="s",OFFSET(C23,-1,0)=0),A23<>"s",A23>OFFSET(B23,-1,0)),OFFSET(B23,-1,0),A23))))) -> S | D23: =IF(OR(C23="S",C23=0),0,IF(ISERROR(K23),J23,SMALL(J23:K23,1))) -> 0 | E23: =IF($C23=1,OFFSET(E23,-1,0)+MAX(1,COUNTIF(QCI!$A$13:$A$23,OFFSET(ORÇAMENTO!E23,-1,0))),OFFSET(E23,-1,0)) -> 1 | F23: =IF($C23=1,0,IF($C23=2,OFFSET(F23,-1,0)+1,OFFSET(F23,-1,0))) -> 3 | G23: =IF(AND($C23<=2,$C23<>0),0,IF($C23=3,OFFSET(G23,-1,0)+1,OFFSET(G23,-1,0))) -> 0 | H23: =IF(AND($C23<=3,$C23<>0),0,IF($C23=4,OFFSET(H23,-1,0)+1,OFFSET(H23,-1,0))) -> 0 | I23: =IF(AND($C23<=4,$C23<>0),0,IF(AND($C23="S",$X23>0),OFFSET(I23,-1,0)+1,OFFSET(I23,-1,0))) -> 1 | J23: =IF(OR($C23="S",$C23=0),0,MATCH(0,OFFSET($D23,1,$C23,ROW($C$33)-ROW($C23)),0)) -> 0 | K23: =IF(OR($C23="S",$C23=0),0,MATCH(OFFSET($D23,0,$C23)+IF($C23<>1,1,COUNTIF(QCI!$A$13:$A$23,ORÇAMENTO!E23)),OFFSET($D23,1,$C23,ROW($C$33)-ROW($C23)),0)) -> 0 | L23: =IF(OR($X23>0,$C23=1,$C23=2,$C23=3,$C23=4),"F","") -> F | M23: Serviço | N23: =CHOOSE(1+LOG(1+2*(C23=1)+4*(C23=2)+8*(C23=3)+16*(C23=4)+32*(C23="S"),2),"","Meta","Nível 2","Nível 3","Nível 4","Serviço") -> Serviço | O23: =IF(OR($C23=0,$L23=""),"-",CONCATENATE(E23&".",IF(AND($A$5>=2,$C23>=2),F23&".",""),IF(AND($A$5>=3,$C23>=3),G23&".",""),IF(AND($A$5>=4,$C23>=4),H23&".",""),IF($C23="S",I23&".",""))) -> 1.3.1. | P23: SINAPI | Q23: 92394 | R23: =IF($C23="S",REFERENCIA.Descricao,"(digite a descrição aqui)") -> (abra o arquivo 'Referência 11-2023.xls) | S23: =REFERENCIA.Unidade -> - | T23: =OFFSET(CÁLCULO!H$15,ROW($T23)-ROW(T$15),0) -> 3528.02 | U23: =332092.52/3528.02/1.2073 -> 77.967365 | V23: BDI 1 | W23: =IF($C23="S",ROUND(IF(TIPOORCAMENTO="Proposto",ORÇAMENTO.CustoUnitario*(1+$AH23),ORÇAMENTO.PrecoUnitarioLicitado),15-13*$AF$10),0) -> 94.129999 | X23: =IF($C23="S",VTOTAL1,IF($C23=0,0,ROUND(SomaAgrup,15-13*$AF$11))) -> 332092.52 | Y23: RA | Z23: =IF(AND($C23="S",$X23>0),IF(ISBLANK($Y23),"RA",LEFT($Y23,2)),"") -> RA | AA23: =IF($C23="S",IF($Z23="CP",$X23,IF($Z23="RA",(($X23)*QCI!$AA$3),0)),SomaAgrup) -> 13282.756 | AB23: =IF($C23="S",IF($Z23="OU",ROUND($X23,2),0),SomaAgrup) -> 0 | AC23: =IF($N23="","",IF(ORÇAMENTO.Descricao="","DESCRIÇÃO",IF(AND($C23="S",ORÇAMENTO.Unidade=""),"UNIDADE",IF($X23<0,"VALOR NEGATIVO",IF(OR(AND(TIPOORCAMENTO="Proposto",$AG23<>"",$AG23>0,ORÇAMENTO.CustoUnitario>$AG23),AND(TIPOORCAMENTO="LICITADO",ORÇAMENTO.PrecoUnitarioLicitado>$AN23)),"ACIMA REF.",""))))) | AD23: =IF(C23<=CRONO.NivelExibicao,MAX($AD$15:OFFSET(AD23,-1,0))+IF($C23<>1,1,MAX(1,COUNTIF(QCI!$A$13:$A$23,OFFSET($E23,-1,0)))),"") | AE23: =IF(AND($C23="S",ORÇAMENTO.CodBarra<>""),IF(ORÇAMENTO.Fonte="",ORÇAMENTO.CodBarra,CONCATENATE(ORÇAMENTO.Fonte," ",ORÇAMENTO.CodBarra))) -> SINAPI 92394 | AF23: =IF(ISERROR(INDIRECT(ORÇAMENTO.BancoRef)),"(abra o arquivo 'Referência "&Excel_BuiltIn_Database&".xls)",IF(OR($C23<>"S",ORÇAMENTO.CodBarra=""),"(Sem Código)",IF(ISERROR(MATCH($AE23,INDIRECT(ORÇAMENTO.BancoRef),0)),"(Código não identificado nas referências)",MATCH($AE23,INDIRECT(ORÇAMENTO.BancoRef),0)))) -> (abra o arquivo 'Referência 11-2023.xls) | AG23: =ROUND(IF(DESONERACAO="sim",REFERENCIA.Desonerado,REFERENCIA.NaoDesonerado),2) -> 0 | AH23: =ROUND(IF(ISNUMBER(ORÇAMENTO.OpcaoBDI),ORÇAMENTO.OpcaoBDI,IF(LEFT(ORÇAMENTO.OpcaoBDI,3)="BDI",HLOOKUP(ORÇAMENTO.OpcaoBDI,$F$4:$H$5,2,FALSE),0)),15-11*$AF$9) -> 0.2073 | AM23: =$X23 -> 332092.52 | AN23: =ROUND(ORÇAMENTO.CustoUnitario*(1+$AH23),2) -> 94.13
A24: =CHOOSE(1+LOG(1+2*(ORÇAMENTO.Nivel="Meta")+4*(ORÇAMENTO.Nivel="Nível 2")+8*(ORÇAMENTO.Nivel="Nível 3")+16*(ORÇAMENTO.Nivel="Nível 4")+32*(ORÇAMENTO.Nivel="Serviço"),2),0,1,2,3,4,"S") -> S | B24: =IF(OR(C24="s",C24=0),OFFSET(B24,-1,0),C24) -> 2 | C24: =IF(OFFSET(C24,-1,0)="L",1,IF(OFFSET(C24,-1,0)=1,2,IF(OR(A24="s",A24=0),"S",IF(AND(OFFSET(C24,-1,0)=2,A24=4),3,IF(AND(OR(OFFSET(C24,-1,0)="s",OFFSET(C24,-1,0)=0),A24<>"s",A24>OFFSET(B24,-1,0)),OFFSET(B24,-1,0),A24))))) -> S | D24: =IF(OR(C24="S",C24=0),0,IF(ISERROR(K24),J24,SMALL(J24:K24,1))) -> 0 | E24: =IF($C24=1,OFFSET(E24,-1,0)+MAX(1,COUNTIF(QCI!$A$13:$A$23,OFFSET(ORÇAMENTO!E24,-1,0))),OFFSET(E24,-1,0)) -> 1 | F24: =IF($C24=1,0,IF($C24=2,OFFSET(F24,-1,0)+1,OFFSET(F24,-1,0))) -> 3 | G24: =IF(AND($C24<=2,$C24<>0),0,IF($C24=3,OFFSET(G24,-1,0)+1,OFFSET(G24,-1,0))) -> 0 | H24: =IF(AND($C24<=3,$C24<>0),0,IF($C24=4,OFFSET(H24,-1,0)+1,OFFSET(H24,-1,0))) -> 0 | I24: =IF(AND($C24<=4,$C24<>0),0,IF(AND($C24="S",$X24>0),OFFSET(I24,-1,0)+1,OFFSET(I24,-1,0))) -> 2 | J24: =IF(OR($C24="S",$C24=0),0,MATCH(0,OFFSET($D24,1,$C24,ROW($C$33)-ROW($C24)),0)) -> 0 | K24: =IF(OR($C24="S",$C24=0),0,MATCH(OFFSET($D24,0,$C24)+IF($C24<>1,1,COUNTIF(QCI!$A$13:$A$23,ORÇAMENTO!E24)),OFFSET($D24,1,$C24,ROW($C$33)-ROW($C24)),0)) -> 0 | L24: =IF(OR($X24>0,$C24=1,$C24=2,$C24=3,$C24=4),"F","") -> F | M24: Serviço | N24: =CHOOSE(1+LOG(1+2*(C24=1)+4*(C24=2)+8*(C24=3)+16*(C24=4)+32*(C24="S"),2),"","Meta","Nível 2","Nível 3","Nível 4","Serviço") -> Serviço | O24: =IF(OR($C24=0,$L24=""),"-",CONCATENATE(E24&".",IF(AND($A$5>=2,$C24>=2),F24&".",""),IF(AND($A$5>=3,$C24>=3),G24&".",""),IF(AND($A$5>=4,$C24>=4),H24&".",""),IF($C24="S",I24&".",""))) -> 1.3.2. | P24: SICRO | Q24: 5914359 | R24: Transporte com caminhão basculante de 10 m³ - rodovia em leito natural | S24: TXKM | T24: =OFFSET(CÁLCULO!H$15,ROW($T24)-ROW(T$15),0) -> 2959.46 | U24: =4291.21/2959.46/1.2073 -> 1.2010251 | V24: BDI 1 | W24: =IF($C24="S",ROUND(IF(TIPOORCAMENTO="Proposto",ORÇAMENTO.CustoUnitario*(1+$AH24),ORÇAMENTO.PrecoUnitarioLicitado),15-13*$AF$10),0) -> 1.4499976 | X24: =IF($C24="S",VTOTAL1,IF($C24=0,0,ROUND(SomaAgrup,15-13*$AF$11))) -> 4291.21 | Y24: RA | Z24: =IF(AND($C24="S",$X24>0),IF(ISBLANK($Y24),"RA",LEFT($Y24,2)),"") -> RA | AA24: =IF($C24="S",IF($Z24="CP",$X24,IF($Z24="RA",(($X24)*QCI!$AA$3),0)),SomaAgrup) -> 171.6362 | AB24: =IF($C24="S",IF($Z24="OU",ROUND($X24,2),0),SomaAgrup) -> 0 | AC24: =IF($N24="","",IF(ORÇAMENTO.Descricao="","DESCRIÇÃO",IF(AND($C24="S",ORÇAMENTO.Unidade=""),"UNIDADE",IF($X24<0,"VALOR NEGATIVO",IF(OR(AND(TIPOORCAMENTO="Proposto",$AG24<>"",$AG24>0,ORÇAMENTO.CustoUnitario>$AG24),AND(TIPOORCAMENTO="LICITADO",ORÇAMENTO.PrecoUnitarioLicitado>$AN24)),"ACIMA REF.",""))))) | AD24: =IF(C24<=CRONO.NivelExibicao,MAX($AD$15:OFFSET(AD24,-1,0))+IF($C24<>1,1,MAX(1,COUNTIF(QCI!$A$13:$A$23,OFFSET($E24,-1,0)))),"") | AE24: =IF(AND($C24="S",ORÇAMENTO.CodBarra<>""),IF(ORÇAMENTO.Fonte="",ORÇAMENTO.CodBarra,CONCATENATE(ORÇAMENTO.Fonte," ",ORÇAMENTO.CodBarra))) -> SICRO 5914359 | AF24: =IF(ISERROR(INDIRECT(ORÇAMENTO.BancoRef)),"(abra o arquivo 'Referência "&Excel_BuiltIn_Database&".xls)",IF(OR($C24<>"S",ORÇAMENTO.CodBarra=""),"(Sem Código)",IF(ISERROR(MATCH($AE24,INDIRECT(ORÇAMENTO.BancoRef),0)),"(Código não identificado nas referências)",MATCH($AE24,INDIRECT(ORÇAMENTO.BancoRef),0)))) -> (abra o arquivo 'Referência 11-2023.xls) | AG24: =ROUND(IF(DESONERACAO="sim",REFERENCIA.Desonerado,REFERENCIA.NaoDesonerado),2) -> 0 | AH24: =ROUND(IF(ISNUMBER(ORÇAMENTO.OpcaoBDI),ORÇAMENTO.OpcaoBDI,IF(LEFT(ORÇAMENTO.OpcaoBDI,3)="BDI",HLOOKUP(ORÇAMENTO.OpcaoBDI,$F$4:$H$5,2,FALSE),0)),15-11*$AF$9) -> 0.2073 | AM24: =$X24 -> 4291.21 | AN24: =ROUND(ORÇAMENTO.CustoUnitario*(1+$AH24),2) -> 1.45
A25: =CHOOSE(1+LOG(1+2*(ORÇAMENTO.Nivel="Meta")+4*(ORÇAMENTO.Nivel="Nível 2")+8*(ORÇAMENTO.Nivel="Nível 3")+16*(ORÇAMENTO.Nivel="Nível 4")+32*(ORÇAMENTO.Nivel="Serviço"),2),0,1,2,3,4,"S") -> 2 | B25: =IF(OR(C25="s",C25=0),OFFSET(B25,-1,0),C25) -> 2 | C25: =IF(OFFSET(C25,-1,0)="L",1,IF(OFFSET(C25,-1,0)=1,2,IF(OR(A25="s",A25=0),"S",IF(AND(OFFSET(C25,-1,0)=2,A25=4),3,IF(AND(OR(OFFSET(C25,-1,0)="s",OFFSET(C25,-1,0)=0),A25<>"s",A25>OFFSET(B25,-1,0)),OFFSET(B25,-1,0),A25))))) -> 2 | D25: =IF(OR(C25="S",C25=0),0,IF(ISERROR(K25),J25,SMALL(J25:K25,1))) -> 3 | E25: =IF($C25=1,OFFSET(E25,-1,0)+MAX(1,COUNTIF(QCI!$A$13:$A$23,OFFSET(ORÇAMENTO!E25,-1,0))),OFFSET(E25,-1,0)) -> 1 | F25: =IF($C25=1,0,IF($C25=2,OFFSET(F25,-1,0)+1,OFFSET(F25,-1,0))) -> 4 | G25: =IF(AND($C25<=2,$C25<>0),0,IF($C25=3,OFFSET(G25,-1,0)+1,OFFSET(G25,-1,0))) -> 0 | H25: =IF(AND($C25<=3,$C25<>0),0,IF($C25=4,OFFSET(H25,-1,0)+1,OFFSET(H25,-1,0))) -> 0 | I25: =IF(AND($C25<=4,$C25<>0),0,IF(AND($C25="S",$X25>0),OFFSET(I25,-1,0)+1,OFFSET(I25,-1,0))) -> 0 | J25: =IF(OR($C25="S",$C25=0),0,MATCH(0,OFFSET($D25,1,$C25,ROW($C$33)-ROW($C25)),0)) -> 8 | K25: =IF(OR($C25="S",$C25=0),0,MATCH(OFFSET($D25,0,$C25)+IF($C25<>1,1,COUNTIF(QCI!$A$13:$A$23,ORÇAMENTO!E25)),OFFSET($D25,1,$C25,ROW($C$33)-ROW($C25)),0)) -> 3 | L25: =IF(OR($X25>0,$C25=1,$C25=2,$C25=3,$C25=4),"F","") -> F | M25: Nível 2 | N25: =CHOOSE(1+LOG(1+2*(C25=1)+4*(C25=2)+8*(C25=3)+16*(C25=4)+32*(C25="S"),2),"","Meta","Nível 2","Nível 3","Nível 4","Serviço") -> Nível 2 | O25: =IF(OR($C25=0,$L25=""),"-",CONCATENATE(E25&".",IF(AND($A$5>=2,$C25>=2),F25&".",""),IF(AND($A$5>=3,$C25>=3),G25&".",""),IF(AND($A$5>=4,$C25>=4),H25&".",""),IF($C25="S",I25&".",""))) -> 1.4. | P25: SINAPI | R25: DRENAGEM SUPERFICIAL | S25: =REFERENCIA.Unidade -> - | T25: =OFFSET(CÁLCULO!H$15,ROW($T25)-ROW(T$15),0) -> 0 | V25: BDI 1 | W25: =IF($C25="S",ROUND(IF(TIPOORCAMENTO="Proposto",ORÇAMENTO.CustoUnitario*(1+$AH25),ORÇAMENTO.PrecoUnitarioLicitado),15-13*$AF$10),0) -> 0 | X25: =IF($C25="S",VTOTAL1,IF($C25=0,0,ROUND(SomaAgrup,15-13*$AF$11))) -> 140497.71 | Y25: RA | Z25: =IF(AND($C25="S",$X25>0),IF(ISBLANK($Y25),"RA",LEFT($Y25,2)),"") | AA25: =IF($C25="S",IF($Z25="CP",$X25,IF($Z25="RA",(($X25)*QCI!$AA$3),0)),SomaAgrup) -> 5619.5089 | AB25: =IF($C25="S",IF($Z25="OU",ROUND($X25,2),0),SomaAgrup) -> 0 | AC25: =IF($N25="","",IF(ORÇAMENTO.Descricao="","DESCRIÇÃO",IF(AND($C25="S",ORÇAMENTO.Unidade=""),"UNIDADE",IF($X25<0,"VALOR NEGATIVO",IF(OR(AND(TIPOORCAMENTO="Proposto",$AG25<>"",$AG25>0,ORÇAMENTO.CustoUnitario>$AG25),AND(TIPOORCAMENTO="LICITADO",ORÇAMENTO.PrecoUnitarioLicitado>$AN25)),"ACIMA REF.",""))))) | AD25: =IF(C25<=CRONO.NivelExibicao,MAX($AD$15:OFFSET(AD25,-1,0))+IF($C25<>1,1,MAX(1,COUNTIF(QCI!$A$13:$A$23,OFFSET($E25,-1,0)))),"") -> 5 | AE25: =IF(AND($C25="S",ORÇAMENTO.CodBarra<>""),IF(ORÇAMENTO.Fonte="",ORÇAMENTO.CodBarra,CONCATENATE(ORÇAMENTO.Fonte," ",ORÇAMENTO.CodBarra))) -> FALSE | AF25: =IF(ISERROR(INDIRECT(ORÇAMENTO.BancoRef)),"(abra o arquivo 'Referência "&Excel_BuiltIn_Database&".xls)",IF(OR($C25<>"S",ORÇAMENTO.CodBarra=""),"(Sem Código)",IF(ISERROR(MATCH($AE25,INDIRECT(ORÇAMENTO.BancoRef),0)),"(Código não identificado nas referências)",MATCH($AE25,INDIRECT(ORÇAMENTO.BancoRef),0)))) -> (abra o arquivo 'Referência 11-2023.xls) | AG25: =ROUND(IF(DESONERACAO="sim",REFERENCIA.Desonerado,REFERENCIA.NaoDesonerado),2) -> 0 | AH25: =ROUND(IF(ISNUMBER(ORÇAMENTO.OpcaoBDI),ORÇAMENTO.OpcaoBDI,IF(LEFT(ORÇAMENTO.OpcaoBDI,3)="BDI",HLOOKUP(ORÇAMENTO.OpcaoBDI,$F$4:$H$5,2,FALSE),0)),15-11*$AF$9) -> 0.2073 | AM25: =$X25 -> 140497.71 | AN25: =ROUND(ORÇAMENTO.CustoUnitario*(1+$AH25),2) -> 0
A26: =CHOOSE(1+LOG(1+2*(ORÇAMENTO.Nivel="Meta")+4*(ORÇAMENTO.Nivel="Nível 2")+8*(ORÇAMENTO.Nivel="Nível 3")+16*(ORÇAMENTO.Nivel="Nível 4")+32*(ORÇAMENTO.Nivel="Serviço"),2),0,1,2,3,4,"S") -> S | B26: =IF(OR(C26="s",C26=0),OFFSET(B26,-1,0),C26) -> 2 | C26: =IF(OFFSET(C26,-1,0)="L",1,IF(OFFSET(C26,-1,0)=1,2,IF(OR(A26="s",A26=0),"S",IF(AND(OFFSET(C26,-1,0)=2,A26=4),3,IF(AND(OR(OFFSET(C26,-1,0)="s",OFFSET(C26,-1,0)=0),A26<>"s",A26>OFFSET(B26,-1,0)),OFFSET(B26,-1,0),A26))))) -> S | D26: =IF(OR(C26="S",C26=0),0,IF(ISERROR(K26),J26,SMALL(J26:K26,1))) -> 0 | E26: =IF($C26=1,OFFSET(E26,-1,0)+MAX(1,COUNTIF(QCI!$A$13:$A$23,OFFSET(ORÇAMENTO!E26,-1,0))),OFFSET(E26,-1,0)) -> 1 | F26: =IF($C26=1,0,IF($C26=2,OFFSET(F26,-1,0)+1,OFFSET(F26,-1,0))) -> 4 | G26: =IF(AND($C26<=2,$C26<>0),0,IF($C26=3,OFFSET(G26,-1,0)+1,OFFSET(G26,-1,0))) -> 0 | H26: =IF(AND($C26<=3,$C26<>0),0,IF($C26=4,OFFSET(H26,-1,0)+1,OFFSET(H26,-1,0))) -> 0 | I26: =IF(AND($C26<=4,$C26<>0),0,IF(AND($C26="S",$X26>0),OFFSET(I26,-1,0)+1,OFFSET(I26,-1,0))) -> 1 | J26: =IF(OR($C26="S",$C26=0),0,MATCH(0,OFFSET($D26,1,$C26,ROW($C$33)-ROW($C26)),0)) -> 0 | K26: =IF(OR($C26="S",$C26=0),0,MATCH(OFFSET($D26,0,$C26)+IF($C26<>1,1,COUNTIF(QCI!$A$13:$A$23,ORÇAMENTO!E26)),OFFSET($D26,1,$C26,ROW($C$33)-ROW($C26)),0)) -> 0 | L26: =IF(OR($X26>0,$C26=1,$C26=2,$C26=3,$C26=4),"F","") -> F | M26: Serviço | N26: =CHOOSE(1+LOG(1+2*(C26=1)+4*(C26=2)+8*(C26=3)+16*(C26=4)+32*(C26="S"),2),"","Meta","Nível 2","Nível 3","Nível 4","Serviço") -> Serviço | O26: =IF(OR($C26=0,$L26=""),"-",CONCATENATE(E26&".",IF(AND($A$5>=2,$C26>=2),F26&".",""),IF(AND($A$5>=3,$C26>=3),G26&".",""),IF(AND($A$5>=4,$C26>=4),H26&".",""),IF($C26="S",I26&".",""))) -> 1.4.1. | P26: SINAPI | Q26: 94287 | R26: =IF($C26="S",REFERENCIA.Descricao,"(digite a descrição aqui)") -> (abra o arquivo 'Referência 11-2023.xls) | S26: =REFERENCIA.Unidade -> - | T26: =OFFSET(CÁLCULO!H$15,ROW($T26)-ROW(T$15),0) -> 889.97 | U26: =50123.1/889.97/1.2073 -> 46.649539 | V26: BDI 1 | W26: =IF($C26="S",ROUND(IF(TIPOORCAMENTO="Proposto",ORÇAMENTO.CustoUnitario*(1+$AH26),ORÇAMENTO.PrecoUnitarioLicitado),15-13*$AF$10),0) -> 56.319988 | X26: =IF($C26="S",VTOTAL1,IF($C26=0,0,ROUND(SomaAgrup,15-13*$AF$11))) -> 50123.1 | Y26: RA | Z26: =IF(AND($C26="S",$X26>0),IF(ISBLANK($Y26),"RA",LEFT($Y26,2)),"") -> RA | AA26: =IF($C26="S",IF($Z26="CP",$X26,IF($Z26="RA",(($X26)*QCI!$AA$3),0)),SomaAgrup) -> 2004.7815 | AB26: =IF($C26="S",IF($Z26="OU",ROUND($X26,2),0),SomaAgrup) -> 0 | AC26: =IF($N26="","",IF(ORÇAMENTO.Descricao="","DESCRIÇÃO",IF(AND($C26="S",ORÇAMENTO.Unidade=""),"UNIDADE",IF($X26<0,"VALOR NEGATIVO",IF(OR(AND(TIPOORCAMENTO="Proposto",$AG26<>"",$AG26>0,ORÇAMENTO.CustoUnitario>$AG26),AND(TIPOORCAMENTO="LICITADO",ORÇAMENTO.PrecoUnitarioLicitado>$AN26)),"ACIMA REF.",""))))) | AD26: =IF(C26<=CRONO.NivelExibicao,MAX($AD$15:OFFSET(AD26,-1,0))+IF($C26<>1,1,MAX(1,COUNTIF(QCI!$A$13:$A$23,OFFSET($E26,-1,0)))),"") | AE26: =IF(AND($C26="S",ORÇAMENTO.CodBarra<>""),IF(ORÇAMENTO.Fonte="",ORÇAMENTO.CodBarra,CONCATENATE(ORÇAMENTO.Fonte," ",ORÇAMENTO.CodBarra))) -> SINAPI 94287 | AF26: =IF(ISERROR(INDIRECT(ORÇAMENTO.BancoRef)),"(abra o arquivo 'Referência "&Excel_BuiltIn_Database&".xls)",IF(OR($C26<>"S",ORÇAMENTO.CodBarra=""),"(Sem Código)",IF(ISERROR(MATCH($AE26,INDIRECT(ORÇAMENTO.BancoRef),0)),"(Código não identificado nas referências)",MATCH($AE26,INDIRECT(ORÇAMENTO.BancoRef),0)))) -> (abra o arquivo 'Referência 11-2023.xls) | AG26: =ROUND(IF(DESONERACAO="sim",REFERENCIA.Desonerado,REFERENCIA.NaoDesonerado),2) -> 0 | AH26: =ROUND(IF(ISNUMBER(ORÇAMENTO.OpcaoBDI),ORÇAMENTO.OpcaoBDI,IF(LEFT(ORÇAMENTO.OpcaoBDI,3)="BDI",HLOOKUP(ORÇAMENTO.OpcaoBDI,$F$4:$H$5,2,FALSE),0)),15-11*$AF$9) -> 0.2073 | AL26: 25.68 | AM26: =$X26 -> 50123.1 | AN26: =ROUND(ORÇAMENTO.CustoUnitario*(1+$AH26),2) -> 56.32
A27: =CHOOSE(1+LOG(1+2*(ORÇAMENTO.Nivel="Meta")+4*(ORÇAMENTO.Nivel="Nível 2")+8*(ORÇAMENTO.Nivel="Nível 3")+16*(ORÇAMENTO.Nivel="Nível 4")+32*(ORÇAMENTO.Nivel="Serviço"),2),0,1,2,3,4,"S") -> S | B27: =IF(OR(C27="s",C27=0),OFFSET(B27,-1,0),C27) -> 2 | C27: =IF(OFFSET(C27,-1,0)="L",1,IF(OFFSET(C27,-1,0)=1,2,IF(OR(A27="s",A27=0),"S",IF(AND(OFFSET(C27,-1,0)=2,A27=4),3,IF(AND(OR(OFFSET(C27,-1,0)="s",OFFSET(C27,-1,0)=0),A27<>"s",A27>OFFSET(B27,-1,0)),OFFSET(B27,-1,0),A27))))) -> S | D27: =IF(OR(C27="S",C27=0),0,IF(ISERROR(K27),J27,SMALL(J27:K27,1))) -> 0 | E27: =IF($C27=1,OFFSET(E27,-1,0)+MAX(1,COUNTIF(QCI!$A$13:$A$23,OFFSET(ORÇAMENTO!E27,-1,0))),OFFSET(E27,-1,0)) -> 1 | F27: =IF($C27=1,0,IF($C27=2,OFFSET(F27,-1,0)+1,OFFSET(F27,-1,0))) -> 4 | G27: =IF(AND($C27<=2,$C27<>0),0,IF($C27=3,OFFSET(G27,-1,0)+1,OFFSET(G27,-1,0))) -> 0 | H27: =IF(AND($C27<=3,$C27<>0),0,IF($C27=4,OFFSET(H27,-1,0)+1,OFFSET(H27,-1,0))) -> 0 | I27: =IF(AND($C27<=4,$C27<>0),0,IF(AND($C27="S",$X27>0),OFFSET(I27,-1,0)+1,OFFSET(I27,-1,0))) -> 2 | J27: =IF(OR($C27="S",$C27=0),0,MATCH(0,OFFSET($D27,1,$C27,ROW($C$33)-ROW($C27)),0)) -> 0 | K27: =IF(OR($C27="S",$C27=0),0,MATCH(OFFSET($D27,0,$C27)+IF($C27<>1,1,COUNTIF(QCI!$A$13:$A$23,ORÇAMENTO!E27)),OFFSET($D27,1,$C27,ROW($C$33)-ROW($C27)),0)) -> 0 | L27: =IF(OR($X27>0,$C27=1,$C27=2,$C27=3,$C27=4),"F","") -> F | M27: Serviço | N27: =CHOOSE(1+LOG(1+2*(C27=1)+4*(C27=2)+8*(C27=3)+16*(C27=4)+32*(C27="S"),2),"","Meta","Nível 2","Nível 3","Nível 4","Serviço") -> Serviço | O27: =IF(OR($C27=0,$L27=""),"-",CONCATENATE(E27&".",IF(AND($A$5>=2,$C27>=2),F27&".",""),IF(AND($A$5>=3,$C27>=3),G27&".",""),IF(AND($A$5>=4,$C27>=4),H27&".",""),IF($C27="S",I27&".",""))) -> 1.4.2. | P27: SINAPI | Q27: 94273 | R27: =IF($C27="S",REFERENCIA.Descricao,"(digite a descrição aqui)") -> (abra o arquivo 'Referência 11-2023.xls) | S27: =REFERENCIA.Unidade -> - | T27: =OFFSET(CÁLCULO!H$15,ROW($T27)-ROW(T$15),0) -> 966.16 | U27: =90374.61/966.16/1.2073 -> 77.478675 | V27: BDI 1 | W27: =IF($C27="S",ROUND(IF(TIPOORCAMENTO="Proposto",ORÇAMENTO.CustoUnitario*(1+$AH27),ORÇAMENTO.PrecoUnitarioLicitado),15-13*$AF$10),0) -> 93.540004 | X27: =IF($C27="S",VTOTAL1,IF($C27=0,0,ROUND(SomaAgrup,15-13*$AF$11))) -> 90374.61 | Y27: RA | Z27: =IF(AND($C27="S",$X27>0),IF(ISBLANK($Y27),"RA",LEFT($Y27,2)),"") -> RA | AA27: =IF($C27="S",IF($Z27="CP",$X27,IF($Z27="RA",(($X27)*QCI!$AA$3),0)),SomaAgrup) -> 3614.7274 | AB27: =IF($C27="S",IF($Z27="OU",ROUND($X27,2),0),SomaAgrup) -> 0 | AC27: =IF($N27="","",IF(ORÇAMENTO.Descricao="","DESCRIÇÃO",IF(AND($C27="S",ORÇAMENTO.Unidade=""),"UNIDADE",IF($X27<0,"VALOR NEGATIVO",IF(OR(AND(TIPOORCAMENTO="Proposto",$AG27<>"",$AG27>0,ORÇAMENTO.CustoUnitario>$AG27),AND(TIPOORCAMENTO="LICITADO",ORÇAMENTO.PrecoUnitarioLicitado>$AN27)),"ACIMA REF.",""))))) | AD27: =IF(C27<=CRONO.NivelExibicao,MAX($AD$15:OFFSET(AD27,-1,0))+IF($C27<>1,1,MAX(1,COUNTIF(QCI!$A$13:$A$23,OFFSET($E27,-1,0)))),"") | AE27: =IF(AND($C27="S",ORÇAMENTO.CodBarra<>""),IF(ORÇAMENTO.Fonte="",ORÇAMENTO.CodBarra,CONCATENATE(ORÇAMENTO.Fonte," ",ORÇAMENTO.CodBarra))) -> SINAPI 94273 | AF27: =IF(ISERROR(INDIRECT(ORÇAMENTO.BancoRef)),"(abra o arquivo 'Referência "&Excel_BuiltIn_Database&".xls)",IF(OR($C27<>"S",ORÇAMENTO.CodBarra=""),"(Sem Código)",IF(ISERROR(MATCH($AE27,INDIRECT(ORÇAMENTO.BancoRef),0)),"(Código não identificado nas referências)",MATCH($AE27,INDIRECT(ORÇAMENTO.BancoRef),0)))) -> (abra o arquivo 'Referência 11-2023.xls) | AG27: =ROUND(IF(DESONERACAO="sim",REFERENCIA.Desonerado,REFERENCIA.NaoDesonerado),2) -> 0 | AH27: =ROUND(IF(ISNUMBER(ORÇAMENTO.OpcaoBDI),ORÇAMENTO.OpcaoBDI,IF(LEFT(ORÇAMENTO.OpcaoBDI,3)="BDI",HLOOKUP(ORÇAMENTO.OpcaoBDI,$F$4:$H$5,2,FALSE),0)),15-11*$AF$9) -> 0.2073 | AM27: =$X27 -> 90374.61 | AN27: =ROUND(ORÇAMENTO.CustoUnitario*(1+$AH27),2) -> 93.54
A28: =CHOOSE(1+LOG(1+2*(ORÇAMENTO.Nivel="Meta")+4*(ORÇAMENTO.Nivel="Nível 2")+8*(ORÇAMENTO.Nivel="Nível 3")+16*(ORÇAMENTO.Nivel="Nível 4")+32*(ORÇAMENTO.Nivel="Serviço"),2),0,1,2,3,4,"S") -> 2 | B28: =IF(OR(C28="s",C28=0),OFFSET(B28,-1,0),C28) -> 2 | C28: =IF(OFFSET(C28,-1,0)="L",1,IF(OFFSET(C28,-1,0)=1,2,IF(OR(A28="s",A28=0),"S",IF(AND(OFFSET(C28,-1,0)=2,A28=4),3,IF(AND(OR(OFFSET(C28,-1,0)="s",OFFSET(C28,-1,0)=0),A28<>"s",A28>OFFSET(B28,-1,0)),OFFSET(B28,-1,0),A28))))) -> 2 | D28: =IF(OR(C28="S",C28=0),0,IF(ISERROR(K28),J28,SMALL(J28:K28,1))) -> 5 | E28: =IF($C28=1,OFFSET(E28,-1,0)+MAX(1,COUNTIF(QCI!$A$13:$A$23,OFFSET(ORÇAMENTO!E28,-1,0))),OFFSET(E28,-1,0)) -> 1 | F28: =IF($C28=1,0,IF($C28=2,OFFSET(F28,-1,0)+1,OFFSET(F28,-1,0))) -> 5 | G28: =IF(AND($C28<=2,$C28<>0),0,IF($C28=3,OFFSET(G28,-1,0)+1,OFFSET(G28,-1,0))) -> 0 | H28: =IF(AND($C28<=3,$C28<>0),0,IF($C28=4,OFFSET(H28,-1,0)+1,OFFSET(H28,-1,0))) -> 0 | I28: =IF(AND($C28<=4,$C28<>0),0,IF(AND($C28="S",$X28>0),OFFSET(I28,-1,0)+1,OFFSET(I28,-1,0))) -> 0 | J28: =IF(OR($C28="S",$C28=0),0,MATCH(0,OFFSET($D28,1,$C28,ROW($C$33)-ROW($C28)),0)) -> 5 | K28: =IF(OR($C28="S",$C28=0),0,MATCH(OFFSET($D28,0,$C28)+IF($C28<>1,1,COUNTIF(QCI!$A$13:$A$23,ORÇAMENTO!E28)),OFFSET($D28,1,$C28,ROW($C$33)-ROW($C28)),0)) -> #N/A | L28: =IF(OR($X28>0,$C28=1,$C28=2,$C28=3,$C28=4),"F","") -> F | M28: Nível 2 | N28: =CHOOSE(1+LOG(1+2*(C28=1)+4*(C28=2)+8*(C28=3)+16*(C28=4)+32*(C28="S"),2),"","Meta","Nível 2","Nível 3","Nível 4","Serviço") -> Nível 2 | O28: =IF(OR($C28=0,$L28=""),"-",CONCATENATE(E28&".",IF(AND($A$5>=2,$C28>=2),F28&".",""),IF(AND($A$5>=3,$C28>=3),G28&".",""),IF(AND($A$5>=4,$C28>=4),H28&".",""),IF($C28="S",I28&".",""))) -> 1.5. | P28: SINAPI | R28: SINALIZAÇÃO VIÁRIA | S28: =REFERENCIA.Unidade -> - | T28: =OFFSET(CÁLCULO!H$15,ROW($T28)-ROW(T$15),0) -> 0 | V28: BDI 1 | W28: =IF($C28="S",ROUND(IF(TIPOORCAMENTO="Proposto",ORÇAMENTO.CustoUnitario*(1+$AH28),ORÇAMENTO.PrecoUnitarioLicitado),15-13*$AF$10),0) -> 0 | X28: =IF($C28="S",VTOTAL1,IF($C28=0,0,ROUND(SomaAgrup,15-13*$AF$11))) -> 5863.08 | Y28: RA | Z28: =IF(AND($C28="S",$X28>0),IF(ISBLANK($Y28),"RA",LEFT($Y28,2)),"") | AA28: =IF($C28="S",IF($Z28="CP",$X28,IF($Z28="RA",(($X28)*QCI!$AA$3),0)),SomaAgrup) -> 234.50653 | AB28: =IF($C28="S",IF($Z28="OU",ROUND($X28,2),0),SomaAgrup) -> 0 | AC28: =IF($N28="","",IF(ORÇAMENTO.Descricao="","DESCRIÇÃO",IF(AND($C28="S",ORÇAMENTO.Unidade=""),"UNIDADE",IF($X28<0,"VALOR NEGATIVO",IF(OR(AND(TIPOORCAMENTO="Proposto",$AG28<>"",$AG28>0,ORÇAMENTO.CustoUnitario>$AG28),AND(TIPOORCAMENTO="LICITADO",ORÇAMENTO.PrecoUnitarioLicitado>$AN28)),"ACIMA REF.",""))))) | AD28: =IF(C28<=CRONO.NivelExibicao,MAX($AD$15:OFFSET(AD28,-1,0))+IF($C28<>1,1,MAX(1,COUNTIF(QCI!$A$13:$A$23,OFFSET($E28,-1,0)))),"") -> 6 | AE28: =IF(AND($C28="S",ORÇAMENTO.CodBarra<>""),IF(ORÇAMENTO.Fonte="",ORÇAMENTO.CodBarra,CONCATENATE(ORÇAMENTO.Fonte," ",ORÇAMENTO.CodBarra))) -> FALSE | AF28: =IF(ISERROR(INDIRECT(ORÇAMENTO.BancoRef)),"(abra o arquivo 'Referência "&Excel_BuiltIn_Database&".xls)",IF(OR($C28<>"S",ORÇAMENTO.CodBarra=""),"(Sem Código)",IF(ISERROR(MATCH($AE28,INDIRECT(ORÇAMENTO.BancoRef),0)),"(Código não identificado nas referências)",MATCH($AE28,INDIRECT(ORÇAMENTO.BancoRef),0)))) -> (abra o arquivo 'Referência 11-2023.xls) | AG28: =ROUND(IF(DESONERACAO="sim",REFERENCIA.Desonerado,REFERENCIA.NaoDesonerado),2) -> 0 | AH28: =ROUND(IF(ISNUMBER(ORÇAMENTO.OpcaoBDI),ORÇAMENTO.OpcaoBDI,IF(LEFT(ORÇAMENTO.OpcaoBDI,3)="BDI",HLOOKUP(ORÇAMENTO.OpcaoBDI,$F$4:$H$5,2,FALSE),0)),15-11*$AF$9) -> 0.2073 | AM28: =$X28 -> 5863.08 | AN28: =ROUND(ORÇAMENTO.CustoUnitario*(1+$AH28),2) -> 0
A29: =CHOOSE(1+LOG(1+2*(ORÇAMENTO.Nivel="Meta")+4*(ORÇAMENTO.Nivel="Nível 2")+8*(ORÇAMENTO.Nivel="Nível 3")+16*(ORÇAMENTO.Nivel="Nível 4")+32*(ORÇAMENTO.Nivel="Serviço"),2),0,1,2,3,4,"S") -> S | B29: =IF(OR(C29="s",C29=0),OFFSET(B29,-1,0),C29) -> 2 | C29: =IF(OFFSET(C29,-1,0)="L",1,IF(OFFSET(C29,-1,0)=1,2,IF(OR(A29="s",A29=0),"S",IF(AND(OFFSET(C29,-1,0)=2,A29=4),3,IF(AND(OR(OFFSET(C29,-1,0)="s",OFFSET(C29,-1,0)=0),A29<>"s",A29>OFFSET(B29,-1,0)),OFFSET(B29,-1,0),A29))))) -> S | D29: =IF(OR(C29="S",C29=0),0,IF(ISERROR(K29),J29,SMALL(J29:K29,1))) -> 0 | E29: =IF($C29=1,OFFSET(E29,-1,0)+MAX(1,COUNTIF(QCI!$A$13:$A$23,OFFSET(ORÇAMENTO!E29,-1,0))),OFFSET(E29,-1,0)) -> 1 | F29: =IF($C29=1,0,IF($C29=2,OFFSET(F29,-1,0)+1,OFFSET(F29,-1,0))) -> 5 | G29: =IF(AND($C29<=2,$C29<>0),0,IF($C29=3,OFFSET(G29,-1,0)+1,OFFSET(G29,-1,0))) -> 0 | H29: =IF(AND($C29<=3,$C29<>0),0,IF($C29=4,OFFSET(H29,-1,0)+1,OFFSET(H29,-1,0))) -> 0 | I29: =IF(AND($C29<=4,$C29<>0),0,IF(AND($C29="S",$X29>0),OFFSET(I29,-1,0)+1,OFFSET(I29,-1,0))) -> 1 | J29: =IF(OR($C29="S",$C29=0),0,MATCH(0,OFFSET($D29,1,$C29,ROW($C$33)-ROW($C29)),0)) -> 0 | K29: =IF(OR($C29="S",$C29=0),0,MATCH(OFFSET($D29,0,$C29)+IF($C29<>1,1,COUNTIF(QCI!$A$13:$A$23,ORÇAMENTO!E29)),OFFSET($D29,1,$C29,ROW($C$33)-ROW($C29)),0)) -> 0 | L29: =IF(OR($X29>0,$C29=1,$C29=2,$C29=3,$C29=4),"F","") -> F | M29: Serviço | N29: =CHOOSE(1+LOG(1+2*(C29=1)+4*(C29=2)+8*(C29=3)+16*(C29=4)+32*(C29="S"),2),"","Meta","Nível 2","Nível 3","Nível 4","Serviço") -> Serviço | O29: =IF(OR($C29=0,$L29=""),"-",CONCATENATE(E29&".",IF(AND($A$5>=2,$C29>=2),F29&".",""),IF(AND($A$5>=3,$C29>=3),G29&".",""),IF(AND($A$5>=4,$C29>=4),H29&".",""),IF($C29="S",I29&".",""))) -> 1.5.1. | P29: SICRO | Q29: 5213445 | R29: Placa de regulamentação em aço, R1 lado 0,331 m - película retrorrefletiva tipo I + SI - fornecimento e implantação | S29: Unidade | T29: =OFFSET(CÁLCULO!H$15,ROW($T29)-ROW(T$15),0) -> 4 | U29: =2068.36/4/1.2073 -> 428.30282 | V29: BDI 1 | W29: =IF($C29="S",ROUND(IF(TIPOORCAMENTO="Proposto",ORÇAMENTO.CustoUnitario*(1+$AH29),ORÇAMENTO.PrecoUnitarioLicitado),15-13*$AF$10),0) -> 517.09 | X29: =IF($C29="S",VTOTAL1,IF($C29=0,0,ROUND(SomaAgrup,15-13*$AF$11))) -> 2068.36 | Y29: RA | Z29: =IF(AND($C29="S",$X29>0),IF(ISBLANK($Y29),"RA",LEFT($Y29,2)),"") -> RA | AA29: =IF($C29="S",IF($Z29="CP",$X29,IF($Z29="RA",(($X29)*QCI!$AA$3),0)),SomaAgrup) -> 82.728519 | AB29: =IF($C29="S",IF($Z29="OU",ROUND($X29,2),0),SomaAgrup) -> 0 | AC29: =IF($N29="","",IF(ORÇAMENTO.Descricao="","DESCRIÇÃO",IF(AND($C29="S",ORÇAMENTO.Unidade=""),"UNIDADE",IF($X29<0,"VALOR NEGATIVO",IF(OR(AND(TIPOORCAMENTO="Proposto",$AG29<>"",$AG29>0,ORÇAMENTO.CustoUnitario>$AG29),AND(TIPOORCAMENTO="LICITADO",ORÇAMENTO.PrecoUnitarioLicitado>$AN29)),"ACIMA REF.",""))))) | AD29: =IF(C29<=CRONO.NivelExibicao,MAX($AD$15:OFFSET(AD29,-1,0))+IF($C29<>1,1,MAX(1,COUNTIF(QCI!$A$13:$A$23,OFFSET($E29,-1,0)))),"") | AE29: =IF(AND($C29="S",ORÇAMENTO.CodBarra<>""),IF(ORÇAMENTO.Fonte="",ORÇAMENTO.CodBarra,CONCATENATE(ORÇAMENTO.Fonte," ",ORÇAMENTO.CodBarra))) -> SICRO 5213445 | AF29: =IF(ISERROR(INDIRECT(ORÇAMENTO.BancoRef)),"(abra o arquivo 'Referência "&Excel_BuiltIn_Database&".xls)",IF(OR($C29<>"S",ORÇAMENTO.CodBarra=""),"(Sem Código)",IF(ISERROR(MATCH($AE29,INDIRECT(ORÇAMENTO.BancoRef),0)),"(Código não identificado nas referências)",MATCH($AE29,INDIRECT(ORÇAMENTO.BancoRef),0)))) -> (abra o arquivo 'Referência 11-2023.xls) | AG29: =ROUND(IF(DESONERACAO="sim",REFERENCIA.Desonerado,REFERENCIA.NaoDesonerado),2) -> 0 | AH29: =ROUND(IF(ISNUMBER(ORÇAMENTO.OpcaoBDI),ORÇAMENTO.OpcaoBDI,IF(LEFT(ORÇAMENTO.OpcaoBDI,3)="BDI",HLOOKUP(ORÇAMENTO.OpcaoBDI,$F$4:$H$5,2,FALSE),0)),15-11*$AF$9) -> 0.2073 | AM29: =$X29 -> 2068.36 | AN29: =ROUND(ORÇAMENTO.CustoUnitario*(1+$AH29),2) -> 517.09
A30: =CHOOSE(1+LOG(1+2*(ORÇAMENTO.Nivel="Meta")+4*(ORÇAMENTO.Nivel="Nível 2")+8*(ORÇAMENTO.Nivel="Nível 3")+16*(ORÇAMENTO.Nivel="Nível 4")+32*(ORÇAMENTO.Nivel="Serviço"),2),0,1,2,3,4,"S") -> S | B30: =IF(OR(C30="s",C30=0),OFFSET(B30,-1,0),C30) -> 2 | C30: =IF(OFFSET(C30,-1,0)="L",1,IF(OFFSET(C30,-1,0)=1,2,IF(OR(A30="s",A30=0),"S",IF(AND(OFFSET(C30,-1,0)=2,A30=4),3,IF(AND(OR(OFFSET(C30,-1,0)="s",OFFSET(C30,-1,0)=0),A30<>"s",A30>OFFSET(B30,-1,0)),OFFSET(B30,-1,0),A30))))) -> S | D30: =IF(OR(C30="S",C30=0),0,IF(ISERROR(K30),J30,SMALL(J30:K30,1))) -> 0 | E30: =IF($C30=1,OFFSET(E30,-1,0)+MAX(1,COUNTIF(QCI!$A$13:$A$23,OFFSET(ORÇAMENTO!E30,-1,0))),OFFSET(E30,-1,0)) -> 1 | F30: =IF($C30=1,0,IF($C30=2,OFFSET(F30,-1,0)+1,OFFSET(F30,-1,0))) -> 5 | G30: =IF(AND($C30<=2,$C30<>0),0,IF($C30=3,OFFSET(G30,-1,0)+1,OFFSET(G30,-1,0))) -> 0 | H30: =IF(AND($C30<=3,$C30<>0),0,IF($C30=4,OFFSET(H30,-1,0)+1,OFFSET(H30,-1,0))) -> 0 | I30: =IF(AND($C30<=4,$C30<>0),0,IF(AND($C30="S",$X30>0),OFFSET(I30,-1,0)+1,OFFSET(I30,-1,0))) -> 2 | J30: =IF(OR($C30="S",$C30=0),0,MATCH(0,OFFSET($D30,1,$C30,ROW($C$33)-ROW($C30)),0)) -> 0 | K30: =IF(OR($C30="S",$C30=0),0,MATCH(OFFSET($D30,0,$C30)+IF($C30<>1,1,COUNTIF(QCI!$A$13:$A$23,ORÇAMENTO!E30)),OFFSET($D30,1,$C30,ROW($C$33)-ROW($C30)),0)) -> 0 | L30: =IF(OR($X30>0,$C30=1,$C30=2,$C30=3,$C30=4),"F","") -> F | M30: Serviço | N30: =CHOOSE(1+LOG(1+2*(C30=1)+4*(C30=2)+8*(C30=3)+16*(C30=4)+32*(C30="S"),2),"","Meta","Nível 2","Nível 3","Nível 4","Serviço") -> Serviço | O30: =IF(OR($C30=0,$L30=""),"-",CONCATENATE(E30&".",IF(AND($A$5>=2,$C30>=2),F30&".",""),IF(AND($A$5>=3,$C30>=3),G30&".",""),IF(AND($A$5>=4,$C30>=4),H30&".",""),IF($C30="S",I30&".",""))) -> 1.5.2. | P30: SICRO | Q30: 5213856 | R30: Suporte metálico galvanizado para placa de regulamentação - R1 - lado de 0,331 m - fornecimento e implantação | S30: Unidade | T30: =OFFSET(CÁLCULO!H$15,ROW($T30)-ROW(T$15),0) -> 4 | U30: =2077.28/4/1.2073 -> 430.14992 | V30: BDI 1 | W30: =IF($C30="S",ROUND(IF(TIPOORCAMENTO="Proposto",ORÇAMENTO.CustoUnitario*(1+$AH30),ORÇAMENTO.PrecoUnitarioLicitado),15-13*$AF$10),0) -> 519.32 | X30: =IF($C30="S",VTOTAL1,IF($C30=0,0,ROUND(SomaAgrup,15-13*$AF$11))) -> 2077.28 | Y30: RA | Z30: =IF(AND($C30="S",$X30>0),IF(ISBLANK($Y30),"RA",LEFT($Y30,2)),"") -> RA | AA30: =IF($C30="S",IF($Z30="CP",$X30,IF($Z30="RA",(($X30)*QCI!$AA$3),0)),SomaAgrup) -> 83.085293 | AB30: =IF($C30="S",IF($Z30="OU",ROUND($X30,2),0),SomaAgrup) -> 0 | AC30: =IF($N30="","",IF(ORÇAMENTO.Descricao="","DESCRIÇÃO",IF(AND($C30="S",ORÇAMENTO.Unidade=""),"UNIDADE",IF($X30<0,"VALOR NEGATIVO",IF(OR(AND(TIPOORCAMENTO="Proposto",$AG30<>"",$AG30>0,ORÇAMENTO.CustoUnitario>$AG30),AND(TIPOORCAMENTO="LICITADO",ORÇAMENTO.PrecoUnitarioLicitado>$AN30)),"ACIMA REF.",""))))) | AD30: =IF(C30<=CRONO.NivelExibicao,MAX($AD$15:OFFSET(AD30,-1,0))+IF($C30<>1,1,MAX(1,COUNTIF(QCI!$A$13:$A$23,OFFSET($E30,-1,0)))),"") | AE30: =IF(AND($C30="S",ORÇAMENTO.CodBarra<>""),IF(ORÇAMENTO.Fonte="",ORÇAMENTO.CodBarra,CONCATENATE(ORÇAMENTO.Fonte," ",ORÇAMENTO.CodBarra))) -> SICRO 5213856 | AF30: =IF(ISERROR(INDIRECT(ORÇAMENTO.BancoRef)),"(abra o arquivo 'Referência "&Excel_BuiltIn_Database&".xls)",IF(OR($C30<>"S",ORÇAMENTO.CodBarra=""),"(Sem Código)",IF(ISERROR(MATCH($AE30,INDIRECT(ORÇAMENTO.BancoRef),0)),"(Código não identificado nas referências)",MATCH($AE30,INDIRECT(ORÇAMENTO.BancoRef),0)))) -> (abra o arquivo 'Referência 11-2023.xls) | AG30: =ROUND(IF(DESONERACAO="sim",REFERENCIA.Desonerado,REFERENCIA.NaoDesonerado),2) -> 0 | AH30: =ROUND(IF(ISNUMBER(ORÇAMENTO.OpcaoBDI),ORÇAMENTO.OpcaoBDI,IF(LEFT(ORÇAMENTO.OpcaoBDI,3)="BDI",HLOOKUP(ORÇAMENTO.OpcaoBDI,$F$4:$H$5,2,FALSE),0)),15-11*$AF$9) -> 0.2073 | AM30: =$X30 -> 2077.28 | AN30: =ROUND(ORÇAMENTO.CustoUnitario*(1+$AH30),2) -> 519.32
A31: =CHOOSE(1+LOG(1+2*(ORÇAMENTO.Nivel="Meta")+4*(ORÇAMENTO.Nivel="Nível 2")+8*(ORÇAMENTO.Nivel="Nível 3")+16*(ORÇAMENTO.Nivel="Nível 4")+32*(ORÇAMENTO.Nivel="Serviço"),2),0,1,2,3,4,"S") -> S | B31: =IF(OR(C31="s",C31=0),OFFSET(B31,-1,0),C31) -> 2 | C31: =IF(OFFSET(C31,-1,0)="L",1,IF(OFFSET(C31,-1,0)=1,2,IF(OR(A31="s",A31=0),"S",IF(AND(OFFSET(C31,-1,0)=2,A31=4),3,IF(AND(OR(OFFSET(C31,-1,0)="s",OFFSET(C31,-1,0)=0),A31<>"s",A31>OFFSET(B31,-1,0)),OFFSET(B31,-1,0),A31))))) -> S | D31: =IF(OR(C31="S",C31=0),0,IF(ISERROR(K31),J31,SMALL(J31:K31,1))) -> 0 | E31: =IF($C31=1,OFFSET(E31,-1,0)+MAX(1,COUNTIF(QCI!$A$13:$A$23,OFFSET(ORÇAMENTO!E31,-1,0))),OFFSET(E31,-1,0)) -> 1 | F31: =IF($C31=1,0,IF($C31=2,OFFSET(F31,-1,0)+1,OFFSET(F31,-1,0))) -> 5 | G31: =IF(AND($C31<=2,$C31<>0),0,IF($C31=3,OFFSET(G31,-1,0)+1,OFFSET(G31,-1,0))) -> 0 | H31: =IF(AND($C31<=3,$C31<>0),0,IF($C31=4,OFFSET(H31,-1,0)+1,OFFSET(H31,-1,0))) -> 0 | I31: =IF(AND($C31<=4,$C31<>0),0,IF(AND($C31="S",$X31>0),OFFSET(I31,-1,0)+1,OFFSET(I31,-1,0))) -> 3 | J31: =IF(OR($C31="S",$C31=0),0,MATCH(0,OFFSET($D31,1,$C31,ROW($C$33)-ROW($C31)),0)) -> 0 | K31: =IF(OR($C31="S",$C31=0),0,MATCH(OFFSET($D31,0,$C31)+IF($C31<>1,1,COUNTIF(QCI!$A$13:$A$23,ORÇAMENTO!E31)),OFFSET($D31,1,$C31,ROW($C$33)-ROW($C31)),0)) -> 0 | L31: =IF(OR($X31>0,$C31=1,$C31=2,$C31=3,$C31=4),"F","") -> F | M31: Serviço | N31: =CHOOSE(1+LOG(1+2*(C31=1)+4*(C31=2)+8*(C31=3)+16*(C31=4)+32*(C31="S"),2),"","Meta","Nível 2","Nível 3","Nível 4","Serviço") -> Serviço | O31: =IF(OR($C31=0,$L31=""),"-",CONCATENATE(E31&".",IF(AND($A$5>=2,$C31>=2),F31&".",""),IF(AND($A$5>=3,$C31>=3),G31&".",""),IF(AND($A$5>=4,$C31>=4),H31&".",""),IF($C31="S",I31&".",""))) -> 1.5.3. | P31: SICRO | Q31: 5213440 | R31: Placa de regulamentação em aço D = 0,60 m - película retrorrefletiva tipo I + SI - fornecimento e implantação | S31: Unidade | T31: =OFFSET(CÁLCULO!H$15,ROW($T31)-ROW(T$15),0) -> 2 | U31: =602.58/2/1.2073 -> 249.55686 | V31: BDI 1 | W31: =IF($C31="S",ROUND(IF(TIPOORCAMENTO="Proposto",ORÇAMENTO.CustoUnitario*(1+$AH31),ORÇAMENTO.PrecoUnitarioLicitado),15-13*$AF$10),0) -> 301.29 | X31: =IF($C31="S",VTOTAL1,IF($C31=0,0,ROUND(SomaAgrup,15-13*$AF$11))) -> 602.58 | Y31: RA | Z31: =IF(AND($C31="S",$X31>0),IF(ISBLANK($Y31),"RA",LEFT($Y31,2)),"") -> RA | AA31: =IF($C31="S",IF($Z31="CP",$X31,IF($Z31="RA",(($X31)*QCI!$AA$3),0)),SomaAgrup) -> 24.101487 | AB31: =IF($C31="S",IF($Z31="OU",ROUND($X31,2),0),SomaAgrup) -> 0 | AC31: =IF($N31="","",IF(ORÇAMENTO.Descricao="","DESCRIÇÃO",IF(AND($C31="S",ORÇAMENTO.Unidade=""),"UNIDADE",IF($X31<0,"VALOR NEGATIVO",IF(OR(AND(TIPOORCAMENTO="Proposto",$AG31<>"",$AG31>0,ORÇAMENTO.CustoUnitario>$AG31),AND(TIPOORCAMENTO="LICITADO",ORÇAMENTO.PrecoUnitarioLicitado>$AN31)),"ACIMA REF.",""))))) | AD31: =IF(C31<=CRONO.NivelExibicao,MAX($AD$15:OFFSET(AD31,-1,0))+IF($C31<>1,1,MAX(1,COUNTIF(QCI!$A$13:$A$23,OFFSET($E31,-1,0)))),"") | AE31: =IF(AND($C31="S",ORÇAMENTO.CodBarra<>""),IF(ORÇAMENTO.Fonte="",ORÇAMENTO.CodBarra,CONCATENATE(ORÇAMENTO.Fonte," ",ORÇAMENTO.CodBarra))) -> SICRO 5213440 | AF31: =IF(ISERROR(INDIRECT(ORÇAMENTO.BancoRef)),"(abra o arquivo 'Referência "&Excel_BuiltIn_Database&".xls)",IF(OR($C31<>"S",ORÇAMENTO.CodBarra=""),"(Sem Código)",IF(ISERROR(MATCH($AE31,INDIRECT(ORÇAMENTO.BancoRef),0)),"(Código não identificado nas referências)",MATCH($AE31,INDIRECT(ORÇAMENTO.BancoRef),0)))) -> (abra o arquivo 'Referência 11-2023.xls) | AG31: =ROUND(IF(DESONERACAO="sim",REFERENCIA.Desonerado,REFERENCIA.NaoDesonerado),2) -> 0 | AH31: =ROUND(IF(ISNUMBER(ORÇAMENTO.OpcaoBDI),ORÇAMENTO.OpcaoBDI,IF(LEFT(ORÇAMENTO.OpcaoBDI,3)="BDI",HLOOKUP(ORÇAMENTO.OpcaoBDI,$F$4:$H$5,2,FALSE),0)),15-11*$AF$9) -> 0.2073 | AM31: =$X31 -> 602.58 | AN31: =ROUND(ORÇAMENTO.CustoUnitario*(1+$AH31),2) -> 301.29
A32: =CHOOSE(1+LOG(1+2*(ORÇAMENTO.Nivel="Meta")+4*(ORÇAMENTO.Nivel="Nível 2")+8*(ORÇAMENTO.Nivel="Nível 3")+16*(ORÇAMENTO.Nivel="Nível 4")+32*(ORÇAMENTO.Nivel="Serviço"),2),0,1,2,3,4,"S") -> S | B32: =IF(OR(C32="s",C32=0),OFFSET(B32,-1,0),C32) -> 2 | C32: =IF(OFFSET(C32,-1,0)="L",1,IF(OFFSET(C32,-1,0)=1,2,IF(OR(A32="s",A32=0),"S",IF(AND(OFFSET(C32,-1,0)=2,A32=4),3,IF(AND(OR(OFFSET(C32,-1,0)="s",OFFSET(C32,-1,0)=0),A32<>"s",A32>OFFSET(B32,-1,0)),OFFSET(B32,-1,0),A32))))) -> S | D32: =IF(OR(C32="S",C32=0),0,IF(ISERROR(K32),J32,SMALL(J32:K32,1))) -> 0 | E32: =IF($C32=1,OFFSET(E32,-1,0)+MAX(1,COUNTIF(QCI!$A$13:$A$23,OFFSET(ORÇAMENTO!E32,-1,0))),OFFSET(E32,-1,0)) -> 1 | F32: =IF($C32=1,0,IF($C32=2,OFFSET(F32,-1,0)+1,OFFSET(F32,-1,0))) -> 5 | G32: =IF(AND($C32<=2,$C32<>0),0,IF($C32=3,OFFSET(G32,-1,0)+1,OFFSET(G32,-1,0))) -> 0 | H32: =IF(AND($C32<=3,$C32<>0),0,IF($C32=4,OFFSET(H32,-1,0)+1,OFFSET(H32,-1,0))) -> 0 | I32: =IF(AND($C32<=4,$C32<>0),0,IF(AND($C32="S",$X32>0),OFFSET(I32,-1,0)+1,OFFSET(I32,-1,0))) -> 4 | J32: =IF(OR($C32="S",$C32=0),0,MATCH(0,OFFSET($D32,1,$C32,ROW($C$33)-ROW($C32)),0)) -> 0 | K32: =IF(OR($C32="S",$C32=0),0,MATCH(OFFSET($D32,0,$C32)+IF($C32<>1,1,COUNTIF(QCI!$A$13:$A$23,ORÇAMENTO!E32)),OFFSET($D32,1,$C32,ROW($C$33)-ROW($C32)),0)) -> 0 | L32: =IF(OR($X32>0,$C32=1,$C32=2,$C32=3,$C32=4),"F","") -> F | M32: Serviço | N32: =CHOOSE(1+LOG(1+2*(C32=1)+4*(C32=2)+8*(C32=3)+16*(C32=4)+32*(C32="S"),2),"","Meta","Nível 2","Nível 3","Nível 4","Serviço") -> Serviço | O32: =IF(OR($C32=0,$L32=""),"-",CONCATENATE(E32&".",IF(AND($A$5>=2,$C32>=2),F32&".",""),IF(AND($A$5>=3,$C32>=3),G32&".",""),IF(AND($A$5>=4,$C32>=4),H32&".",""),IF($C32="S",I32&".",""))) -> 1.5.4. | P32: SICRO | Q32: 5213863 | R32: Suporte metálico galvanizado para placa de advertência ou regulamentação - lado ou diâmetro de 0,60 m - fornecimento e implantação | S32: Unidade | T32: =OFFSET(CÁLCULO!H$15,ROW($T32)-ROW(T$15),0) -> 2 | U32: =1114.86/2/1.2073 -> 461.71623 | V32: BDI 1 | W32: =IF($C32="S",ROUND(IF(TIPOORCAMENTO="Proposto",ORÇAMENTO.CustoUnitario*(1+$AH32),ORÇAMENTO.PrecoUnitarioLicitado),15-13*$AF$10),0) -> 557.43 | X32: =IF($C32="S",VTOTAL1,IF($C32=0,0,ROUND(SomaAgrup,15-13*$AF$11))) -> 1114.86 | Y32: RA | Z32: =IF(AND($C32="S",$X32>0),IF(ISBLANK($Y32),"RA",LEFT($Y32,2)),"") -> RA | AA32: =IF($C32="S",IF($Z32="CP",$X32,IF($Z32="RA",(($X32)*QCI!$AA$3),0)),SomaAgrup) -> 44.59123 | AB32: =IF($C32="S",IF($Z32="OU",ROUND($X32,2),0),SomaAgrup) -> 0 | AC32: =IF($N32="","",IF(ORÇAMENTO.Descricao="","DESCRIÇÃO",IF(AND($C32="S",ORÇAMENTO.Unidade=""),"UNIDADE",IF($X32<0,"VALOR NEGATIVO",IF(OR(AND(TIPOORCAMENTO="Proposto",$AG32<>"",$AG32>0,ORÇAMENTO.CustoUnitario>$AG32),AND(TIPOORCAMENTO="LICITADO",ORÇAMENTO.PrecoUnitarioLicitado>$AN32)),"ACIMA REF.",""))))) | AD32: =IF(C32<=CRONO.NivelExibicao,MAX($AD$15:OFFSET(AD32,-1,0))+IF($C32<>1,1,MAX(1,COUNTIF(QCI!$A$13:$A$23,OFFSET($E32,-1,0)))),"") | AE32: =IF(AND($C32="S",ORÇAMENTO.CodBarra<>""),IF(ORÇAMENTO.Fonte="",ORÇAMENTO.CodBarra,CONCATENATE(ORÇAMENTO.Fonte," ",ORÇAMENTO.CodBarra))) -> SICRO 5213863 | AF32: =IF(ISERROR(INDIRECT(ORÇAMENTO.BancoRef)),"(abra o arquivo 'Referência "&Excel_BuiltIn_Database&".xls)",IF(OR($C32<>"S",ORÇAMENTO.CodBarra=""),"(Sem Código)",IF(ISERROR(MATCH($AE32,INDIRECT(ORÇAMENTO.BancoRef),0)),"(Código não identificado nas referências)",MATCH($AE32,INDIRECT(ORÇAMENTO.BancoRef),0)))) -> (abra o arquivo 'Referência 11-2023.xls) | AG32: =ROUND(IF(DESONERACAO="sim",REFERENCIA.Desonerado,REFERENCIA.NaoDesonerado),2) -> 0 | AH32: =ROUND(IF(ISNUMBER(ORÇAMENTO.OpcaoBDI),ORÇAMENTO.OpcaoBDI,IF(LEFT(ORÇAMENTO.OpcaoBDI,3)="BDI",HLOOKUP(ORÇAMENTO.OpcaoBDI,$F$4:$H$5,2,FALSE),0)),15-11*$AF$9) -> 0.2073 | AM32: =$X32 -> 1114.86 | AN32: =ROUND(ORÇAMENTO.CustoUnitario*(1+$AH32),2) -> 557.43
A33: -1 | C33: -1 | E33: 0 | F33: 0 | G33: 0 | H33: 0 | I33: 0 | L33: F
O36: Encargos sociais: | Q36: Para elaboração deste orçamento, foram utilizados os encargos sociais do SINAPI para a Unidade da Federação indicada.
O38: Observações:
O43: =IF(AND($AF$7=FALSE,$AF$8=FALSE,$AF$9=FALSE,$AF$10=FALSE,$AF$11=FALSE),"Não foi considerado arredondamento nos valores da planilha.",CONCATENATE("Foi considerado arredondamento de duas casas decimais para ",IF($AF$7=TRUE,"Quantidade; ",""),IF($AF$8=TRUE,"Custo Unitário; ",""),IF($AF$9=TRUE,"BDI; ",""),IF($AF$10=TRUE,"Preço Unitário; ",""),IF($AF$11=TRUE,"Preço Total.",""))) -> Foi considerado arredondamento de duas casas decimais para Quantidade; BDI;
O44: Siglas da Composição do Investimento: RA - Rateio proporcional entre Repasse e Contrapartida; RP - 100% Repasse; CP - 100% Contrapartida; OU - 100% Outros.
O46: =Import.Município -> CONCEIÇÃO DOS OUROS/MG
O47: Local | S47: Responsável Técnico
S48: Nome: | T48: {=Import.RespOrçamento} -> JOSÉ AIRTON JUNHO DOS REIS
O49: =DADOS!$F$25 -> 45391 | S49: CREA/CAU: | T49: 56.250/D
O50: Data | S50: ART/RRT: | T50: MG20242788680

Sheet CÁLCULO
F1: =IF(ACOMPANHAMENTO="BM","MEMÓRIA DE CÁLCULO","PLQ - PLANILHA DE LEVANTAMENTO DE QUANTIDADES") -> PLQ - PLANILHA DE LEVANTAMENTO DE QUANTIDADES | Q1: Grau de Sigilo | Y1: Grau de Sigilo | AG1: Grau de Sigilo | AO1: Grau de Sigilo | AW1: Grau de Sigilo | BE1: Grau de Sigilo | BM1: Grau de Sigilo
F2: =IF(ACOMPANHAMENTO="BM","","Memória de Cálculo")&" - "&import.recurso -> Memória de Cálculo - OGU | Q2: #PUBLICO | Y2: #PUBLICO | AG2: #PUBLICO | AO2: #PUBLICO | AW2: #PUBLICO | BE2: #PUBLICO | BM2: #PUBLICO
E4: APELIDO DO EMPREENDIMENTO | G4: Nº SICONV | I4: Nº OPERAÇÃO | K4: PROPONENTE / TOMADOR | S4: Nº OPERAÇÃO | U4: PROPONENTE / TOMADOR | AA4: Nº OPERAÇÃO | AC4: PROPONENTE / TOMADOR | AI4: Nº OPERAÇÃO | AK4: PROPONENTE / TOMADOR | AQ4: Nº OPERAÇÃO | AS4: PROPONENTE / TOMADOR | AY4: Nº OPERAÇÃO | BA4: PROPONENTE / TOMADOR | BG4: Nº OPERAÇÃO | BI4: PROPONENTE / TOMADOR
E5: =Import.Apelido -> Adequação de Estradas Vicinais | G5: =Import.SICONV -> 950338/2023 | I5: =Import.CR -> 1090.502-01/2023 | K5: =Import.Proponente -> PREFEITURA MUNICIPAL DE CONCEIÇÃO DOS OUROS | S5: =Import.CR -> 1090.502-01/2023 | U5: =Import.Proponente -> PREFEITURA MUNICIPAL DE CONCEIÇÃO DOS OUROS | AA5: =Import.CR -> 1090.502-01/2023 | AC5: =Import.Proponente -> PREFEITURA MUNICIPAL DE CONCEIÇÃO DOS OUROS | AI5: =Import.CR -> 1090.502-01/2023 | AK5: =Import.Proponente -> PREFEITURA MUNICIPAL DE CONCEIÇÃO DOS OUROS | AQ5: =Import.CR -> 1090.502-01/2023 | AS5: =Import.Proponente -> PREFEITURA MUNICIPAL DE CONCEIÇÃO DOS OUROS | AY5: =Import.CR -> 1090.502-01/2023 | BA5: =Import.Proponente -> PREFEITURA MUNICIPAL DE CONCEIÇÃO DOS OUROS | BG5: =Import.CR -> 1090.502-01/2023 | BI5: =Import.Proponente -> PREFEITURA MUNICIPAL DE CONCEIÇÃO DOS OUROS
BP6: Preços dos serviços por frente | DO6: Mês do cronograma | FN6: Número da Medição
A12: =IF(OFFSET(EVENTOS!$C$5,1,0)="Automática, conforme os agrupadores Nível 4 do Orçamento",4,IF(OFFSET(EVENTOS!$C$5,1,0)="Automática, conforme os agrupadores Nível 3 do Orçamento",3,IF(OFFSET(EVENTOS!$C$5,1,0)="Definir Manualmente","Manual",2))) -> 2 | B12: Empty | J12: . | K12: Nº AGRUPADOR DE EVENTOS | L12: . | M12: =IF(ACOMPANHAMENTO="BM",0,COUNTIF(M15:M33,0)) -> 0 | N12: FRENTES DE OBRA: | P12: . | Q12: TRÊS CRUZES 1ª ETAPA | R12: CESÁRIOS (FAZ. SANTA TEREZINHA) 2ª ETAPA | S12: ACESSO CESÁRIOS 3ª ETAPA | BO12: . | BP12: =OFFSET($P$12,0,BP$13) -> TRÊS CRUZES 1ª ETAPA | BQ12: =OFFSET($P$12,0,BQ$13) -> CESÁRIOS (FAZ. SANTA TEREZINHA) 2ª ETAPA | BR12: =OFFSET($P$12,0,BR$13) -> ACESSO CESÁRIOS 3ª ETAPA | BS12: =OFFSET($P$12,0,BS$13) -> 0 | BT12: =OFFSET($P$12,0,BT$13) -> 0 | BU12: =OFFSET($P$12,0,BU$13) -> 0 | BV12: =OFFSET($P$12,0,BV$13) -> 0 | BW12: =OFFSET($P$12,0,BW$13) -> 0 | ... DM12: =OFFSET($P$12,0,DM$13) -> 0 | DO12: =OFFSET($P$12,0,DO$13) -> TRÊS CRUZES 1ª ETAPA | DP12: =OFFSET($P$12,0,DP$13) -> CESÁRIOS (FAZ. SANTA TEREZINHA) 2ª ETAPA | DQ12: =OFFSET($P$12,0,DQ$13) -> ACESSO CESÁRIOS 3ª ETAPA | DR12: =OFFSET($P$12,0,DR$13) -> 0 | DS12: =OFFSET($P$12,0,DS$13) -> 0 | DT12: =OFFSET($P$12,0,DT$13) -> 0 | DU12: =OFFSET($P$12,0,DU$13) -> 0 | DV12: =OFFSET($P$12,0,DV$13) -> 0 | ... FL12: =OFFSET($P$12,0,FL$13) -> 0 | FN12: =OFFSET($P$12,0,FN$13) -> TRÊS CRUZES 1ª ETAPA | FO12: =OFFSET($P$12,0,FO$13) -> CESÁRIOS (FAZ. SANTA TEREZINHA) 2ª ETAPA | FP12: =OFFSET($P$12,0,FP$13) -> ACESSO CESÁRIOS 3ª ETAPA | FQ12: =OFFSET($P$12,0,FQ$13) -> 0 | FR12: =OFFSET($P$12,0,FR$13) -> 0 | FS12: =OFFSET($P$12,0,FS$13) -> 0 | FT12: =OFFSET($P$12,0,FT$13) -> 0 | FU12: =OFFSET($P$12,0,FU$13) -> 0 | ... HK12: =OFFSET($P$12,0,HK$13) -> 0
A13: AUTOEVENTO | B13: Empty | D13: Nível | E13: Item | F13: Descrição | G13: Unidade | H13: Quantidade | I13: Memória de Cálculo | K13: Nº | M13: # Evento | N13: Agrupador de Eventos | O13: =OFFSET(O13,0,-1)+1 -> #VALUE! | Q13: =OFFSET(Q13,0,-1)+1 -> 1 | R13: =OFFSET(R13,0,-1)+1 -> 2 | S13: =OFFSET(S13,0,-1)+1 -> 3 | T13: =OFFSET(T13,0,-1)+1 -> 4 | U13: =OFFSET(U13,0,-1)+1 -> 5 | V13: =OFFSET(V13,0,-1)+1 -> 6 | W13: =OFFSET(W13,0,-1)+1 -> 7 | X13: =OFFSET(X13,0,-1)+1 -> 8 | ... BN13: =OFFSET(BN13,0,-1)+1 -> 50 | BP13: =OFFSET(BP13,0,-1)+1 -> 1 | BQ13: =OFFSET(BQ13,0,-1)+1 -> 2 | BR13: =OFFSET(BR13,0,-1)+1 -> 3 | BS13: =OFFSET(BS13,0,-1)+1 -> 4 | BT13: =OFFSET(BT13,0,-1)+1 -> 5 | BU13: =OFFSET(BU13,0,-1)+1 -> 6 | BV13: =OFFSET(BV13,0,-1)+1 -> 7 | BW13: =OFFSET(BW13,0,-1)+1 -> 8 | ... DM13: =OFFSET(DM13,0,-1)+1 -> 50 | DO13: =OFFSET(DO13,0,-1)+1 -> 1 | DP13: =OFFSET(DP13,0,-1)+1 -> 2 | DQ13: =OFFSET(DQ13,0,-1)+1 -> 3 | DR13: =OFFSET(DR13,0,-1)+1 -> 4 | DS13: =OFFSET(DS13,0,-1)+1 -> 5 | DT13: =OFFSET(DT13,0,-1)+1 -> 6 | DU13: =OFFSET(DU13,0,-1)+1 -> 7 | DV13: =OFFSET(DV13,0,-1)+1 -> 8 | ... FL13: =OFFSET(FL13,0,-1)+1 -> 50 | FN13: =OFFSET(FN13,0,-1)+1 -> 1 | FO13: =OFFSET(FO13,0,-1)+1 -> 2 | FP13: =OFFSET(FP13,0,-1)+1 -> 3 | FQ13: =OFFSET(FQ13,0,-1)+1 -> 4 | FR13: =OFFSET(FR13,0,-1)+1 -> 5 | FS13: =OFFSET(FS13,0,-1)+1 -> 6 | FT13: =OFFSET(FT13,0,-1)+1 -> 7 | FU13: =OFFSET(FU13,0,-1)+1 -> 8 | ... HK13: =OFFSET(HK13,0,-1)+1 -> 50
A14: =IF(AUTOEVENTO="Manual",IF(K14<>"",MIN(VALUE(LEFT(K14,FIND(".",K14)-1)),COUNTA(EVENTOS.Lista)),0),IF(OR($B14>AUTOEVENTO,$B14="S",$B14=0),SUBSTITUTE(OFFSET($A14,-1,0),IF($D14="Serviço",".",""),""),ROW(A14)-ROW($A$15)&".")) -> AUTOEVENTO | B14: =OFFSET(ORÇAMENTO!C$15,ROW(B14)-ROW(B$15),0) -> S | C14: =OFFSET(ORÇAMENTO!L$15,ROW(C14)-ROW(C$15),0) | D14: =OFFSET(ORÇAMENTO!N$15,ROW(D14)-ROW(D$15),0) -> Serviço | E14: =OFFSET(ORÇAMENTO!O$15,ROW(E14)-ROW(E$15),0) -> - | F14: =OFFSET(ORÇAMENTO!R$15,ROW(F14)-ROW(F$15),0) -> (abra o arquivo 'Referência 11-2023.xls) | G14: =IF($D14<>"Serviço","",OFFSET(ORÇAMENTO!S$15,ROW(G14)-ROW(G$15),0)) -> - | H14: =IF($D14<>"Serviço",0,IF(ACOMPANHAMENTO="BM",ROUND(OFFSET(ORÇAMENTO!AJ$15,ROW(H14)-ROW(H$15),0),15-13*ORÇAMENTO!$AF$7),SUMPRODUCT(($Q$12:$BO$12<>"")*ROUND($Q14:$BO14,15-13*ORÇAMENTO!$AF$7)))) -> 0 | L14: . | M14: =IF($D14<>"Serviço","",IF(AUTOEVENTO="manual",$A14,IF(ISERROR(MATCH($A14,$A$15:OFFSET($A14,-1,0),0)),MAX($M$15:OFFSET(M14,-1,0))+1,INDEX($M$15:OFFSET(M14,-1,0),MATCH($A14,$A$15:OFFSET($A14,-1,0),0))))) -> # Evento | N14: =IF($D14<>"Serviço","",IF(AUTOEVENTO="Manual",IF($A14=0,"<-- defina o número do agrupador",OFFSET(EVENTOS!$D$14,$A14,0)),OFFSET($F$15,$A14,0))) -> #VALUE! | BP14: =IF(AND($D14="Serviço",BP$12<>0,$H14>0,OR(AUTOEVENTO<>"manual",$M14<>1)),ROUND(OFFSET($P14,0,BP$13),15-13*ORÇAMENTO!$AF$7)/$H14*OFFSET(ORÇAMENTO!$X$15,ROW(BP14)-ROW(BP$15),0),0) -> 0 | BQ14: =IF(AND($D14="Serviço",BQ$12<>0,$H14>0,OR(AUTOEVENTO<>"manual",$M14<>1)),ROUND(OFFSET($P14,0,BQ$13),15-13*ORÇAMENTO!$AF$7)/$H14*OFFSET(ORÇAMENTO!$X$15,ROW(BQ14)-ROW(BQ$15),0),0) -> 0 | BR14: =IF(AND($D14="Serviço",BR$12<>0,$H14>0,OR(AUTOEVENTO<>"manual",$M14<>1)),ROUND(OFFSET($P14,0,BR$13),15-13*ORÇAMENTO!$AF$7)/$H14*OFFSET(ORÇAMENTO!$X$15,ROW(BR14)-ROW(BR$15),0),0) -> 0 | BS14: =IF(AND($D14="Serviço",BS$12<>0,$H14>0,OR(AUTOEVENTO<>"manual",$M14<>1)),ROUND(OFFSET($P14,0,BS$13),15-13*ORÇAMENTO!$AF$7)/$H14*OFFSET(ORÇAMENTO!$X$15,ROW(BS14)-ROW(BS$15),0),0) -> 0 | BT14: =IF(AND($D14="Serviço",BT$12<>0,$H14>0,OR(AUTOEVENTO<>"manual",$M14<>1)),ROUND(OFFSET($P14,0,BT$13),15-13*ORÇAMENTO!$AF$7)/$H14*OFFSET(ORÇAMENTO!$X$15,ROW(BT14)-ROW(BT$15),0),0) -> 0 | BU14: =IF(AND($D14="Serviço",BU$12<>0,$H14>0,OR(AUTOEVENTO<>"manual",$M14<>1)),ROUND(OFFSET($P14,0,BU$13),15-13*ORÇAMENTO!$AF$7)/$H14*OFFSET(ORÇAMENTO!$X$15,ROW(BU14)-ROW(BU$15),0),0) -> 0 | BV14: =IF(AND($D14="Serviço",BV$12<>0,$H14>0,OR(AUTOEVENTO<>"manual",$M14<>1)),ROUND(OFFSET($P14,0,BV$13),15-13*ORÇAMENTO!$AF$7)/$H14*OFFSET(ORÇAMENTO!$X$15,ROW(BV14)-ROW(BV$15),0),0) -> 0 | BW14: =IF(AND($D14="Serviço",BW$12<>0,$H14>0,OR(AUTOEVENTO<>"manual",$M14<>1)),ROUND(OFFSET($P14,0,BW$13),15-13*ORÇAMENTO!$AF$7)/$H14*OFFSET(ORÇAMENTO!$X$15,ROW(BW14)-ROW(BW$15),0),0) -> 0 | ... DM14: =IF(AND($D14="Serviço",DM$12<>0,$H14>0,OR(AUTOEVENTO<>"manual",$M14<>1)),ROUND(OFFSET($P14,0,DM$13),15-13*ORÇAMENTO!$AF$7)/$H14*OFFSET(ORÇAMENTO!$X$15,ROW(DM14)-ROW(DM$15),0),0) -> 0 | DO14: =IF($D14<>"Serviço",0,IF(AND(AUTOEVENTO="Manual",$M14=1),0,IF(OFFSET(CRONOPLE!$F$14,$M14,DO$13)="",10^12,OFFSET(CRONOPLE!$F$14,$M14,DO$13)))) -> #VALUE! | DP14: =IF($D14<>"Serviço",0,IF(AND(AUTOEVENTO="Manual",$M14=1),0,IF(OFFSET(CRONOPLE!$F$14,$M14,DP$13)="",10^12,OFFSET(CRONOPLE!$F$14,$M14,DP$13)))) -> #VALUE! | DQ14: =IF($D14<>"Serviço",0,IF(AND(AUTOEVENTO="Manual",$M14=1),0,IF(OFFSET(CRONOPLE!$F$14,$M14,DQ$13)="",10^12,OFFSET(CRONOPLE!$F$14,$M14,DQ$13)))) -> #VALUE! | DR14: =IF($D14<>"Serviço",0,IF(AND(AUTOEVENTO="Manual",$M14=1),0,IF(OFFSET(CRONOPLE!$F$14,$M14,DR$13)="",10^12,OFFSET(CRONOPLE!$F$14,$M14,DR$13)))) -> #VALUE! | DS14: =IF($D14<>"Serviço",0,IF(AND(AUTOEVENTO="Manual",$M14=1),0,IF(OFFSET(CRONOPLE!$F$14,$M14,DS$13)="",10^12,OFFSET(CRONOPLE!$F$14,$M14,DS$13)))) -> #VALUE! | DT14: =IF($D14<>"Serviço",0,IF(AND(AUTOEVENTO="Manual",$M14=1),0,IF(OFFSET(CRONOPLE!$F$14,$M14,DT$13)="",10^12,OFFSET(CRONOPLE!$F$14,$M14,DT$13)))) -> #VALUE! | DU14: =IF($D14<>"Serviço",0,IF(AND(AUTOEVENTO="Manual",$M14=1),0,IF(OFFSET(CRONOPLE!$F$14,$M14,DU$13)="",10^12,OFFSET(CRONOPLE!$F$14,$M14,DU$13)))) -> #VALUE! | DV14: =IF($D14<>"Serviço",0,IF(AND(AUTOEVENTO="Manual",$M14=1),0,IF(OFFSET(CRONOPLE!$F$14,$M14,DV$13)="",10^12,OFFSET(CRONOPLE!$F$14,$M14,DV$13)))) -> #VALUE! | ... FL14: =IF($D14<>"Serviço",0,IF(AND(AUTOEVENTO="Manual",$M14=1),0,IF(OFFSET(CRONOPLE!$F$14,$M14,FL$13)="",10^12,OFFSET(CRONOPLE!$F$14,$M14,FL$13)))) -> #VALUE! | FN14: =IF($D14<>"Serviço",0,IF(OR(AND(AUTOEVENTO="Manual",$M14=1),$M14>(ROW(PLE.lastrow)-ROW(PLE.firstrow))),0,IF(OFFSET(PLE!$G$14,$M14,FN$13)="",10^12,OFFSET(PLE!$G$14,$M14,FN$13)))) -> 0 | FO14: =IF($D14<>"Serviço",0,IF(OR(AND(AUTOEVENTO="Manual",$M14=1),$M14>(ROW(PLE.lastrow)-ROW(PLE.firstrow))),0,IF(OFFSET(PLE!$G$14,$M14,FO$13)="",10^12,OFFSET(PLE!$G$14,$M14,FO$13)))) -> 0 | FP14: =IF($D14<>"Serviço",0,IF(OR(AND(AUTOEVENTO="Manual",$M14=1),$M14>(ROW(PLE.lastrow)-ROW(PLE.firstrow))),0,IF(OFFSET(PLE!$G$14,$M14,FP$13)="",10^12,OFFSET(PLE!$G$14,$M14,FP$13)))) -> 0 | FQ14: =IF($D14<>"Serviço",0,IF(OR(AND(AUTOEVENTO="Manual",$M14=1),$M14>(ROW(PLE.lastrow)-ROW(PLE.firstrow))),0,IF(OFFSET(PLE!$G$14,$M14,FQ$13)="",10^12,OFFSET(PLE!$G$14,$M14,FQ$13)))) -> 0 | FR14: =IF($D14<>"Serviço",0,IF(OR(AND(AUTOEVENTO="Manual",$M14=1),$M14>(ROW(PLE.lastrow)-ROW(PLE.firstrow))),0,IF(OFFSET(PLE!$G$14,$M14,FR$13)="",10^12,OFFSET(PLE!$G$14,$M14,FR$13)))) -> 0 | FS14: =IF($D14<>"Serviço",0,IF(OR(AND(AUTOEVENTO="Manual",$M14=1),$M14>(ROW(PLE.lastrow)-ROW(PLE.firstrow))),0,IF(OFFSET(PLE!$G$14,$M14,FS$13)="",10^12,OFFSET(PLE!$G$14,$M14,FS$13)))) -> 0 | FT14: =IF($D14<>"Serviço",0,IF(OR(AND(AUTOEVENTO="Manual",$M14=1),$M14>(ROW(PLE.lastrow)-ROW(PLE.firstrow))),0,IF(OFFSET(PLE!$G$14,$M14,FT$13)="",10^12,OFFSET(PLE!$G$14,$M14,FT$13)))) -> 0 | FU14: =IF($D14<>"Serviço",0,IF(OR(AND(AUTOEVENTO="Manual",$M14=1),$M14>(ROW(PLE.lastrow)-ROW(PLE.firstrow))),0,IF(OFFSET(PLE!$G$14,$M14,FU$13)="",10^12,OFFSET(PLE!$G$14,$M14,FU$13)))) -> 0 | ... HK14: =IF($D14<>"Serviço",0,IF(OR(AND(AUTOEVENTO="Manual",$M14=1),$M14>(ROW(PLE.lastrow)-ROW(PLE.firstrow))),0,IF(OFFSET(PLE!$G$14,$M14,HK$13)="",10^12,OFFSET(PLE!$G$14,$M14,HK$13)))) -> 0
B15: =OFFSET(ORÇAMENTO!C$15,ROW(B15)-ROW(B$15),0) -> L | C15: =OFFSET(ORÇAMENTO!L$15,ROW(C15)-ROW(C$15),0) -> F | D15: =IF(TIPOORCAMENTO="LICITADO","CTEF","LOTE") -> LOTE | E15: =Import.DescLote -> Adequação de Estradas Vicinais | L15: . | M15: =IF(AUTOEVENTO="MANUAL",0,1) -> 1 | N15: TOTAL FINANC. POR FRENTE (R$): | O15: =OFFSET($BO$15,0,O$13) -> #VALUE! | Q15: =OFFSET($BO$15,0,Q$13) -> 195670.33 | R15: =OFFSET($BO$15,0,R$13) -> 227312.91 | S15: =OFFSET($BO$15,0,S$13) -> 78165.282 | T15: =OFFSET($BO$15,0,T$13) -> 0 | U15: =OFFSET($BO$15,0,U$13) -> 0 | V15: =OFFSET($BO$15,0,V$13) -> 0 | W15: =OFFSET($BO$15,0,W$13) -> 0 | X15: =OFFSET($BO$15,0,X$13) -> 0 | ... BN15: =OFFSET($BO$15,0,BN$13) -> 0 | BP15: =ROUND(SUM(OFFSET(BP$15,1,0):BP$33),2) -> 195670.33 | BQ15: =SUM(OFFSET(BQ$15,1,0):BQ$33) -> 227312.91 | BR15: =SUM(OFFSET(BR$15,1,0):BR$33) -> 78165.282 | BS15: =SUM(OFFSET(BS$15,1,0):BS$33) -> 0 | BT15: =SUM(OFFSET(BT$15,1,0):BT$33) -> 0 | BU15: =SUM(OFFSET(BU$15,1,0):BU$33) -> 0 | BV15: =SUM(OFFSET(BV$15,1,0):BV$33) -> 0 | BW15: =SUM(OFFSET(BW$15,1,0):BW$33) -> 0 | BX15: =SUM(OFFSET(BX$15,1,0):BX$33) -> 0 | ... DM15: =SUM(OFFSET(DM$15,1,0):DM$33) -> 0 | DO15: =10^12 -> 1000000000000 | DP15: =10^12 -> 1000000000000 | DQ15: =10^12 -> 1000000000000 | DR15: =10^12 -> 1000000000000 | DS15: =10^12 -> 1000000000000 | DT15: =10^12 -> 1000000000000 | DU15: =10^12 -> 1000000000000 | DV15: =10^12 -> 1000000000000 | ... FL15: =10^12 -> 1000000000000 | FN15: =10^12 -> 1000000000000 | FO15: =10^12 -> 1000000000000 | FP15: =10^12 -> 1000000000000 | FQ15: =10^12 -> 1000000000000 | FR15: =10^12 -> 1000000000000 | FS15: =10^12 -> 1000000000000 | FT15: =10^12 -> 1000000000000 | FU15: =10^12 -> 1000000000000 | ... HK15: =10^12 -> 1000000000000
A16: =IF(AUTOEVENTO="Manual",IF(K16<>"",MIN(VALUE(LEFT(K16,FIND(".",K16)-1)),COUNTA(EVENTOS.Lista)),0),IF(OR($B16>AUTOEVENTO,$B16="S",$B16=0),SUBSTITUTE(OFFSET($A16,-1,0),IF($D16="Serviço",".",""),""),ROW(A16)-ROW($A$15)&".")) -> 1. | B16: =OFFSET(ORÇAMENTO!C$15,ROW(B16)-ROW(B$15),0) -> 1 | C16: =OFFSET(ORÇAMENTO!L$15,ROW(C16)-ROW(C$15),0) -> F | D16: =OFFSET(ORÇAMENTO!N$15,ROW(D16)-ROW(D$15),0) -> Meta | E16: =OFFSET(ORÇAMENTO!O$15,ROW(E16)-ROW(E$15),0) -> 1. | F16: =OFFSET(ORÇAMENTO!R$15,ROW(F16)-ROW(F$15),0) -> Adequação de Estradas Vicinais | G16: =IF($D16<>"Serviço","",OFFSET(ORÇAMENTO!S$15,ROW(G16)-ROW(G$15),0)) | H16: =IF($D16<>"Serviço",0,IF(ACOMPANHAMENTO="BM",ROUND(OFFSET(ORÇAMENTO!AJ$15,ROW(H16)-ROW(H$15),0),15-13*ORÇAMENTO!$AF$7),SUMPRODUCT(($Q$12:$BO$12<>"")*ROUND($Q16:$BO16,15-13*ORÇAMENTO!$AF$7)))) -> 0 | L16: . | M16: =IF($D16<>"Serviço","",IF(AUTOEVENTO="manual",$A16,IF(ISERROR(MATCH($A16,$A$15:OFFSET($A16,-1,0),0)),MAX($M$15:OFFSET(M16,-1,0))+1,INDEX($M$15:OFFSET(M16,-1,0),MATCH($A16,$A$15:OFFSET($A16,-1,0),0))))) | N16: =IF($D16<>"Serviço","",IF(AUTOEVENTO="Manual",IF($A16=0,"<-- defina o número do agrupador",OFFSET(EVENTOS!$D$14,$A16,0)),OFFSET($F$15,$A16,0))) | BP16: =IF(AND($D16="Serviço",BP$12<>0,$H16>0,OR(AUTOEVENTO<>"manual",$M16<>1)),ROUND(OFFSET($P16,0,BP$13),15-13*ORÇAMENTO!$AF$7)/$H16*OFFSET(ORÇAMENTO!$X$15,ROW(BP16)-ROW(BP$15),0),0) -> 0 | BQ16: =IF(AND($D16="Serviço",BQ$12<>0,$H16>0,OR(AUTOEVENTO<>"manual",$M16<>1)),ROUND(OFFSET($P16,0,BQ$13),15-13*ORÇAMENTO!$AF$7)/$H16*OFFSET(ORÇAMENTO!$X$15,ROW(BQ16)-ROW(BQ$15),0),0) -> 0 | BR16: =IF(AND($D16="Serviço",BR$12<>0,$H16>0,OR(AUTOEVENTO<>"manual",$M16<>1)),ROUND(OFFSET($P16,0,BR$13),15-13*ORÇAMENTO!$AF$7)/$H16*OFFSET(ORÇAMENTO!$X$15,ROW(BR16)-ROW(BR$15),0),0) -> 0 | BS16: =IF(AND($D16="Serviço",BS$12<>0,$H16>0,OR(AUTOEVENTO<>"manual",$M16<>1)),ROUND(OFFSET($P16,0,BS$13),15-13*ORÇAMENTO!$AF$7)/$H16*OFFSET(ORÇAMENTO!$X$15,ROW(BS16)-ROW(BS$15),0),0) -> 0 | BT16: =IF(AND($D16="Serviço",BT$12<>0,$H16>0,OR(AUTOEVENTO<>"manual",$M16<>1)),ROUND(OFFSET($P16,0,BT$13),15-13*ORÇAMENTO!$AF$7)/$H16*OFFSET(ORÇAMENTO!$X$15,ROW(BT16)-ROW(BT$15),0),0) -> 0 | BU16: =IF(AND($D16="Serviço",BU$12<>0,$H16>0,OR(AUTOEVENTO<>"manual",$M16<>1)),ROUND(OFFSET($P16,0,BU$13),15-13*ORÇAMENTO!$AF$7)/$H16*OFFSET(ORÇAMENTO!$X$15,ROW(BU16)-ROW(BU$15),0),0) -> 0 | BV16: =IF(AND($D16="Serviço",BV$12<>0,$H16>0,OR(AUTOEVENTO<>"manual",$M16<>1)),ROUND(OFFSET($P16,0,BV$13),15-13*ORÇAMENTO!$AF$7)/$H16*OFFSET(ORÇAMENTO!$X$15,ROW(BV16)-ROW(BV$15),0),0) -> 0 | BW16: =IF(AND($D16="Serviço",BW$12<>0,$H16>0,OR(AUTOEVENTO<>"manual",$M16<>1)),ROUND(OFFSET($P16,0,BW$13),15-13*ORÇAMENTO!$AF$7)/$H16*OFFSET(ORÇAMENTO!$X$15,ROW(BW16)-ROW(BW$15),0),0) -> 0 | ... DM16: =IF(AND($D16="Serviço",DM$12<>0,$H16>0,OR(AUTOEVENTO<>"manual",$M16<>1)),ROUND(OFFSET($P16,0,DM$13),15-13*ORÇAMENTO!$AF$7)/$H16*OFFSET(ORÇAMENTO!$X$15,ROW(DM16)-ROW(DM$15),0),0) -> 0 | DO16: =IF($D16<>"Serviço",0,IF(AND(AUTOEVENTO="Manual",$M16=1),0,IF(OFFSET(CRONOPLE!$F$14,$M16,DO$13)="",10^12,OFFSET(CRONOPLE!$F$14,$M16,DO$13)))) -> 0 | DP16: =IF($D16<>"Serviço",0,IF(AND(AUTOEVENTO="Manual",$M16=1),0,IF(OFFSET(CRONOPLE!$F$14,$M16,DP$13)="",10^12,OFFSET(CRONOPLE!$F$14,$M16,DP$13)))) -> 0 | DQ16: =IF($D16<>"Serviço",0,IF(AND(AUTOEVENTO="Manual",$M16=1),0,IF(OFFSET(CRONOPLE!$F$14,$M16,DQ$13)="",10^12,OFFSET(CRONOPLE!$F$14,$M16,DQ$13)))) -> 0 | DR16: =IF($D16<>"Serviço",0,IF(AND(AUTOEVENTO="Manual",$M16=1),0,IF(OFFSET(CRONOPLE!$F$14,$M16,DR$13)="",10^12,OFFSET(CRONOPLE!$F$14,$M16,DR$13)))) -> 0 | DS16: =IF($D16<>"Serviço",0,IF(AND(AUTOEVENTO="Manual",$M16=1),0,IF(OFFSET(CRONOPLE!$F$14,$M16,DS$13)="",10^12,OFFSET(CRONOPLE!$F$14,$M16,DS$13)))) -> 0 | DT16: =IF($D16<>"Serviço",0,IF(AND(AUTOEVENTO="Manual",$M16=1),0,IF(OFFSET(CRONOPLE!$F$14,$M16,DT$13)="",10^12,OFFSET(CRONOPLE!$F$14,$M16,DT$13)))) -> 0 | DU16: =IF($D16<>"Serviço",0,IF(AND(AUTOEVENTO="Manual",$M16=1),0,IF(OFFSET(CRONOPLE!$F$14,$M16,DU$13)="",10^12,OFFSET(CRONOPLE!$F$14,$M16,DU$13)))) -> 0 | DV16: =IF($D16<>"Serviço",0,IF(AND(AUTOEVENTO="Manual",$M16=1),0,IF(OFFSET(CRONOPLE!$F$14,$M16,DV$13)="",10^12,OFFSET(CRONOPLE!$F$14,$M16,DV$13)))) -> 0 | ... FL16: =IF($D16<>"Serviço",0,IF(AND(AUTOEVENTO="Manual",$M16=1),0,IF(OFFSET(CRONOPLE!$F$14,$M16,FL$13)="",10^12,OFFSET(CRONOPLE!$F$14,$M16,FL$13)))) -> 0 | FN16: =IF($D16<>"Serviço",0,IF(OR(AND(AUTOEVENTO="Manual",$M16=1),$M16>(ROW(PLE.lastrow)-ROW(PLE.firstrow))),0,IF(OFFSET(PLE!$G$14,$M16,FN$13)="",10^12,OFFSET(PLE!$G$14,$M16,FN$13)))) -> 0 | FO16: =IF($D16<>"Serviço",0,IF(OR(AND(AUTOEVENTO="Manual",$M16=1),$M16>(ROW(PLE.lastrow)-ROW(PLE.firstrow))),0,IF(OFFSET(PLE!$G$14,$M16,FO$13)="",10^12,OFFSET(PLE!$G$14,$M16,FO$13)))) -> 0 | FP16: =IF($D16<>"Serviço",0,IF(OR(AND(AUTOEVENTO="Manual",$M16=1),$M16>(ROW(PLE.lastrow)-ROW(PLE.firstrow))),0,IF(OFFSET(PLE!$G$14,$M16,FP$13)="",10^12,OFFSET(PLE!$G$14,$M16,FP$13)))) -> 0 | FQ16: =IF($D16<>"Serviço",0,IF(OR(AND(AUTOEVENTO="Manual",$M16=1),$M16>(ROW(PLE.lastrow)-ROW(PLE.firstrow))),0,IF(OFFSET(PLE!$G$14,$M16,FQ$13)="",10^12,OFFSET(PLE!$G$14,$M16,FQ$13)))) -> 0 | FR16: =IF($D16<>"Serviço",0,IF(OR(AND(AUTOEVENTO="Manual",$M16=1),$M16>(ROW(PLE.lastrow)-ROW(PLE.firstrow))),0,IF(OFFSET(PLE!$G$14,$M16,FR$13)="",10^12,OFFSET(PLE!$G$14,$M16,FR$13)))) -> 0 | FS16: =IF($D16<>"Serviço",0,IF(OR(AND(AUTOEVENTO="Manual",$M16=1),$M16>(ROW(PLE.lastrow)-ROW(PLE.firstrow))),0,IF(OFFSET(PLE!$G$14,$M16,FS$13)="",10^12,OFFSET(PLE!$G$14,$M16,FS$13)))) -> 0 | FT16: =IF($D16<>"Serviço",0,IF(OR(AND(AUTOEVENTO="Manual",$M16=1),$M16>(ROW(PLE.lastrow)-ROW(PLE.firstrow))),0,IF(OFFSET(PLE!$G$14,$M16,FT$13)="",10^12,OFFSET(PLE!$G$14,$M16,FT$13)))) -> 0 | FU16: =IF($D16<>"Serviço",0,IF(OR(AND(AUTOEVENTO="Manual",$M16=1),$M16>(ROW(PLE.lastrow)-ROW(PLE.firstrow))),0,IF(OFFSET(PLE!$G$14,$M16,FU$13)="",10^12,OFFSET(PLE!$G$14,$M16,FU$13)))) -> 0 | ... HK16: =IF($D16<>"Serviço",0,IF(OR(AND(AUTOEVENTO="Manual",$M16=1),$M16>(ROW(PLE.lastrow)-ROW(PLE.firstrow))),0,IF(OFFSET(PLE!$G$14,$M16,HK$13)="",10^12,OFFSET(PLE!$G$14,$M16,HK$13)))) -> 0
A17: =IF(AUTOEVENTO="Manual",IF(K17<>"",MIN(VALUE(LEFT(K17,FIND(".",K17)-1)),COUNTA(EVENTOS.Lista)),0),IF(OR($B17>AUTOEVENTO,$B17="S",$B17=0),SUBSTITUTE(OFFSET($A17,-1,0),IF($D17="Serviço",".",""),""),ROW(A17)-ROW($A$15)&".")) -> 2. | B17: =OFFSET(ORÇAMENTO!C$15,ROW(B17)-ROW(B$15),0) -> 2 | C17: =OFFSET(ORÇAMENTO!L$15,ROW(C17)-ROW(C$15),0) -> F | D17: =OFFSET(ORÇAMENTO!N$15,ROW(D17)-ROW(D$15),0) -> Nível 2 | E17: =OFFSET(ORÇAMENTO!O$15,ROW(E17)-ROW(E$15),0) -> 1.1. | F17: =OFFSET(ORÇAMENTO!R$15,ROW(F17)-ROW(F$15),0) -> SERVIÇOS PRELIMINARES | G17: =IF($D17<>"Serviço","",OFFSET(ORÇAMENTO!S$15,ROW(G17)-ROW(G$15),0)) | H17: =IF($D17<>"Serviço",0,IF(ACOMPANHAMENTO="BM",ROUND(OFFSET(ORÇAMENTO!AJ$15,ROW(H17)-ROW(H$15),0),15-13*ORÇAMENTO!$AF$7),SUMPRODUCT(($Q$12:$BO$12<>"")*ROUND($Q17:$BO17,15-13*ORÇAMENTO!$AF$7)))) -> 0 | L17: . | M17: =IF($D17<>"Serviço","",IF(AUTOEVENTO="manual",$A17,IF(ISERROR(MATCH($A17,$A$15:OFFSET($A17,-1,0),0)),MAX($M$15:OFFSET(M17,-1,0))+1,INDEX($M$15:OFFSET(M17,-1,0),MATCH($A17,$A$15:OFFSET($A17,-1,0),0))))) | N17: =IF($D17<>"Serviço","",IF(AUTOEVENTO="Manual",IF($A17=0,"<-- defina o número do agrupador",OFFSET(EVENTOS!$D$14,$A17,0)),OFFSET($F$15,$A17,0))) | BP17: =IF(AND($D17="Serviço",BP$12<>0,$H17>0,OR(AUTOEVENTO<>"manual",$M17<>1)),ROUND(OFFSET($P17,0,BP$13),15-13*ORÇAMENTO!$AF$7)/$H17*OFFSET(ORÇAMENTO!$X$15,ROW(BP17)-ROW(BP$15),0),0) -> 0 | BQ17: =IF(AND($D17="Serviço",BQ$12<>0,$H17>0,OR(AUTOEVENTO<>"manual",$M17<>1)),ROUND(OFFSET($P17,0,BQ$13),15-13*ORÇAMENTO!$AF$7)/$H17*OFFSET(ORÇAMENTO!$X$15,ROW(BQ17)-ROW(BQ$15),0),0) -> 0 | BR17: =IF(AND($D17="Serviço",BR$12<>0,$H17>0,OR(AUTOEVENTO<>"manual",$M17<>1)),ROUND(OFFSET($P17,0,BR$13),15-13*ORÇAMENTO!$AF$7)/$H17*OFFSET(ORÇAMENTO!$X$15,ROW(BR17)-ROW(BR$15),0),0) -> 0 | BS17: =IF(AND($D17="Serviço",BS$12<>0,$H17>0,OR(AUTOEVENTO<>"manual",$M17<>1)),ROUND(OFFSET($P17,0,BS$13),15-13*ORÇAMENTO!$AF$7)/$H17*OFFSET(ORÇAMENTO!$X$15,ROW(BS17)-ROW(BS$15),0),0) -> 0 | BT17: =IF(AND($D17="Serviço",BT$12<>0,$H17>0,OR(AUTOEVENTO<>"manual",$M17<>1)),ROUND(OFFSET($P17,0,BT$13),15-13*ORÇAMENTO!$AF$7)/$H17*OFFSET(ORÇAMENTO!$X$15,ROW(BT17)-ROW(BT$15),0),0) -> 0 | BU17: =IF(AND($D17="Serviço",BU$12<>0,$H17>0,OR(AUTOEVENTO<>"manual",$M17<>1)),ROUND(OFFSET($P17,0,BU$13),15-13*ORÇAMENTO!$AF$7)/$H17*OFFSET(ORÇAMENTO!$X$15,ROW(BU17)-ROW(BU$15),0),0) -> 0 | BV17: =IF(AND($D17="Serviço",BV$12<>0,$H17>0,OR(AUTOEVENTO<>"manual",$M17<>1)),ROUND(OFFSET($P17,0,BV$13),15-13*ORÇAMENTO!$AF$7)/$H17*OFFSET(ORÇAMENTO!$X$15,ROW(BV17)-ROW(BV$15),0),0) -> 0 | BW17: =IF(AND($D17="Serviço",BW$12<>0,$H17>0,OR(AUTOEVENTO<>"manual",$M17<>1)),ROUND(OFFSET($P17,0,BW$13),15-13*ORÇAMENTO!$AF$7)/$H17*OFFSET(ORÇAMENTO!$X$15,ROW(BW17)-ROW(BW$15),0),0) -> 0 | ... DM17: =IF(AND($D17="Serviço",DM$12<>0,$H17>0,OR(AUTOEVENTO<>"manual",$M17<>1)),ROUND(OFFSET($P17,0,DM$13),15-13*ORÇAMENTO!$AF$7)/$H17*OFFSET(ORÇAMENTO!$X$15,ROW(DM17)-ROW(DM$15),0),0) -> 0 | DO17: =IF($D17<>"Serviço",0,IF(AND(AUTOEVENTO="Manual",$M17=1),0,IF(OFFSET(CRONOPLE!$F$14,$M17,DO$13)="",10^12,OFFSET(CRONOPLE!$F$14,$M17,DO$13)))) -> 0 | DP17: =IF($D17<>"Serviço",0,IF(AND(AUTOEVENTO="Manual",$M17=1),0,IF(OFFSET(CRONOPLE!$F$14,$M17,DP$13)="",10^12,OFFSET(CRONOPLE!$F$14,$M17,DP$13)))) -> 0 | DQ17: =IF($D17<>"Serviço",0,IF(AND(AUTOEVENTO="Manual",$M17=1),0,IF(OFFSET(CRONOPLE!$F$14,$M17,DQ$13)="",10^12,OFFSET(CRONOPLE!$F$14,$M17,DQ$13)))) -> 0 | DR17: =IF($D17<>"Serviço",0,IF(AND(AUTOEVENTO="Manual",$M17=1),0,IF(OFFSET(CRONOPLE!$F$14,$M17,DR$13)="",10^12,OFFSET(CRONOPLE!$F$14,$M17,DR$13)))) -> 0 | DS17: =IF($D17<>"Serviço",0,IF(AND(AUTOEVENTO="Manual",$M17=1),0,IF(OFFSET(CRONOPLE!$F$14,$M17,DS$13)="",10^12,OFFSET(CRONOPLE!$F$14,$M17,DS$13)))) -> 0 | DT17: =IF($D17<>"Serviço",0,IF(AND(AUTOEVENTO="Manual",$M17=1),0,IF(OFFSET(CRONOPLE!$F$14,$M17,DT$13)="",10^12,OFFSET(CRONOPLE!$F$14,$M17,DT$13)))) -> 0 | DU17: =IF($D17<>"Serviço",0,IF(AND(AUTOEVENTO="Manual",$M17=1),0,IF(OFFSET(CRONOPLE!$F$14,$M17,DU$13)="",10^12,OFFSET(CRONOPLE!$F$14,$M17,DU$13)))) -> 0 | DV17: =IF($D17<>"Serviço",0,IF(AND(AUTOEVENTO="Manual",$M17=1),0,IF(OFFSET(CRONOPLE!$F$14,$M17,DV$13)="",10^12,OFFSET(CRONOPLE!$F$14,$M17,DV$13)))) -> 0 | ... FL17: =IF($D17<>"Serviço",0,IF(AND(AUTOEVENTO="Manual",$M17=1),0,IF(OFFSET(CRONOPLE!$F$14,$M17,FL$13)="",10^12,OFFSET(CRONOPLE!$F$14,$M17,FL$13)))) -> 0 | FN17: =IF($D17<>"Serviço",0,IF(OR(AND(AUTOEVENTO="Manual",$M17=1),$M17>(ROW(PLE.lastrow)-ROW(PLE.firstrow))),0,IF(OFFSET(PLE!$G$14,$M17,FN$13)="",10^12,OFFSET(PLE!$G$14,$M17,FN$13)))) -> 0 | FO17: =IF($D17<>"Serviço",0,IF(OR(AND(AUTOEVENTO="Manual",$M17=1),$M17>(ROW(PLE.lastrow)-ROW(PLE.firstrow))),0,IF(OFFSET(PLE!$G$14,$M17,FO$13)="",10^12,OFFSET(PLE!$G$14,$M17,FO$13)))) -> 0 | FP17: =IF($D17<>"Serviço",0,IF(OR(AND(AUTOEVENTO="Manual",$M17=1),$M17>(ROW(PLE.lastrow)-ROW(PLE.firstrow))),0,IF(OFFSET(PLE!$G$14,$M17,FP$13)="",10^12,OFFSET(PLE!$G$14,$M17,FP$13)))) -> 0 | FQ17: =IF($D17<>"Serviço",0,IF(OR(AND(AUTOEVENTO="Manual",$M17=1),$M17>(ROW(PLE.lastrow)-ROW(PLE.firstrow))),0,IF(OFFSET(PLE!$G$14,$M17,FQ$13)="",10^12,OFFSET(PLE!$G$14,$M17,FQ$13)))) -> 0 | FR17: =IF($D17<>"Serviço",0,IF(OR(AND(AUTOEVENTO="Manual",$M17=1),$M17>(ROW(PLE.lastrow)-ROW(PLE.firstrow))),0,IF(OFFSET(PLE!$G$14,$M17,FR$13)="",10^12,OFFSET(PLE!$G$14,$M17,FR$13)))) -> 0 | FS17: =IF($D17<>"Serviço",0,IF(OR(AND(AUTOEVENTO="Manual",$M17=1),$M17>(ROW(PLE.lastrow)-ROW(PLE.firstrow))),0,IF(OFFSET(PLE!$G$14,$M17,FS$13)="",10^12,OFFSET(PLE!$G$14,$M17,FS$13)))) -> 0 | FT17: =IF($D17<>"Serviço",0,IF(OR(AND(AUTOEVENTO="Manual",$M17=1),$M17>(ROW(PLE.lastrow)-ROW(PLE.firstrow))),0,IF(OFFSET(PLE!$G$14,$M17,FT$13)="",10^12,OFFSET(PLE!$G$14,$M17,FT$13)))) -> 0 | FU17: =IF($D17<>"Serviço",0,IF(OR(AND(AUTOEVENTO="Manual",$M17=1),$M17>(ROW(PLE.lastrow)-ROW(PLE.firstrow))),0,IF(OFFSET(PLE!$G$14,$M17,FU$13)="",10^12,OFFSET(PLE!$G$14,$M17,FU$13)))) -> 0 | ... HK17: =IF($D17<>"Serviço",0,IF(OR(AND(AUTOEVENTO="Manual",$M17=1),$M17>(ROW(PLE.lastrow)-ROW(PLE.firstrow))),0,IF(OFFSET(PLE!$G$14,$M17,HK$13)="",10^12,OFFSET(PLE!$G$14,$M17,HK$13)))) -> 0
A18: =IF(AUTOEVENTO="Manual",IF(K18<>"",MIN(VALUE(LEFT(K18,FIND(".",K18)-1)),COUNTA(EVENTOS.Lista)),0),IF(OR($B18>AUTOEVENTO,$B18="S",$B18=0),SUBSTITUTE(OFFSET($A18,-1,0),IF($D18="Serviço",".",""),""),ROW(A18)-ROW($A$15)&".")) -> 2 | B18: =OFFSET(ORÇAMENTO!C$15,ROW(B18)-ROW(B$15),0) -> S | C18: =OFFSET(ORÇAMENTO!L$15,ROW(C18)-ROW(C$15),0) -> F | D18: =OFFSET(ORÇAMENTO!N$15,ROW(D18)-ROW(D$15),0) -> Serviço | E18: =OFFSET(ORÇAMENTO!O$15,ROW(E18)-ROW(E$15),0) -> 1.1.1. | F18: =OFFSET(ORÇAMENTO!R$15,ROW(F18)-ROW(F$15),0) -> (abra o arquivo 'Referência 11-2023.xls) | G18: =IF($D18<>"Serviço","",OFFSET(ORÇAMENTO!S$15,ROW(G18)-ROW(G$15),0)) -> - | H18: =IF($D18<>"Serviço",0,IF(ACOMPANHAMENTO="BM",ROUND(OFFSET(ORÇAMENTO!AJ$15,ROW(H18)-ROW(H$15),0),15-13*ORÇAMENTO!$AF$7),SUMPRODUCT(($Q$12:$BO$12<>"")*ROUND($Q18:$BO18,15-13*ORÇAMENTO!$AF$7)))) -> 4.5 | I18: PLACA DE OBRA 1,50X3,00M | K18: 2.SERVIÇOS PRELIMINARES | L18: . | M18: =IF($D18<>"Serviço","",IF(AUTOEVENTO="manual",$A18,IF(ISERROR(MATCH($A18,$A$15:OFFSET($A18,-1,0),0)),MAX($M$15:OFFSET(M18,-1,0))+1,INDEX($M$15:OFFSET(M18,-1,0),MATCH($A18,$A$15:OFFSET($A18,-1,0),0))))) -> 2 | N18: =IF($D18<>"Serviço","",IF(AUTOEVENTO="Manual",IF($A18=0,"<-- defina o número do agrupador",OFFSET(EVENTOS!$D$14,$A18,0)),OFFSET($F$15,$A18,0))) -> SERVIÇOS PRELIMINARES | Q18: =1.5*3 -> 4.5 | BP18: =IF(AND($D18="Serviço",BP$12<>0,$H18>0,OR(AUTOEVENTO<>"manual",$M18<>1)),ROUND(OFFSET($P18,0,BP$13),15-13*ORÇAMENTO!$AF$7)/$H18*OFFSET(ORÇAMENTO!$X$15,ROW(BP18)-ROW(BP$15),0),0) -> 1671.89 | BQ18: =IF(AND($D18="Serviço",BQ$12<>0,$H18>0,OR(AUTOEVENTO<>"manual",$M18<>1)),ROUND(OFFSET($P18,0,BQ$13),15-13*ORÇAMENTO!$AF$7)/$H18*OFFSET(ORÇAMENTO!$X$15,ROW(BQ18)-ROW(BQ$15),0),0) -> 0 | BR18: =IF(AND($D18="Serviço",BR$12<>0,$H18>0,OR(AUTOEVENTO<>"manual",$M18<>1)),ROUND(OFFSET($P18,0,BR$13),15-13*ORÇAMENTO!$AF$7)/$H18*OFFSET(ORÇAMENTO!$X$15,ROW(BR18)-ROW(BR$15),0),0) -> 0 | BS18: =IF(AND($D18="Serviço",BS$12<>0,$H18>0,OR(AUTOEVENTO<>"manual",$M18<>1)),ROUND(OFFSET($P18,0,BS$13),15-13*ORÇAMENTO!$AF$7)/$H18*OFFSET(ORÇAMENTO!$X$15,ROW(BS18)-ROW(BS$15),0),0) -> 0 | BT18: =IF(AND($D18="Serviço",BT$12<>0,$H18>0,OR(AUTOEVENTO<>"manual",$M18<>1)),ROUND(OFFSET($P18,0,BT$13),15-13*ORÇAMENTO!$AF$7)/$H18*OFFSET(ORÇAMENTO!$X$15,ROW(BT18)-ROW(BT$15),0),0) -> 0 | BU18: =IF(AND($D18="Serviço",BU$12<>0,$H18>0,OR(AUTOEVENTO<>"manual",$M18<>1)),ROUND(OFFSET($P18,0,BU$13),15-13*ORÇAMENTO!$AF$7)/$H18*OFFSET(ORÇAMENTO!$X$15,ROW(BU18)-ROW(BU$15),0),0) -> 0 | BV18: =IF(AND($D18="Serviço",BV$12<>0,$H18>0,OR(AUTOEVENTO<>"manual",$M18<>1)),ROUND(OFFSET($P18,0,BV$13),15-13*ORÇAMENTO!$AF$7)/$H18*OFFSET(ORÇAMENTO!$X$15,ROW(BV18)-ROW(BV$15),0),0) -> 0 | BW18: =IF(AND($D18="Serviço",BW$12<>0,$H18>0,OR(AUTOEVENTO<>"manual",$M18<>1)),ROUND(OFFSET($P18,0,BW$13),15-13*ORÇAMENTO!$AF$7)/$H18*OFFSET(ORÇAMENTO!$X$15,ROW(BW18)-ROW(BW$15),0),0) -> 0 | ... DM18: =IF(AND($D18="Serviço",DM$12<>0,$H18>0,OR(AUTOEVENTO<>"manual",$M18<>1)),ROUND(OFFSET($P18,0,DM$13),15-13*ORÇAMENTO!$AF$7)/$H18*OFFSET(ORÇAMENTO!$X$15,ROW(DM18)-ROW(DM$15),0),0) -> 0 | DO18: =IF($D18<>"Serviço",0,IF(AND(AUTOEVENTO="Manual",$M18=1),0,IF(OFFSET(CRONOPLE!$F$14,$M18,DO$13)="",10^12,OFFSET(CRONOPLE!$F$14,$M18,DO$13)))) -> 1 | DP18: =IF($D18<>"Serviço",0,IF(AND(AUTOEVENTO="Manual",$M18=1),0,IF(OFFSET(CRONOPLE!$F$14,$M18,DP$13)="",10^12,OFFSET(CRONOPLE!$F$14,$M18,DP$13)))) -> 2 | DQ18: =IF($D18<>"Serviço",0,IF(AND(AUTOEVENTO="Manual",$M18=1),0,IF(OFFSET(CRONOPLE!$F$14,$M18,DQ$13)="",10^12,OFFSET(CRONOPLE!$F$14,$M18,DQ$13)))) -> 3 | DR18: =IF($D18<>"Serviço",0,IF(AND(AUTOEVENTO="Manual",$M18=1),0,IF(OFFSET(CRONOPLE!$F$14,$M18,DR$13)="",10^12,OFFSET(CRONOPLE!$F$14,$M18,DR$13)))) -> 4 | DS18: =IF($D18<>"Serviço",0,IF(AND(AUTOEVENTO="Manual",$M18=1),0,IF(OFFSET(CRONOPLE!$F$14,$M18,DS$13)="",10^12,OFFSET(CRONOPLE!$F$14,$M18,DS$13)))) -> 5 | DT18: =IF($D18<>"Serviço",0,IF(AND(AUTOEVENTO="Manual",$M18=1),0,IF(OFFSET(CRONOPLE!$F$14,$M18,DT$13)="",10^12,OFFSET(CRONOPLE!$F$14,$M18,DT$13)))) -> 6 | DU18: =IF($D18<>"Serviço",0,IF(AND(AUTOEVENTO="Manual",$M18=1),0,IF(OFFSET(CRONOPLE!$F$14,$M18,DU$13)="",10^12,OFFSET(CRONOPLE!$F$14,$M18,DU$13)))) -> 1000000000000 | DV18: =IF($D18<>"Serviço",0,IF(AND(AUTOEVENTO="Manual",$M18=1),0,IF(OFFSET(CRONOPLE!$F$14,$M18,DV$13)="",10^12,OFFSET(CRONOPLE!$F$14,$M18,DV$13)))) -> 1000000000000 | ... FL18: =IF($D18<>"Serviço",0,IF(AND(AUTOEVENTO="Manual",$M18=1),0,IF(OFFSET(CRONOPLE!$F$14,$M18,FL$13)="",10^12,OFFSET(CRONOPLE!$F$14,$M18,FL$13)))) -> 1000000000000 | FN18: =IF($D18<>"Serviço",0,IF(OR(AND(AUTOEVENTO="Manual",$M18=1),$M18>(ROW(PLE.lastrow)-ROW(PLE.firstrow))),0,IF(OFFSET(PLE!$G$14,$M18,FN$13)="",10^12,OFFSET(PLE!$G$14,$M18,FN$13)))) -> 1000000000000 | FO18: =IF($D18<>"Serviço",0,IF(OR(AND(AUTOEVENTO="Manual",$M18=1),$M18>(ROW(PLE.lastrow)-ROW(PLE.firstrow))),0,IF(OFFSET(PLE!$G$14,$M18,FO$13)="",10^12,OFFSET(PLE!$G$14,$M18,FO$13)))) -> 1000000000000 | FP18: =IF($D18<>"Serviço",0,IF(OR(AND(AUTOEVENTO="Manual",$M18=1),$M18>(ROW(PLE.lastrow)-ROW(PLE.firstrow))),0,IF(OFFSET(PLE!$G$14,$M18,FP$13)="",10^12,OFFSET(PLE!$G$14,$M18,FP$13)))) -> 1000000000000 | FQ18: =IF($D18<>"Serviço",0,IF(OR(AND(AUTOEVENTO="Manual",$M18=1),$M18>(ROW(PLE.lastrow)-ROW(PLE.firstrow))),0,IF(OFFSET(PLE!$G$14,$M18,FQ$13)="",10^12,OFFSET(PLE!$G$14,$M18,FQ$13)))) -> 1000000000000 | FR18: =IF($D18<>"Serviço",0,IF(OR(AND(AUTOEVENTO="Manual",$M18=1),$M18>(ROW(PLE.lastrow)-ROW(PLE.firstrow))),0,IF(OFFSET(PLE!$G$14,$M18,FR$13)="",10^12,OFFSET(PLE!$G$14,$M18,FR$13)))) -> 1000000000000 | FS18: =IF($D18<>"Serviço",0,IF(OR(AND(AUTOEVENTO="Manual",$M18=1),$M18>(ROW(PLE.lastrow)-ROW(PLE.firstrow))),0,IF(OFFSET(PLE!$G$14,$M18,FS$13)="",10^12,OFFSET(PLE!$G$14,$M18,FS$13)))) -> 1000000000000 | FT18: =IF($D18<>"Serviço",0,IF(OR(AND(AUTOEVENTO="Manual",$M18=1),$M18>(ROW(PLE.lastrow)-ROW(PLE.firstrow))),0,IF(OFFSET(PLE!$G$14,$M18,FT$13)="",10^12,OFFSET(PLE!$G$14,$M18,FT$13)))) -> 1000000000000 | FU18: =IF($D18<>"Serviço",0,IF(OR(AND(AUTOEVENTO="Manual",$M18=1),$M18>(ROW(PLE.lastrow)-ROW(PLE.firstrow))),0,IF(OFFSET(PLE!$G$14,$M18,FU$13)="",10^12,OFFSET(PLE!$G$14,$M18,FU$13)))) -> 1000000000000 | ... HK18: =IF($D18<>"Serviço",0,IF(OR(AND(AUTOEVENTO="Manual",$M18=1),$M18>(ROW(PLE.lastrow)-ROW(PLE.firstrow))),0,IF(OFFSET(PLE!$G$14,$M18,HK$13)="",10^12,OFFSET(PLE!$G$14,$M18,HK$13)))) -> 1000000000000
A19: =IF(AUTOEVENTO="Manual",IF(K19<>"",MIN(VALUE(LEFT(K19,FIND(".",K19)-1)),COUNTA(EVENTOS.Lista)),0),IF(OR($B19>AUTOEVENTO,$B19="S",$B19=0),SUBSTITUTE(OFFSET($A19,-1,0),IF($D19="Serviço",".",""),""),ROW(A19)-ROW($A$15)&".")) -> 2 | B19: =OFFSET(ORÇAMENTO!C$15,ROW(B19)-ROW(B$15),0) -> S | C19: =OFFSET(ORÇAMENTO!L$15,ROW(C19)-ROW(C$15),0) -> F | D19: =OFFSET(ORÇAMENTO!N$15,ROW(D19)-ROW(D$15),0) -> Serviço | E19: =OFFSET(ORÇAMENTO!O$15,ROW(E19)-ROW(E$15),0) -> 1.1.2. | F19: =OFFSET(ORÇAMENTO!R$15,ROW(F19)-ROW(F$15),0) -> Regularização do subleito | G19: =IF($D19<>"Serviço","",OFFSET(ORÇAMENTO!S$15,ROW(G19)-ROW(G$15),0)) -> M2 | H19: =IF($D19<>"Serviço",0,IF(ACOMPANHAMENTO="BM",ROUND(OFFSET(ORÇAMENTO!AJ$15,ROW(H19)-ROW(H$15),0),15-13*ORÇAMENTO!$AF$7),SUMPRODUCT(($Q$12:$BO$12<>"")*ROUND($Q19:$BO19,15-13*ORÇAMENTO!$AF$7)))) -> 3759.5 | I19: ETAPA 1ª: 1227,65+(0,3*448,32) = 1.362,15 M2 ETAPA 2ª: 1757,74+(0,3*323,26) = 1.854,72 M2 ETAPA 3ª: 542,63+(0,3*118,39) = 542,63 M2 | K19: 2.SERVIÇOS PRELIMINARES | L19: . | M19: =IF($D19<>"Serviço","",IF(AUTOEVENTO="manual",$A19,IF(ISERROR(MATCH($A19,$A$15:OFFSET($A19,-1,0),0)),MAX($M$15:OFFSET(M19,-1,0))+1,INDEX($M$15:OFFSET(M19,-1,0),MATCH($A19,$A$15:OFFSET($A19,-1,0),0))))) -> 2 | N19: =IF($D19<>"Serviço","",IF(AUTOEVENTO="Manual",IF($A19=0,"<-- defina o número do agrupador",OFFSET(EVENTOS!$D$14,$A19,0)),OFFSET($F$15,$A19,0))) -> SERVIÇOS PRELIMINARES | Q19: =Q23+(0.3*448.32) -> 1362.146 | R19: =R23+(0.3*323.26) -> 1854.718 | S19: =S23+(0*118.39) -> 542.63 | BP19: =IF(AND($D19="Serviço",BP$12<>0,$H19>0,OR(AUTOEVENTO<>"manual",$M19<>1)),ROUND(OFFSET($P19,0,BP$13),15-13*ORÇAMENTO!$AF$7)/$H19*OFFSET(ORÇAMENTO!$X$15,ROW(BP19)-ROW(BP$15),0),0) -> 1852.524 | BQ19: =IF(AND($D19="Serviço",BQ$12<>0,$H19>0,OR(AUTOEVENTO<>"manual",$M19<>1)),ROUND(OFFSET($P19,0,BQ$13),15-13*ORÇAMENTO!$AF$7)/$H19*OFFSET(ORÇAMENTO!$X$15,ROW(BQ19)-ROW(BQ$15),0),0) -> 2522.4192 | BR19: =IF(AND($D19="Serviço",BR$12<>0,$H19>0,OR(AUTOEVENTO<>"manual",$M19<>1)),ROUND(OFFSET($P19,0,BR$13),15-13*ORÇAMENTO!$AF$7)/$H19*OFFSET(ORÇAMENTO!$X$15,ROW(BR19)-ROW(BR$15),0),0) -> 737.9768 | BS19: =IF(AND($D19="Serviço",BS$12<>0,$H19>0,OR(AUTOEVENTO<>"manual",$M19<>1)),ROUND(OFFSET($P19,0,BS$13),15-13*ORÇAMENTO!$AF$7)/$H19*OFFSET(ORÇAMENTO!$X$15,ROW(BS19)-ROW(BS$15),0),0) -> 0 | BT19: =IF(AND($D19="Serviço",BT$12<>0,$H19>0,OR(AUTOEVENTO<>"manual",$M19<>1)),ROUND(OFFSET($P19,0,BT$13),15-13*ORÇAMENTO!$AF$7)/$H19*OFFSET(ORÇAMENTO!$X$15,ROW(BT19)-ROW(BT$15),0),0) -> 0 | BU19: =IF(AND($D19="Serviço",BU$12<>0,$H19>0,OR(AUTOEVENTO<>"manual",$M19<>1)),ROUND(OFFSET($P19,0,BU$13),15-13*ORÇAMENTO!$AF$7)/$H19*OFFSET(ORÇAMENTO!$X$15,ROW(BU19)-ROW(BU$15),0),0) -> 0 | BV19: =IF(AND($D19="Serviço",BV$12<>0,$H19>0,OR(AUTOEVENTO<>"manual",$M19<>1)),ROUND(OFFSET($P19,0,BV$13),15-13*ORÇAMENTO!$AF$7)/$H19*OFFSET(ORÇAMENTO!$X$15,ROW(BV19)-ROW(BV$15),0),0) -> 0 | BW19: =IF(AND($D19="Serviço",BW$12<>0,$H19>0,OR(AUTOEVENTO<>"manual",$M19<>1)),ROUND(OFFSET($P19,0,BW$13),15-13*ORÇAMENTO!$AF$7)/$H19*OFFSET(ORÇAMENTO!$X$15,ROW(BW19)-ROW(BW$15),0),0) -> 0 | ... DM19: =IF(AND($D19="Serviço",DM$12<>0,$H19>0,OR(AUTOEVENTO<>"manual",$M19<>1)),ROUND(OFFSET($P19,0,DM$13),15-13*ORÇAMENTO!$AF$7)/$H19*OFFSET(ORÇAMENTO!$X$15,ROW(DM19)-ROW(DM$15),0),0) -> 0 | DO19: =IF($D19<>"Serviço",0,IF(AND(AUTOEVENTO="Manual",$M19=1),0,IF(OFFSET(CRONOPLE!$F$14,$M19,DO$13)="",10^12,OFFSET(CRONOPLE!$F$14,$M19,DO$13)))) -> 1 | DP19: =IF($D19<>"Serviço",0,IF(AND(AUTOEVENTO="Manual",$M19=1),0,IF(OFFSET(CRONOPLE!$F$14,$M19,DP$13)="",10^12,OFFSET(CRONOPLE!$F$14,$M19,DP$13)))) -> 2 | DQ19: =IF($D19<>"Serviço",0,IF(AND(AUTOEVENTO="Manual",$M19=1),0,IF(OFFSET(CRONOPLE!$F$14,$M19,DQ$13)="",10^12,OFFSET(CRONOPLE!$F$14,$M19,DQ$13)))) -> 3 | DR19: =IF($D19<>"Serviço",0,IF(AND(AUTOEVENTO="Manual",$M19=1),0,IF(OFFSET(CRONOPLE!$F$14,$M19,DR$13)="",10^12,OFFSET(CRONOPLE!$F$14,$M19,DR$13)))) -> 4 | DS19: =IF($D19<>"Serviço",0,IF(AND(AUTOEVENTO="Manual",$M19=1),0,IF(OFFSET(CRONOPLE!$F$14,$M19,DS$13)="",10^12,OFFSET(CRONOPLE!$F$14,$M19,DS$13)))) -> 5 | DT19: =IF($D19<>"Serviço",0,IF(AND(AUTOEVENTO="Manual",$M19=1),0,IF(OFFSET(CRONOPLE!$F$14,$M19,DT$13)="",10^12,OFFSET(CRONOPLE!$F$14,$M19,DT$13)))) -> 6 | DU19: =IF($D19<>"Serviço",0,IF(AND(AUTOEVENTO="Manual",$M19=1),0,IF(OFFSET(CRONOPLE!$F$14,$M19,DU$13)="",10^12,OFFSET(CRONOPLE!$F$14,$M19,DU$13)))) -> 1000000000000 | DV19: =IF($D19<>"Serviço",0,IF(AND(AUTOEVENTO="Manual",$M19=1),0,IF(OFFSET(CRONOPLE!$F$14,$M19,DV$13)="",10^12,OFFSET(CRONOPLE!$F$14,$M19,DV$13)))) -> 1000000000000 | ... FL19: =IF($D19<>"Serviço",0,IF(AND(AUTOEVENTO="Manual",$M19=1),0,IF(OFFSET(CRONOPLE!$F$14,$M19,FL$13)="",10^12,OFFSET(CRONOPLE!$F$14,$M19,FL$13)))) -> 1000000000000 | FN19: =IF($D19<>"Serviço",0,IF(OR(AND(AUTOEVENTO="Manual",$M19=1),$M19>(ROW(PLE.lastrow)-ROW(PLE.firstrow))),0,IF(OFFSET(PLE!$G$14,$M19,FN$13)="",10^12,OFFSET(PLE!$G$14,$M19,FN$13)))) -> 1000000000000 | FO19: =IF($D19<>"Serviço",0,IF(OR(AND(AUTOEVENTO="Manual",$M19=1),$M19>(ROW(PLE.lastrow)-ROW(PLE.firstrow))),0,IF(OFFSET(PLE!$G$14,$M19,FO$13)="",10^12,OFFSET(PLE!$G$14,$M19,FO$13)))) -> 1000000000000 | FP19: =IF($D19<>"Serviço",0,IF(OR(AND(AUTOEVENTO="Manual",$M19=1),$M19>(ROW(PLE.lastrow)-ROW(PLE.firstrow))),0,IF(OFFSET(PLE!$G$14,$M19,FP$13)="",10^12,OFFSET(PLE!$G$14,$M19,FP$13)))) -> 1000000000000 | FQ19: =IF($D19<>"Serviço",0,IF(OR(AND(AUTOEVENTO="Manual",$M19=1),$M19>(ROW(PLE.lastrow)-ROW(PLE.firstrow))),0,IF(OFFSET(PLE!$G$14,$M19,FQ$13)="",10^12,OFFSET(PLE!$G$14,$M19,FQ$13)))) -> 1000000000000 | FR19: =IF($D19<>"Serviço",0,IF(OR(AND(AUTOEVENTO="Manual",$M19=1),$M19>(ROW(PLE.lastrow)-ROW(PLE.firstrow))),0,IF(OFFSET(PLE!$G$14,$M19,FR$13)="",10^12,OFFSET(PLE!$G$14,$M19,FR$13)))) -> 1000000000000 | FS19: =IF($D19<>"Serviço",0,IF(OR(AND(AUTOEVENTO="Manual",$M19=1),$M19>(ROW(PLE.lastrow)-ROW(PLE.firstrow))),0,IF(OFFSET(PLE!$G$14,$M19,FS$13)="",10^12,OFFSET(PLE!$G$14,$M19,FS$13)))) -> 1000000000000 | FT19: =IF($D19<>"Serviço",0,IF(OR(AND(AUTOEVENTO="Manual",$M19=1),$M19>(ROW(PLE.lastrow)-ROW(PLE.firstrow))),0,IF(OFFSET(PLE!$G$14,$M19,FT$13)="",10^12,OFFSET(PLE!$G$14,$M19,FT$13)))) -> 1000000000000 | FU19: =IF($D19<>"Serviço",0,IF(OR(AND(AUTOEVENTO="Manual",$M19=1),$M19>(ROW(PLE.lastrow)-ROW(PLE.firstrow))),0,IF(OFFSET(PLE!$G$14,$M19,FU$13)="",10^12,OFFSET(PLE!$G$14,$M19,FU$13)))) -> 1000000000000 | ... HK19: =IF($D19<>"Serviço",0,IF(OR(AND(AUTOEVENTO="Manual",$M19=1),$M19>(ROW(PLE.lastrow)-ROW(PLE.firstrow))),0,IF(OFFSET(PLE!$G$14,$M19,HK$13)="",10^12,OFFSET(PLE!$G$14,$M19,HK$13)))) -> 1000000000000
A20: =IF(AUTOEVENTO="Manual",IF(K20<>"",MIN(VALUE(LEFT(K20,FIND(".",K20)-1)),COUNTA(EVENTOS.Lista)),0),IF(OR($B20>AUTOEVENTO,$B20="S",$B20=0),SUBSTITUTE(OFFSET($A20,-1,0),IF($D20="Serviço",".",""),""),ROW(A20)-ROW($A$15)&".")) -> 5. | B20: =OFFSET(ORÇAMENTO!C$15,ROW(B20)-ROW(B$15),0) -> 2 | C20: =OFFSET(ORÇAMENTO!L$15,ROW(C20)-ROW(C$15),0) -> F | D20: =OFFSET(ORÇAMENTO!N$15,ROW(D20)-ROW(D$15),0) -> Nível 2 | E20: =OFFSET(ORÇAMENTO!O$15,ROW(E20)-ROW(E$15),0) -> 1.2. | F20: =OFFSET(ORÇAMENTO!R$15,ROW(F20)-ROW(F$15),0) -> ADMINISTRAÇÃO LOCAL | G20: =IF($D20<>"Serviço","",OFFSET(ORÇAMENTO!S$15,ROW(G20)-ROW(G$15),0)) | H20: =IF($D20<>"Serviço",0,IF(ACOMPANHAMENTO="BM",ROUND(OFFSET(ORÇAMENTO!AJ$15,ROW(H20)-ROW(H$15),0),15-13*ORÇAMENTO!$AF$7),SUMPRODUCT(($Q$12:$BO$12<>"")*ROUND($Q20:$BO20,15-13*ORÇAMENTO!$AF$7)))) -> 0 | L20: . | M20: =IF($D20<>"Serviço","",IF(AUTOEVENTO="manual",$A20,IF(ISERROR(MATCH($A20,$A$15:OFFSET($A20,-1,0),0)),MAX($M$15:OFFSET(M20,-1,0))+1,INDEX($M$15:OFFSET(M20,-1,0),MATCH($A20,$A$15:OFFSET($A20,-1,0),0))))) | N20: =IF($D20<>"Serviço","",IF(AUTOEVENTO="Manual",IF($A20=0,"<-- defina o número do agrupador",OFFSET(EVENTOS!$D$14,$A20,0)),OFFSET($F$15,$A20,0))) | BP20: =IF(AND($D20="Serviço",BP$12<>0,$H20>0,OR(AUTOEVENTO<>"manual",$M20<>1)),ROUND(OFFSET($P20,0,BP$13),15-13*ORÇAMENTO!$AF$7)/$H20*OFFSET(ORÇAMENTO!$X$15,ROW(BP20)-ROW(BP$15),0),0) -> 0 | BQ20: =IF(AND($D20="Serviço",BQ$12<>0,$H20>0,OR(AUTOEVENTO<>"manual",$M20<>1)),ROUND(OFFSET($P20,0,BQ$13),15-13*ORÇAMENTO!$AF$7)/$H20*OFFSET(ORÇAMENTO!$X$15,ROW(BQ20)-ROW(BQ$15),0),0) -> 0 | BR20: =IF(AND($D20="Serviço",BR$12<>0,$H20>0,OR(AUTOEVENTO<>"manual",$M20<>1)),ROUND(OFFSET($P20,0,BR$13),15-13*ORÇAMENTO!$AF$7)/$H20*OFFSET(ORÇAMENTO!$X$15,ROW(BR20)-ROW(BR$15),0),0) -> 0 | BS20: =IF(AND($D20="Serviço",BS$12<>0,$H20>0,OR(AUTOEVENTO<>"manual",$M20<>1)),ROUND(OFFSET($P20,0,BS$13),15-13*ORÇAMENTO!$AF$7)/$H20*OFFSET(ORÇAMENTO!$X$15,ROW(BS20)-ROW(BS$15),0),0) -> 0 | BT20: =IF(AND($D20="Serviço",BT$12<>0,$H20>0,OR(AUTOEVENTO<>"manual",$M20<>1)),ROUND(OFFSET($P20,0,BT$13),15-13*ORÇAMENTO!$AF$7)/$H20*OFFSET(ORÇAMENTO!$X$15,ROW(BT20)-ROW(BT$15),0),0) -> 0 | BU20: =IF(AND($D20="Serviço",BU$12<>0,$H20>0,OR(AUTOEVENTO<>"manual",$M20<>1)),ROUND(OFFSET($P20,0,BU$13),15-13*ORÇAMENTO!$AF$7)/$H20*OFFSET(ORÇAMENTO!$X$15,ROW(BU20)-ROW(BU$15),0),0) -> 0 | BV20: =IF(AND($D20="Serviço",BV$12<>0,$H20>0,OR(AUTOEVENTO<>"manual",$M20<>1)),ROUND(OFFSET($P20,0,BV$13),15-13*ORÇAMENTO!$AF$7)/$H20*OFFSET(ORÇAMENTO!$X$15,ROW(BV20)-ROW(BV$15),0),0) -> 0 | BW20: =IF(AND($D20="Serviço",BW$12<>0,$H20>0,OR(AUTOEVENTO<>"manual",$M20<>1)),ROUND(OFFSET($P20,0,BW$13),15-13*ORÇAMENTO!$AF$7)/$H20*OFFSET(ORÇAMENTO!$X$15,ROW(BW20)-ROW(BW$15),0),0) -> 0 | ... DM20: =IF(AND($D20="Serviço",DM$12<>0,$H20>0,OR(AUTOEVENTO<>"manual",$M20<>1)),ROUND(OFFSET($P20,0,DM$13),15-13*ORÇAMENTO!$AF$7)/$H20*OFFSET(ORÇAMENTO!$X$15,ROW(DM20)-ROW(DM$15),0),0) -> 0 | DO20: =IF($D20<>"Serviço",0,IF(AND(AUTOEVENTO="Manual",$M20=1),0,IF(OFFSET(CRONOPLE!$F$14,$M20,DO$13)="",10^12,OFFSET(CRONOPLE!$F$14,$M20,DO$13)))) -> 0 | DP20: =IF($D20<>"Serviço",0,IF(AND(AUTOEVENTO="Manual",$M20=1),0,IF(OFFSET(CRONOPLE!$F$14,$M20,DP$13)="",10^12,OFFSET(CRONOPLE!$F$14,$M20,DP$13)))) -> 0 | DQ20: =IF($D20<>"Serviço",0,IF(AND(AUTOEVENTO="Manual",$M20=1),0,IF(OFFSET(CRONOPLE!$F$14,$M20,DQ$13)="",10^12,OFFSET(CRONOPLE!$F$14,$M20,DQ$13)))) -> 0 | DR20: =IF($D20<>"Serviço",0,IF(AND(AUTOEVENTO="Manual",$M20=1),0,IF(OFFSET(CRONOPLE!$F$14,$M20,DR$13)="",10^12,OFFSET(CRONOPLE!$F$14,$M20,DR$13)))) -> 0 | DS20: =IF($D20<>"Serviço",0,IF(AND(AUTOEVENTO="Manual",$M20=1),0,IF(OFFSET(CRONOPLE!$F$14,$M20,DS$13)="",10^12,OFFSET(CRONOPLE!$F$14,$M20,DS$13)))) -> 0 | DT20: =IF($D20<>"Serviço",0,IF(AND(AUTOEVENTO="Manual",$M20=1),0,IF(OFFSET(CRONOPLE!$F$14,$M20,DT$13)="",10^12,OFFSET(CRONOPLE!$F$14,$M20,DT$13)))) -> 0 | DU20: =IF($D20<>"Serviço",0,IF(AND(AUTOEVENTO="Manual",$M20=1),0,IF(OFFSET(CRONOPLE!$F$14,$M20,DU$13)="",10^12,OFFSET(CRONOPLE!$F$14,$M20,DU$13)))) -> 0 | DV20: =IF($D20<>"Serviço",0,IF(AND(AUTOEVENTO="Manual",$M20=1),0,IF(OFFSET(CRONOPLE!$F$14,$M20,DV$13)="",10^12,OFFSET(CRONOPLE!$F$14,$M20,DV$13)))) -> 0 | ... FL20: =IF($D20<>"Serviço",0,IF(AND(AUTOEVENTO="Manual",$M20=1),0,IF(OFFSET(CRONOPLE!$F$14,$M20,FL$13)="",10^12,OFFSET(CRONOPLE!$F$14,$M20,FL$13)))) -> 0 | FN20: =IF($D20<>"Serviço",0,IF(OR(AND(AUTOEVENTO="Manual",$M20=1),$M20>(ROW(PLE.lastrow)-ROW(PLE.firstrow))),0,IF(OFFSET(PLE!$G$14,$M20,FN$13)="",10^12,OFFSET(PLE!$G$14,$M20,FN$13)))) -> 0 | FO20: =IF($D20<>"Serviço",0,IF(OR(AND(AUTOEVENTO="Manual",$M20=1),$M20>(ROW(PLE.lastrow)-ROW(PLE.firstrow))),0,IF(OFFSET(PLE!$G$14,$M20,FO$13)="",10^12,OFFSET(PLE!$G$14,$M20,FO$13)))) -> 0 | FP20: =IF($D20<>"Serviço",0,IF(OR(AND(AUTOEVENTO="Manual",$M20=1),$M20>(ROW(PLE.lastrow)-ROW(PLE.firstrow))),0,IF(OFFSET(PLE!$G$14,$M20,FP$13)="",10^12,OFFSET(PLE!$G$14,$M20,FP$13)))) -> 0 | FQ20: =IF($D20<>"Serviço",0,IF(OR(AND(AUTOEVENTO="Manual",$M20=1),$M20>(ROW(PLE.lastrow)-ROW(PLE.firstrow))),0,IF(OFFSET(PLE!$G$14,$M20,FQ$13)="",10^12,OFFSET(PLE!$G$14,$M20,FQ$13)))) -> 0 | FR20: =IF($D20<>"Serviço",0,IF(OR(AND(AUTOEVENTO="Manual",$M20=1),$M20>(ROW(PLE.lastrow)-ROW(PLE.firstrow))),0,IF(OFFSET(PLE!$G$14,$M20,FR$13)="",10^12,OFFSET(PLE!$G$14,$M20,FR$13)))) -> 0 | FS20: =IF($D20<>"Serviço",0,IF(OR(AND(AUTOEVENTO="Manual",$M20=1),$M20>(ROW(PLE.lastrow)-ROW(PLE.firstrow))),0,IF(OFFSET(PLE!$G$14,$M20,FS$13)="",10^12,OFFSET(PLE!$G$14,$M20,FS$13)))) -> 0 | FT20: =IF($D20<>"Serviço",0,IF(OR(AND(AUTOEVENTO="Manual",$M20=1),$M20>(ROW(PLE.lastrow)-ROW(PLE.firstrow))),0,IF(OFFSET(PLE!$G$14,$M20,FT$13)="",10^12,OFFSET(PLE!$G$14,$M20,FT$13)))) -> 0 | FU20: =IF($D20<>"Serviço",0,IF(OR(AND(AUTOEVENTO="Manual",$M20=1),$M20>(ROW(PLE.lastrow)-ROW(PLE.firstrow))),0,IF(OFFSET(PLE!$G$14,$M20,FU$13)="",10^12,OFFSET(PLE!$G$14,$M20,FU$13)))) -> 0 | ... HK20: =IF($D20<>"Serviço",0,IF(OR(AND(AUTOEVENTO="Manual",$M20=1),$M20>(ROW(PLE.lastrow)-ROW(PLE.firstrow))),0,IF(OFFSET(PLE!$G$14,$M20,HK$13)="",10^12,OFFSET(PLE!$G$14,$M20,HK$13)))) -> 0
A21: =IF(AUTOEVENTO="Manual",IF(K21<>"",MIN(VALUE(LEFT(K21,FIND(".",K21)-1)),COUNTA(EVENTOS.Lista)),0),IF(OR($B21>AUTOEVENTO,$B21="S",$B21=0),SUBSTITUTE(OFFSET($A21,-1,0),IF($D21="Serviço",".",""),""),ROW(A21)-ROW($A$15)&".")) -> 5 | B21: =OFFSET(ORÇAMENTO!C$15,ROW(B21)-ROW(B$15),0) -> S | C21: =OFFSET(ORÇAMENTO!L$15,ROW(C21)-ROW(C$15),0) -> F | D21: =OFFSET(ORÇAMENTO!N$15,ROW(D21)-ROW(D$15),0) -> Serviço | E21: =OFFSET(ORÇAMENTO!O$15,ROW(E21)-ROW(E$15),0) -> 1.2.1. | F21: =OFFSET(ORÇAMENTO!R$15,ROW(F21)-ROW(F$15),0) -> ADMINISTRAÇÃO LOCAL | G21: =IF($D21<>"Serviço","",OFFSET(ORÇAMENTO!S$15,ROW(G21)-ROW(G$15),0)) -> mês | H21: =IF($D21<>"Serviço",0,IF(ACOMPANHAMENTO="BM",ROUND(OFFSET(ORÇAMENTO!AJ$15,ROW(H21)-ROW(H$15),0),15-13*ORÇAMENTO!$AF$7),SUMPRODUCT(($Q$12:$BO$12<>"")*ROUND($Q21:$BO21,15-13*ORÇAMENTO!$AF$7)))) -> 0.68 | I21: Engenheiro de obra por 3 meses de obra, 5 semanas por mês, 2h por dia, 5 dias por semana = 150 H, sendo 220 H por mês, considera-se o coeficiente de 150h/220h = 0,681818 | L21: . | M21: =IF($D21<>"Serviço","",IF(AUTOEVENTO="manual",$A21,IF(ISERROR(MATCH($A21,$A$15:OFFSET($A21,-1,0),0)),MAX($M$15:OFFSET(M21,-1,0))+1,INDEX($M$15:OFFSET(M21,-1,0),MATCH($A21,$A$15:OFFSET($A21,-1,0),0))))) -> 3 | N21: =IF($D21<>"Serviço","",IF(AUTOEVENTO="Manual",IF($A21=0,"<-- defina o número do agrupador",OFFSET(EVENTOS!$D$14,$A21,0)),OFFSET($F$15,$A21,0))) -> ADMINISTRAÇÃO LOCAL | Q21: =0.681818/3 -> 0.22727267 | R21: =Q21 -> 0.22727267 | S21: 0.22 | BP21: =IF(AND($D21="Serviço",BP$12<>0,$H21>0,OR(AUTOEVENTO<>"manual",$M21<>1)),ROUND(OFFSET($P21,0,BP$13),15-13*ORÇAMENTO!$AF$7)/$H21*OFFSET(ORÇAMENTO!$X$15,ROW(BP21)-ROW(BP$15),0),0) -> 3930.0187 | BQ21: =IF(AND($D21="Serviço",BQ$12<>0,$H21>0,OR(AUTOEVENTO<>"manual",$M21<>1)),ROUND(OFFSET($P21,0,BQ$13),15-13*ORÇAMENTO!$AF$7)/$H21*OFFSET(ORÇAMENTO!$X$15,ROW(BQ21)-ROW(BQ$15),0),0) -> 3930.0187 | BR21: =IF(AND($D21="Serviço",BR$12<>0,$H21>0,OR(AUTOEVENTO<>"manual",$M21<>1)),ROUND(OFFSET($P21,0,BR$13),15-13*ORÇAMENTO!$AF$7)/$H21*OFFSET(ORÇAMENTO!$X$15,ROW(BR21)-ROW(BR$15),0),0) -> 3759.1483 | BS21: =IF(AND($D21="Serviço",BS$12<>0,$H21>0,OR(AUTOEVENTO<>"manual",$M21<>1)),ROUND(OFFSET($P21,0,BS$13),15-13*ORÇAMENTO!$AF$7)/$H21*OFFSET(ORÇAMENTO!$X$15,ROW(BS21)-ROW(BS$15),0),0) -> 0 | BT21: =IF(AND($D21="Serviço",BT$12<>0,$H21>0,OR(AUTOEVENTO<>"manual",$M21<>1)),ROUND(OFFSET($P21,0,BT$13),15-13*ORÇAMENTO!$AF$7)/$H21*OFFSET(ORÇAMENTO!$X$15,ROW(BT21)-ROW(BT$15),0),0) -> 0 | BU21: =IF(AND($D21="Serviço",BU$12<>0,$H21>0,OR(AUTOEVENTO<>"manual",$M21<>1)),ROUND(OFFSET($P21,0,BU$13),15-13*ORÇAMENTO!$AF$7)/$H21*OFFSET(ORÇAMENTO!$X$15,ROW(BU21)-ROW(BU$15),0),0) -> 0 | BV21: =IF(AND($D21="Serviço",BV$12<>0,$H21>0,OR(AUTOEVENTO<>"manual",$M21<>1)),ROUND(OFFSET($P21,0,BV$13),15-13*ORÇAMENTO!$AF$7)/$H21*OFFSET(ORÇAMENTO!$X$15,ROW(BV21)-ROW(BV$15),0),0) -> 0 | BW21: =IF(AND($D21="Serviço",BW$12<>0,$H21>0,OR(AUTOEVENTO<>"manual",$M21<>1)),ROUND(OFFSET($P21,0,BW$13),15-13*ORÇAMENTO!$AF$7)/$H21*OFFSET(ORÇAMENTO!$X$15,ROW(BW21)-ROW(BW$15),0),0) -> 0 | ... DM21: =IF(AND($D21="Serviço",DM$12<>0,$H21>0,OR(AUTOEVENTO<>"manual",$M21<>1)),ROUND(OFFSET($P21,0,DM$13),15-13*ORÇAMENTO!$AF$7)/$H21*OFFSET(ORÇAMENTO!$X$15,ROW(DM21)-ROW(DM$15),0),0) -> 0 | DO21: =IF($D21<>"Serviço",0,IF(AND(AUTOEVENTO="Manual",$M21=1),0,IF(OFFSET(CRONOPLE!$F$14,$M21,DO$13)="",10^12,OFFSET(CRONOPLE!$F$14,$M21,DO$13)))) -> 1 | DP21: =IF($D21<>"Serviço",0,IF(AND(AUTOEVENTO="Manual",$M21=1),0,IF(OFFSET(CRONOPLE!$F$14,$M21,DP$13)="",10^12,OFFSET(CRONOPLE!$F$14,$M21,DP$13)))) -> 2 | DQ21: =IF($D21<>"Serviço",0,IF(AND(AUTOEVENTO="Manual",$M21=1),0,IF(OFFSET(CRONOPLE!$F$14,$M21,DQ$13)="",10^12,OFFSET(CRONOPLE!$F$14,$M21,DQ$13)))) -> 3 | DR21: =IF($D21<>"Serviço",0,IF(AND(AUTOEVENTO="Manual",$M21=1),0,IF(OFFSET(CRONOPLE!$F$14,$M21,DR$13)="",10^12,OFFSET(CRONOPLE!$F$14,$M21,DR$13)))) -> 4 | DS21: =IF($D21<>"Serviço",0,IF(AND(AUTOEVENTO="Manual",$M21=1),0,IF(OFFSET(CRONOPLE!$F$14,$M21,DS$13)="",10^12,OFFSET(CRONOPLE!$F$14,$M21,DS$13)))) -> 5 | DT21: =IF($D21<>"Serviço",0,IF(AND(AUTOEVENTO="Manual",$M21=1),0,IF(OFFSET(CRONOPLE!$F$14,$M21,DT$13)="",10^12,OFFSET(CRONOPLE!$F$14,$M21,DT$13)))) -> 6 | DU21: =IF($D21<>"Serviço",0,IF(AND(AUTOEVENTO="Manual",$M21=1),0,IF(OFFSET(CRONOPLE!$F$14,$M21,DU$13)="",10^12,OFFSET(CRONOPLE!$F$14,$M21,DU$13)))) -> 1000000000000 | DV21: =IF($D21<>"Serviço",0,IF(AND(AUTOEVENTO="Manual",$M21=1),0,IF(OFFSET(CRONOPLE!$F$14,$M21,DV$13)="",10^12,OFFSET(CRONOPLE!$F$14,$M21,DV$13)))) -> 1000000000000 | ... FL21: =IF($D21<>"Serviço",0,IF(AND(AUTOEVENTO="Manual",$M21=1),0,IF(OFFSET(CRONOPLE!$F$14,$M21,FL$13)="",10^12,OFFSET(CRONOPLE!$F$14,$M21,FL$13)))) -> 1000000000000 | FN21: =IF($D21<>"Serviço",0,IF(OR(AND(AUTOEVENTO="Manual",$M21=1),$M21>(ROW(PLE.lastrow)-ROW(PLE.firstrow))),0,IF(OFFSET(PLE!$G$14,$M21,FN$13)="",10^12,OFFSET(PLE!$G$14,$M21,FN$13)))) -> 1000000000000 | FO21: =IF($D21<>"Serviço",0,IF(OR(AND(AUTOEVENTO="Manual",$M21=1),$M21>(ROW(PLE.lastrow)-ROW(PLE.firstrow))),0,IF(OFFSET(PLE!$G$14,$M21,FO$13)="",10^12,OFFSET(PLE!$G$14,$M21,FO$13)))) -> 1000000000000 | FP21: =IF($D21<>"Serviço",0,IF(OR(AND(AUTOEVENTO="Manual",$M21=1),$M21>(ROW(PLE.lastrow)-ROW(PLE.firstrow))),0,IF(OFFSET(PLE!$G$14,$M21,FP$13)="",10^12,OFFSET(PLE!$G$14,$M21,FP$13)))) -> 1000000000000 | FQ21: =IF($D21<>"Serviço",0,IF(OR(AND(AUTOEVENTO="Manual",$M21=1),$M21>(ROW(PLE.lastrow)-ROW(PLE.firstrow))),0,IF(OFFSET(PLE!$G$14,$M21,FQ$13)="",10^12,OFFSET(PLE!$G$14,$M21,FQ$13)))) -> 1000000000000 | FR21: =IF($D21<>"Serviço",0,IF(OR(AND(AUTOEVENTO="Manual",$M21=1),$M21>(ROW(PLE.lastrow)-ROW(PLE.firstrow))),0,IF(OFFSET(PLE!$G$14,$M21,FR$13)="",10^12,OFFSET(PLE!$G$14,$M21,FR$13)))) -> 1000000000000 | FS21: =IF($D21<>"Serviço",0,IF(OR(AND(AUTOEVENTO="Manual",$M21=1),$M21>(ROW(PLE.lastrow)-ROW(PLE.firstrow))),0,IF(OFFSET(PLE!$G$14,$M21,FS$13)="",10^12,OFFSET(PLE!$G$14,$M21,FS$13)))) -> 1000000000000 | FT21: =IF($D21<>"Serviço",0,IF(OR(AND(AUTOEVENTO="Manual",$M21=1),$M21>(ROW(PLE.lastrow)-ROW(PLE.firstrow))),0,IF(OFFSET(PLE!$G$14,$M21,FT$13)="",10^12,OFFSET(PLE!$G$14,$M21,FT$13)))) -> 1000000000000 | FU21: =IF($D21<>"Serviço",0,IF(OR(AND(AUTOEVENTO="Manual",$M21=1),$M21>(ROW(PLE.lastrow)-ROW(PLE.firstrow))),0,IF(OFFSET(PLE!$G$14,$M21,FU$13)="",10^12,OFFSET(PLE!$G$14,$M21,FU$13)))) -> 1000000000000 | ... HK21: =IF($D21<>"Serviço",0,IF(OR(AND(AUTOEVENTO="Manual",$M21=1),$M21>(ROW(PLE.lastrow)-ROW(PLE.firstrow))),0,IF(OFFSET(PLE!$G$14,$M21,HK$13)="",10^12,OFFSET(PLE!$G$14,$M21,HK$13)))) -> 1000000000000
A22: =IF(AUTOEVENTO="Manual",IF(K22<>"",MIN(VALUE(LEFT(K22,FIND(".",K22)-1)),COUNTA(EVENTOS.Lista)),0),IF(OR($B22>AUTOEVENTO,$B22="S",$B22=0),SUBSTITUTE(OFFSET($A22,-1,0),IF($D22="Serviço",".",""),""),ROW(A22)-ROW($A$15)&".")) -> 7. | B22: =OFFSET(ORÇAMENTO!C$15,ROW(B22)-ROW(B$15),0) -> 2 | C22: =OFFSET(ORÇAMENTO!L$15,ROW(C22)-ROW(C$15),0) -> F | D22: =OFFSET(ORÇAMENTO!N$15,ROW(D22)-ROW(D$15),0) -> Nível 2 | E22: =OFFSET(ORÇAMENTO!O$15,ROW(E22)-ROW(E$15),0) -> 1.3. | F22: =OFFSET(ORÇAMENTO!R$15,ROW(F22)-ROW(F$15),0) -> PAVIMENTAÇÃO DE VIAS | G22: =IF($D22<>"Serviço","",OFFSET(ORÇAMENTO!S$15,ROW(G22)-ROW(G$15),0)) | H22: =IF($D22<>"Serviço",0,IF(ACOMPANHAMENTO="BM",ROUND(OFFSET(ORÇAMENTO!AJ$15,ROW(H22)-ROW(H$15),0),15-13*ORÇAMENTO!$AF$7),SUMPRODUCT(($Q$12:$BO$12<>"")*ROUND($Q22:$BO22,15-13*ORÇAMENTO!$AF$7)))) -> 0 | L22: . | M22: =IF($D22<>"Serviço","",IF(AUTOEVENTO="manual",$A22,IF(ISERROR(MATCH($A22,$A$15:OFFSET($A22,-1,0),0)),MAX($M$15:OFFSET(M22,-1,0))+1,INDEX($M$15:OFFSET(M22,-1,0),MATCH($A22,$A$15:OFFSET($A22,-1,0),0))))) | N22: =IF($D22<>"Serviço","",IF(AUTOEVENTO="Manual",IF($A22=0,"<-- defina o número do agrupador",OFFSET(EVENTOS!$D$14,$A22,0)),OFFSET($F$15,$A22,0))) | BP22: =IF(AND($D22="Serviço",BP$12<>0,$H22>0,OR(AUTOEVENTO<>"manual",$M22<>1)),ROUND(OFFSET($P22,0,BP$13),15-13*ORÇAMENTO!$AF$7)/$H22*OFFSET(ORÇAMENTO!$X$15,ROW(BP22)-ROW(BP$15),0),0) -> 0 | BQ22: =IF(AND($D22="Serviço",BQ$12<>0,$H22>0,OR(AUTOEVENTO<>"manual",$M22<>1)),ROUND(OFFSET($P22,0,BQ$13),15-13*ORÇAMENTO!$AF$7)/$H22*OFFSET(ORÇAMENTO!$X$15,ROW(BQ22)-ROW(BQ$15),0),0) -> 0 | BR22: =IF(AND($D22="Serviço",BR$12<>0,$H22>0,OR(AUTOEVENTO<>"manual",$M22<>1)),ROUND(OFFSET($P22,0,BR$13),15-13*ORÇAMENTO!$AF$7)/$H22*OFFSET(ORÇAMENTO!$X$15,ROW(BR22)-ROW(BR$15),0),0) -> 0 | BS22: =IF(AND($D22="Serviço",BS$12<>0,$H22>0,OR(AUTOEVENTO<>"manual",$M22<>1)),ROUND(OFFSET($P22,0,BS$13),15-13*ORÇAMENTO!$AF$7)/$H22*OFFSET(ORÇAMENTO!$X$15,ROW(BS22)-ROW(BS$15),0),0) -> 0 | BT22: =IF(AND($D22="Serviço",BT$12<>0,$H22>0,OR(AUTOEVENTO<>"manual",$M22<>1)),ROUND(OFFSET($P22,0,BT$13),15-13*ORÇAMENTO!$AF$7)/$H22*OFFSET(ORÇAMENTO!$X$15,ROW(BT22)-ROW(BT$15),0),0) -> 0 | BU22: =IF(AND($D22="Serviço",BU$12<>0,$H22>0,OR(AUTOEVENTO<>"manual",$M22<>1)),ROUND(OFFSET($P22,0,BU$13),15-13*ORÇAMENTO!$AF$7)/$H22*OFFSET(ORÇAMENTO!$X$15,ROW(BU22)-ROW(BU$15),0),0) -> 0 | BV22: =IF(AND($D22="Serviço",BV$12<>0,$H22>0,OR(AUTOEVENTO<>"manual",$M22<>1)),ROUND(OFFSET($P22,0,BV$13),15-13*ORÇAMENTO!$AF$7)/$H22*OFFSET(ORÇAMENTO!$X$15,ROW(BV22)-ROW(BV$15),0),0) -> 0 | BW22: =IF(AND($D22="Serviço",BW$12<>0,$H22>0,OR(AUTOEVENTO<>"manual",$M22<>1)),ROUND(OFFSET($P22,0,BW$13),15-13*ORÇAMENTO!$AF$7)/$H22*OFFSET(ORÇAMENTO!$X$15,ROW(BW22)-ROW(BW$15),0),0) -> 0 | ... DM22: =IF(AND($D22="Serviço",DM$12<>0,$H22>0,OR(AUTOEVENTO<>"manual",$M22<>1)),ROUND(OFFSET($P22,0,DM$13),15-13*ORÇAMENTO!$AF$7)/$H22*OFFSET(ORÇAMENTO!$X$15,ROW(DM22)-ROW(DM$15),0),0) -> 0 | DO22: =IF($D22<>"Serviço",0,IF(AND(AUTOEVENTO="Manual",$M22=1),0,IF(OFFSET(CRONOPLE!$F$14,$M22,DO$13)="",10^12,OFFSET(CRONOPLE!$F$14,$M22,DO$13)))) -> 0 | DP22: =IF($D22<>"Serviço",0,IF(AND(AUTOEVENTO="Manual",$M22=1),0,IF(OFFSET(CRONOPLE!$F$14,$M22,DP$13)="",10^12,OFFSET(CRONOPLE!$F$14,$M22,DP$13)))) -> 0 | DQ22: =IF($D22<>"Serviço",0,IF(AND(AUTOEVENTO="Manual",$M22=1),0,IF(OFFSET(CRONOPLE!$F$14,$M22,DQ$13)="",10^12,OFFSET(CRONOPLE!$F$14,$M22,DQ$13)))) -> 0 | DR22: =IF($D22<>"Serviço",0,IF(AND(AUTOEVENTO="Manual",$M22=1),0,IF(OFFSET(CRONOPLE!$F$14,$M22,DR$13)="",10^12,OFFSET(CRONOPLE!$F$14,$M22,DR$13)))) -> 0 | DS22: =IF($D22<>"Serviço",0,IF(AND(AUTOEVENTO="Manual",$M22=1),0,IF(OFFSET(CRONOPLE!$F$14,$M22,DS$13)="",10^12,OFFSET(CRONOPLE!$F$14,$M22,DS$13)))) -> 0 | DT22: =IF($D22<>"Serviço",0,IF(AND(AUTOEVENTO="Manual",$M22=1),0,IF(OFFSET(CRONOPLE!$F$14,$M22,DT$13)="",10^12,OFFSET(CRONOPLE!$F$14,$M22,DT$13)))) -> 0 | DU22: =IF($D22<>"Serviço",0,IF(AND(AUTOEVENTO="Manual",$M22=1),0,IF(OFFSET(CRONOPLE!$F$14,$M22,DU$13)="",10^12,OFFSET(CRONOPLE!$F$14,$M22,DU$13)))) -> 0 | DV22: =IF($D22<>"Serviço",0,IF(AND(AUTOEVENTO="Manual",$M22=1),0,IF(OFFSET(CRONOPLE!$F$14,$M22,DV$13)="",10^12,OFFSET(CRONOPLE!$F$14,$M22,DV$13)))) -> 0 | ... FL22: =IF($D22<>"Serviço",0,IF(AND(AUTOEVENTO="Manual",$M22=1),0,IF(OFFSET(CRONOPLE!$F$14,$M22,FL$13)="",10^12,OFFSET(CRONOPLE!$F$14,$M22,FL$13)))) -> 0 | FN22: =IF($D22<>"Serviço",0,IF(OR(AND(AUTOEVENTO="Manual",$M22=1),$M22>(ROW(PLE.lastrow)-ROW(PLE.firstrow))),0,IF(OFFSET(PLE!$G$14,$M22,FN$13)="",10^12,OFFSET(PLE!$G$14,$M22,FN$13)))) -> 0 | FO22: =IF($D22<>"Serviço",0,IF(OR(AND(AUTOEVENTO="Manual",$M22=1),$M22>(ROW(PLE.lastrow)-ROW(PLE.firstrow))),0,IF(OFFSET(PLE!$G$14,$M22,FO$13)="",10^12,OFFSET(PLE!$G$14,$M22,FO$13)))) -> 0 | FP22: =IF($D22<>"Serviço",0,IF(OR(AND(AUTOEVENTO="Manual",$M22=1),$M22>(ROW(PLE.lastrow)-ROW(PLE.firstrow))),0,IF(OFFSET(PLE!$G$14,$M22,FP$13)="",10^12,OFFSET(PLE!$G$14,$M22,FP$13)))) -> 0 | FQ22: =IF($D22<>"Serviço",0,IF(OR(AND(AUTOEVENTO="Manual",$M22=1),$M22>(ROW(PLE.lastrow)-ROW(PLE.firstrow))),0,IF(OFFSET(PLE!$G$14,$M22,FQ$13)="",10^12,OFFSET(PLE!$G$14,$M22,FQ$13)))) -> 0 | FR22: =IF($D22<>"Serviço",0,IF(OR(AND(AUTOEVENTO="Manual",$M22=1),$M22>(ROW(PLE.lastrow)-ROW(PLE.firstrow))),0,IF(OFFSET(PLE!$G$14,$M22,FR$13)="",10^12,OFFSET(PLE!$G$14,$M22,FR$13)))) -> 0 | FS22: =IF($D22<>"Serviço",0,IF(OR(AND(AUTOEVENTO="Manual",$M22=1),$M22>(ROW(PLE.lastrow)-ROW(PLE.firstrow))),0,IF(OFFSET(PLE!$G$14,$M22,FS$13)="",10^12,OFFSET(PLE!$G$14,$M22,FS$13)))) -> 0 | FT22: =IF($D22<>"Serviço",0,IF(OR(AND(AUTOEVENTO="Manual",$M22=1),$M22>(ROW(PLE.lastrow)-ROW(PLE.firstrow))),0,IF(OFFSET(PLE!$G$14,$M22,FT$13)="",10^12,OFFSET(PLE!$G$14,$M22,FT$13)))) -> 0 | FU22: =IF($D22<>"Serviço",0,IF(OR(AND(AUTOEVENTO="Manual",$M22=1),$M22>(ROW(PLE.lastrow)-ROW(PLE.firstrow))),0,IF(OFFSET(PLE!$G$14,$M22,FU$13)="",10^12,OFFSET(PLE!$G$14,$M22,FU$13)))) -> 0 | ... HK22: =IF($D22<>"Serviço",0,IF(OR(AND(AUTOEVENTO="Manual",$M22=1),$M22>(ROW(PLE.lastrow)-ROW(PLE.firstrow))),0,IF(OFFSET(PLE!$G$14,$M22,HK$13)="",10^12,OFFSET(PLE!$G$14,$M22,HK$13)))) -> 0
A23: =IF(AUTOEVENTO="Manual",IF(K23<>"",MIN(VALUE(LEFT(K23,FIND(".",K23)-1)),COUNTA(EVENTOS.Lista)),0),IF(OR($B23>AUTOEVENTO,$B23="S",$B23=0),SUBSTITUTE(OFFSET($A23,-1,0),IF($D23="Serviço",".",""),""),ROW(A23)-ROW($A$15)&".")) -> 7 | B23: =OFFSET(ORÇAMENTO!C$15,ROW(B23)-ROW(B$15),0) -> S | C23: =OFFSET(ORÇAMENTO!L$15,ROW(C23)-ROW(C$15),0) -> F | D23: =OFFSET(ORÇAMENTO!N$15,ROW(D23)-ROW(D$15),0) -> Serviço | E23: =OFFSET(ORÇAMENTO!O$15,ROW(E23)-ROW(E$15),0) -> 1.3.1. | F23: =OFFSET(ORÇAMENTO!R$15,ROW(F23)-ROW(F$15),0) -> (abra o arquivo 'Referência 11-2023.xls) | G23: =IF($D23<>"Serviço","",OFFSET(ORÇAMENTO!S$15,ROW(G23)-ROW(G$15),0)) -> - | H23: =IF($D23<>"Serviço",0,IF(ACOMPANHAMENTO="BM",ROUND(OFFSET(ORÇAMENTO!AJ$15,ROW(H23)-ROW(H$15),0),15-13*ORÇAMENTO!$AF$7),SUMPRODUCT(($Q$12:$BO$12<>"")*ROUND($Q23:$BO23,15-13*ORÇAMENTO!$AF$7)))) -> 3528.02 | I23: ÁRE CALCULADA PELO SOFTWARE AUTOCAD CONFORME PROJETOS BÁSICOS FOLHA 01 E 02 | K23: 3.PAVIMENTAÇÃO DE VIAS | L23: . | M23: =IF($D23<>"Serviço","",IF(AUTOEVENTO="manual",$A23,IF(ISERROR(MATCH($A23,$A$15:OFFSET($A23,-1,0),0)),MAX($M$15:OFFSET(M23,-1,0))+1,INDEX($M$15:OFFSET(M23,-1,0),MATCH($A23,$A$15:OFFSET($A23,-1,0),0))))) -> 4 | N23: =IF($D23<>"Serviço","",IF(AUTOEVENTO="Manual",IF($A23=0,"<-- defina o número do agrupador",OFFSET(EVENTOS!$D$14,$A23,0)),OFFSET($F$15,$A23,0))) -> PAVIMENTAÇÃO DE VIAS | Q23: 1227.65 | R23: =249.74+1508 -> 1757.74 | S23: 542.63 | BP23: =IF(AND($D23="Serviço",BP$12<>0,$H23>0,OR(AUTOEVENTO<>"manual",$M23<>1)),ROUND(OFFSET($P23,0,BP$13),15-13*ORÇAMENTO!$AF$7)/$H23*OFFSET(ORÇAMENTO!$X$15,ROW(BP23)-ROW(BP$15),0),0) -> 115558.69 | BQ23: =IF(AND($D23="Serviço",BQ$12<>0,$H23>0,OR(AUTOEVENTO<>"manual",$M23<>1)),ROUND(OFFSET($P23,0,BQ$13),15-13*ORÇAMENTO!$AF$7)/$H23*OFFSET(ORÇAMENTO!$X$15,ROW(BQ23)-ROW(BQ$15),0),0) -> 165456.06 | BR23: =IF(AND($D23="Serviço",BR$12<>0,$H23>0,OR(AUTOEVENTO<>"manual",$M23<>1)),ROUND(OFFSET($P23,0,BR$13),15-13*ORÇAMENTO!$AF$7)/$H23*OFFSET(ORÇAMENTO!$X$15,ROW(BR23)-ROW(BR$15),0),0) -> 51077.762 | BS23: =IF(AND($D23="Serviço",BS$12<>0,$H23>0,OR(AUTOEVENTO<>"manual",$M23<>1)),ROUND(OFFSET($P23,0,BS$13),15-13*ORÇAMENTO!$AF$7)/$H23*OFFSET(ORÇAMENTO!$X$15,ROW(BS23)-ROW(BS$15),0),0) -> 0 | BT23: =IF(AND($D23="Serviço",BT$12<>0,$H23>0,OR(AUTOEVENTO<>"manual",$M23<>1)),ROUND(OFFSET($P23,0,BT$13),15-13*ORÇAMENTO!$AF$7)/$H23*OFFSET(ORÇAMENTO!$X$15,ROW(BT23)-ROW(BT$15),0),0) -> 0 | BU23: =IF(AND($D23="Serviço",BU$12<>0,$H23>0,OR(AUTOEVENTO<>"manual",$M23<>1)),ROUND(OFFSET($P23,0,BU$13),15-13*ORÇAMENTO!$AF$7)/$H23*OFFSET(ORÇAMENTO!$X$15,ROW(BU23)-ROW(BU$15),0),0) -> 0 | BV23: =IF(AND($D23="Serviço",BV$12<>0,$H23>0,OR(AUTOEVENTO<>"manual",$M23<>1)),ROUND(OFFSET($P23,0,BV$13),15-13*ORÇAMENTO!$AF$7)/$H23*OFFSET(ORÇAMENTO!$X$15,ROW(BV23)-ROW(BV$15),0),0) -> 0 | BW23: =IF(AND($D23="Serviço",BW$12<>0,$H23>0,OR(AUTOEVENTO<>"manual",$M23<>1)),ROUND(OFFSET($P23,0,BW$13),15-13*ORÇAMENTO!$AF$7)/$H23*OFFSET(ORÇAMENTO!$X$15,ROW(BW23)-ROW(BW$15),0),0) -> 0 | ... DM23: =IF(AND($D23="Serviço",DM$12<>0,$H23>0,OR(AUTOEVENTO<>"manual",$M23<>1)),ROUND(OFFSET($P23,0,DM$13),15-13*ORÇAMENTO!$AF$7)/$H23*OFFSET(ORÇAMENTO!$X$15,ROW(DM23)-ROW(DM$15),0),0) -> 0 | DO23: =IF($D23<>"Serviço",0,IF(AND(AUTOEVENTO="Manual",$M23=1),0,IF(OFFSET(CRONOPLE!$F$14,$M23,DO$13)="",10^12,OFFSET(CRONOPLE!$F$14,$M23,DO$13)))) -> 1 | DP23: =IF($D23<>"Serviço",0,IF(AND(AUTOEVENTO="Manual",$M23=1),0,IF(OFFSET(CRONOPLE!$F$14,$M23,DP$13)="",10^12,OFFSET(CRONOPLE!$F$14,$M23,DP$13)))) -> 2 | DQ23: =IF($D23<>"Serviço",0,IF(AND(AUTOEVENTO="Manual",$M23=1),0,IF(OFFSET(CRONOPLE!$F$14,$M23,DQ$13)="",10^12,OFFSET(CRONOPLE!$F$14,$M23,DQ$13)))) -> 3 | DR23: =IF($D23<>"Serviço",0,IF(AND(AUTOEVENTO="Manual",$M23=1),0,IF(OFFSET(CRONOPLE!$F$14,$M23,DR$13)="",10^12,OFFSET(CRONOPLE!$F$14,$M23,DR$13)))) -> 4 | DS23: =IF($D23<>"Serviço",0,IF(AND(AUTOEVENTO="Manual",$M23=1),0,IF(OFFSET(CRONOPLE!$F$14,$M23,DS$13)="",10^12,OFFSET(CRONOPLE!$F$14,$M23,DS$13)))) -> 5 | DT23: =IF($D23<>"Serviço",0,IF(AND(AUTOEVENTO="Manual",$M23=1),0,IF(OFFSET(CRONOPLE!$F$14,$M23,DT$13)="",10^12,OFFSET(CRONOPLE!$F$14,$M23,DT$13)))) -> 6 | DU23: =IF($D23<>"Serviço",0,IF(AND(AUTOEVENTO="Manual",$M23=1),0,IF(OFFSET(CRONOPLE!$F$14,$M23,DU$13)="",10^12,OFFSET(CRONOPLE!$F$14,$M23,DU$13)))) -> 1000000000000 | DV23: =IF($D23<>"Serviço",0,IF(AND(AUTOEVENTO="Manual",$M23=1),0,IF(OFFSET(CRONOPLE!$F$14,$M23,DV$13)="",10^12,OFFSET(CRONOPLE!$F$14,$M23,DV$13)))) -> 1000000000000 | ... FL23: =IF($D23<>"Serviço",0,IF(AND(AUTOEVENTO="Manual",$M23=1),0,IF(OFFSET(CRONOPLE!$F$14,$M23,FL$13)="",10^12,OFFSET(CRONOPLE!$F$14,$M23,FL$13)))) -> 1000000000000 | FN23: =IF($D23<>"Serviço",0,IF(OR(AND(AUTOEVENTO="Manual",$M23=1),$M23>(ROW(PLE.lastrow)-ROW(PLE.firstrow))),0,IF(OFFSET(PLE!$G$14,$M23,FN$13)="",10^12,OFFSET(PLE!$G$14,$M23,FN$13)))) -> 1000000000000 | FO23: =IF($D23<>"Serviço",0,IF(OR(AND(AUTOEVENTO="Manual",$M23=1),$M23>(ROW(PLE.lastrow)-ROW(PLE.firstrow))),0,IF(OFFSET(PLE!$G$14,$M23,FO$13)="",10^12,OFFSET(PLE!$G$14,$M23,FO$13)))) -> 1000000000000 | FP23: =IF($D23<>"Serviço",0,IF(OR(AND(AUTOEVENTO="Manual",$M23=1),$M23>(ROW(PLE.lastrow)-ROW(PLE.firstrow))),0,IF(OFFSET(PLE!$G$14,$M23,FP$13)="",10^12,OFFSET(PLE!$G$14,$M23,FP$13)))) -> 1000000000000 | FQ23: =IF($D23<>"Serviço",0,IF(OR(AND(AUTOEVENTO="Manual",$M23=1),$M23>(ROW(PLE.lastrow)-ROW(PLE.firstrow))),0,IF(OFFSET(PLE!$G$14,$M23,FQ$13)="",10^12,OFFSET(PLE!$G$14,$M23,FQ$13)))) -> 1000000000000 | FR23: =IF($D23<>"Serviço",0,IF(OR(AND(AUTOEVENTO="Manual",$M23=1),$M23>(ROW(PLE.lastrow)-ROW(PLE.firstrow))),0,IF(OFFSET(PLE!$G$14,$M23,FR$13)="",10^12,OFFSET(PLE!$G$14,$M23,FR$13)))) -> 1000000000000 | FS23: =IF($D23<>"Serviço",0,IF(OR(AND(AUTOEVENTO="Manual",$M23=1),$M23>(ROW(PLE.lastrow)-ROW(PLE.firstrow))),0,IF(OFFSET(PLE!$G$14,$M23,FS$13)="",10^12,OFFSET(PLE!$G$14,$M23,FS$13)))) -> 1000000000000 | FT23: =IF($D23<>"Serviço",0,IF(OR(AND(AUTOEVENTO="Manual",$M23=1),$M23>(ROW(PLE.lastrow)-ROW(PLE.firstrow))),0,IF(OFFSET(PLE!$G$14,$M23,FT$13)="",10^12,OFFSET(PLE!$G$14,$M23,FT$13)))) -> 1000000000000 | FU23: =IF($D23<>"Serviço",0,IF(OR(AND(AUTOEVENTO="Manual",$M23=1),$M23>(ROW(PLE.lastrow)-ROW(PLE.firstrow))),0,IF(OFFSET(PLE!$G$14,$M23,FU$13)="",10^12,OFFSET(PLE!$G$14,$M23,FU$13)))) -> 1000000000000 | ... HK23: =IF($D23<>"Serviço",0,IF(OR(AND(AUTOEVENTO="Manual",$M23=1),$M23>(ROW(PLE.lastrow)-ROW(PLE.firstrow))),0,IF(OFFSET(PLE!$G$14,$M23,HK$13)="",10^12,OFFSET(PLE!$G$14,$M23,HK$13)))) -> 1000000000000
A24: =IF(AUTOEVENTO="Manual",IF(K24<>"",MIN(VALUE(LEFT(K24,FIND(".",K24)-1)),COUNTA(EVENTOS.Lista)),0),IF(OR($B24>AUTOEVENTO,$B24="S",$B24=0),SUBSTITUTE(OFFSET($A24,-1,0),IF($D24="Serviço",".",""),""),ROW(A24)-ROW($A$15)&".")) -> 7 | B24: =OFFSET(ORÇAMENTO!C$15,ROW(B24)-ROW(B$15),0) -> S | C24: =OFFSET(ORÇAMENTO!L$15,ROW(C24)-ROW(C$15),0) -> F | D24: =OFFSET(ORÇAMENTO!N$15,ROW(D24)-ROW(D$15),0) -> Serviço | E24: =OFFSET(ORÇAMENTO!O$15,ROW(E24)-ROW(E$15),0) -> 1.3.2. | F24: =OFFSET(ORÇAMENTO!R$15,ROW(F24)-ROW(F$15),0) -> Transporte com caminhão basculante de 10 m³ - rodovia em leito natural | G24: =IF($D24<>"Serviço","",OFFSET(ORÇAMENTO!S$15,ROW(G24)-ROW(G$15),0)) -> TXKM | H24: =IF($D24<>"Serviço",0,IF(ACOMPANHAMENTO="BM",ROUND(OFFSET(ORÇAMENTO!AJ$15,ROW(H24)-ROW(H$15),0),15-13*ORÇAMENTO!$AF$7),SUMPRODUCT(($Q$12:$BO$12<>"")*ROUND($Q24:$BO24,15-13*ORÇAMENTO!$AF$7)))) -> 2959.46 | I24: m² de pavimentação x espessura x densidade x distância; espessura areais = 0,06 m; densidade = 1,6 t/m³ ETAPA 1ª = 1227,65x0,06x1,6x10,00= 1.178,54 ETAPA 2ª = 1757,74x0,06x1,6x9,10= 1.535,56 ETAPA 3ª = 542,63x0,06x1,6x4,71= 245,36 | K24: 3.PAVIMENTAÇÃO DE VIAS | L24: . | M24: =IF($D24<>"Serviço","",IF(AUTOEVENTO="manual",$A24,IF(ISERROR(MATCH($A24,$A$15:OFFSET($A24,-1,0),0)),MAX($M$15:OFFSET(M24,-1,0))+1,INDEX($M$15:OFFSET(M24,-1,0),MATCH($A24,$A$15:OFFSET($A24,-1,0),0))))) -> 4 | N24: =IF($D24<>"Serviço","",IF(AUTOEVENTO="Manual",IF($A24=0,"<-- defina o número do agrupador",OFFSET(EVENTOS!$D$14,$A24,0)),OFFSET($F$15,$A24,0))) -> PAVIMENTAÇÃO DE VIAS | Q24: =Q23*0.06*1.6*10 -> 1178.544 | R24: =R23*0.06*1.6*9.1 -> 1535.5617 | S24: =S23*0.06*1.6*4.71 -> 245.35558 | BP24: =IF(AND($D24="Serviço",BP$12<>0,$H24>0,OR(AUTOEVENTO<>"manual",$M24<>1)),ROUND(OFFSET($P24,0,BP$13),15-13*ORÇAMENTO!$AF$7)/$H24*OFFSET(ORÇAMENTO!$X$15,ROW(BP24)-ROW(BP$15),0),0) -> 1708.8802 | BQ24: =IF(AND($D24="Serviço",BQ$12<>0,$H24>0,OR(AUTOEVENTO<>"manual",$M24<>1)),ROUND(OFFSET($P24,0,BQ$13),15-13*ORÇAMENTO!$AF$7)/$H24*OFFSET(ORÇAMENTO!$X$15,ROW(BQ24)-ROW(BQ$15),0),0) -> 2226.5584 | BR24: =IF(AND($D24="Serviço",BR$12<>0,$H24>0,OR(AUTOEVENTO<>"manual",$M24<>1)),ROUND(OFFSET($P24,0,BR$13),15-13*ORÇAMENTO!$AF$7)/$H24*OFFSET(ORÇAMENTO!$X$15,ROW(BR24)-ROW(BR$15),0),0) -> 355.77142 | BS24: =IF(AND($D24="Serviço",BS$12<>0,$H24>0,OR(AUTOEVENTO<>"manual",$M24<>1)),ROUND(OFFSET($P24,0,BS$13),15-13*ORÇAMENTO!$AF$7)/$H24*OFFSET(ORÇAMENTO!$X$15,ROW(BS24)-ROW(BS$15),0),0) -> 0 | BT24: =IF(AND($D24="Serviço",BT$12<>0,$H24>0,OR(AUTOEVENTO<>"manual",$M24<>1)),ROUND(OFFSET($P24,0,BT$13),15-13*ORÇAMENTO!$AF$7)/$H24*OFFSET(ORÇAMENTO!$X$15,ROW(BT24)-ROW(BT$15),0),0) -> 0 | BU24: =IF(AND($D24="Serviço",BU$12<>0,$H24>0,OR(AUTOEVENTO<>"manual",$M24<>1)),ROUND(OFFSET($P24,0,BU$13),15-13*ORÇAMENTO!$AF$7)/$H24*OFFSET(ORÇAMENTO!$X$15,ROW(BU24)-ROW(BU$15),0),0) -> 0 | BV24: =IF(AND($D24="Serviço",BV$12<>0,$H24>0,OR(AUTOEVENTO<>"manual",$M24<>1)),ROUND(OFFSET($P24,0,BV$13),15-13*ORÇAMENTO!$AF$7)/$H24*OFFSET(ORÇAMENTO!$X$15,ROW(BV24)-ROW(BV$15),0),0) -> 0 | BW24: =IF(AND($D24="Serviço",BW$12<>0,$H24>0,OR(AUTOEVENTO<>"manual",$M24<>1)),ROUND(OFFSET($P24,0,BW$13),15-13*ORÇAMENTO!$AF$7)/$H24*OFFSET(ORÇAMENTO!$X$15,ROW(BW24)-ROW(BW$15),0),0) -> 0 | ... DM24: =IF(AND($D24="Serviço",DM$12<>0,$H24>0,OR(AUTOEVENTO<>"manual",$M24<>1)),ROUND(OFFSET($P24,0,DM$13),15-13*ORÇAMENTO!$AF$7)/$H24*OFFSET(ORÇAMENTO!$X$15,ROW(DM24)-ROW(DM$15),0),0) -> 0 | DO24: =IF($D24<>"Serviço",0,IF(AND(AUTOEVENTO="Manual",$M24=1),0,IF(OFFSET(CRONOPLE!$F$14,$M24,DO$13)="",10^12,OFFSET(CRONOPLE!$F$14,$M24,DO$13)))) -> 1 | DP24: =IF($D24<>"Serviço",0,IF(AND(AUTOEVENTO="Manual",$M24=1),0,IF(OFFSET(CRONOPLE!$F$14,$M24,DP$13)="",10^12,OFFSET(CRONOPLE!$F$14,$M24,DP$13)))) -> 2 | DQ24: =IF($D24<>"Serviço",0,IF(AND(AUTOEVENTO="Manual",$M24=1),0,IF(OFFSET(CRONOPLE!$F$14,$M24,DQ$13)="",10^12,OFFSET(CRONOPLE!$F$14,$M24,DQ$13)))) -> 3 | DR24: =IF($D24<>"Serviço",0,IF(AND(AUTOEVENTO="Manual",$M24=1),0,IF(OFFSET(CRONOPLE!$F$14,$M24,DR$13)="",10^12,OFFSET(CRONOPLE!$F$14,$M24,DR$13)))) -> 4 | DS24: =IF($D24<>"Serviço",0,IF(AND(AUTOEVENTO="Manual",$M24=1),0,IF(OFFSET(CRONOPLE!$F$14,$M24,DS$13)="",10^12,OFFSET(CRONOPLE!$F$14,$M24,DS$13)))) -> 5 | DT24: =IF($D24<>"Serviço",0,IF(AND(AUTOEVENTO="Manual",$M24=1),0,IF(OFFSET(CRONOPLE!$F$14,$M24,DT$13)="",10^12,OFFSET(CRONOPLE!$F$14,$M24,DT$13)))) -> 6 | DU24: =IF($D24<>"Serviço",0,IF(AND(AUTOEVENTO="Manual",$M24=1),0,IF(OFFSET(CRONOPLE!$F$14,$M24,DU$13)="",10^12,OFFSET(CRONOPLE!$F$14,$M24,DU$13)))) -> 1000000000000 | DV24: =IF($D24<>"Serviço",0,IF(AND(AUTOEVENTO="Manual",$M24=1),0,IF(OFFSET(CRONOPLE!$F$14,$M24,DV$13)="",10^12,OFFSET(CRONOPLE!$F$14,$M24,DV$13)))) -> 1000000000000 | ... FL24: =IF($D24<>"Serviço",0,IF(AND(AUTOEVENTO="Manual",$M24=1),0,IF(OFFSET(CRONOPLE!$F$14,$M24,FL$13)="",10^12,OFFSET(CRONOPLE!$F$14,$M24,FL$13)))) -> 1000000000000 | FN24: =IF($D24<>"Serviço",0,IF(OR(AND(AUTOEVENTO="Manual",$M24=1),$M24>(ROW(PLE.lastrow)-ROW(PLE.firstrow))),0,IF(OFFSET(PLE!$G$14,$M24,FN$13)="",10^12,OFFSET(PLE!$G$14,$M24,FN$13)))) -> 1000000000000 | FO24: =IF($D24<>"Serviço",0,IF(OR(AND(AUTOEVENTO="Manual",$M24=1),$M24>(ROW(PLE.lastrow)-ROW(PLE.firstrow))),0,IF(OFFSET(PLE!$G$14,$M24,FO$13)="",10^12,OFFSET(PLE!$G$14,$M24,FO$13)))) -> 1000000000000 | FP24: =IF($D24<>"Serviço",0,IF(OR(AND(AUTOEVENTO="Manual",$M24=1),$M24>(ROW(PLE.lastrow)-ROW(PLE.firstrow))),0,IF(OFFSET(PLE!$G$14,$M24,FP$13)="",10^12,OFFSET(PLE!$G$14,$M24,FP$13)))) -> 1000000000000 | FQ24: =IF($D24<>"Serviço",0,IF(OR(AND(AUTOEVENTO="Manual",$M24=1),$M24>(ROW(PLE.lastrow)-ROW(PLE.firstrow))),0,IF(OFFSET(PLE!$G$14,$M24,FQ$13)="",10^12,OFFSET(PLE!$G$14,$M24,FQ$13)))) -> 1000000000000 | FR24: =IF($D24<>"Serviço",0,IF(OR(AND(AUTOEVENTO="Manual",$M24=1),$M24>(ROW(PLE.lastrow)-ROW(PLE.firstrow))),0,IF(OFFSET(PLE!$G$14,$M24,FR$13)="",10^12,OFFSET(PLE!$G$14,$M24,FR$13)))) -> 1000000000000 | FS24: =IF($D24<>"Serviço",0,IF(OR(AND(AUTOEVENTO="Manual",$M24=1),$M24>(ROW(PLE.lastrow)-ROW(PLE.firstrow))),0,IF(OFFSET(PLE!$G$14,$M24,FS$13)="",10^12,OFFSET(PLE!$G$14,$M24,FS$13)))) -> 1000000000000 | FT24: =IF($D24<>"Serviço",0,IF(OR(AND(AUTOEVENTO="Manual",$M24=1),$M24>(ROW(PLE.lastrow)-ROW(PLE.firstrow))),0,IF(OFFSET(PLE!$G$14,$M24,FT$13)="",10^12,OFFSET(PLE!$G$14,$M24,FT$13)))) -> 1000000000000 | FU24: =IF($D24<>"Serviço",0,IF(OR(AND(AUTOEVENTO="Manual",$M24=1),$M24>(ROW(PLE.lastrow)-ROW(PLE.firstrow))),0,IF(OFFSET(PLE!$G$14,$M24,FU$13)="",10^12,OFFSET(PLE!$G$14,$M24,FU$13)))) -> 1000000000000 | ... HK24: =IF($D24<>"Serviço",0,IF(OR(AND(AUTOEVENTO="Manual",$M24=1),$M24>(ROW(PLE.lastrow)-ROW(PLE.firstrow))),0,IF(OFFSET(PLE!$G$14,$M24,HK$13)="",10^12,OFFSET(PLE!$G$14,$M24,HK$13)))) -> 1000000000000
A25: =IF(AUTOEVENTO="Manual",IF(K25<>"",MIN(VALUE(LEFT(K25,FIND(".",K25)-1)),COUNTA(EVENTOS.Lista)),0),IF(OR($B25>AUTOEVENTO,$B25="S",$B25=0),SUBSTITUTE(OFFSET($A25,-1,0),IF($D25="Serviço",".",""),""),ROW(A25)-ROW($A$15)&".")) -> 10. | B25: =OFFSET(ORÇAMENTO!C$15,ROW(B25)-ROW(B$15),0) -> 2 | C25: =OFFSET(ORÇAMENTO!L$15,ROW(C25)-ROW(C$15),0) -> F | D25: =OFFSET(ORÇAMENTO!N$15,ROW(D25)-ROW(D$15),0) -> Nível 2 | E25: =OFFSET(ORÇAMENTO!O$15,ROW(E25)-ROW(E$15),0) -> 1.4. | F25: =OFFSET(ORÇAMENTO!R$15,ROW(F25)-ROW(F$15),0) -> DRENAGEM SUPERFICIAL | G25: =IF($D25<>"Serviço","",OFFSET(ORÇAMENTO!S$15,ROW(G25)-ROW(G$15),0)) | H25: =IF($D25<>"Serviço",0,IF(ACOMPANHAMENTO="BM",ROUND(OFFSET(ORÇAMENTO!AJ$15,ROW(H25)-ROW(H$15),0),15-13*ORÇAMENTO!$AF$7),SUMPRODUCT(($Q$12:$BO$12<>"")*ROUND($Q25:$BO25,15-13*ORÇAMENTO!$AF$7)))) -> 0 | L25: . | M25: =IF($D25<>"Serviço","",IF(AUTOEVENTO="manual",$A25,IF(ISERROR(MATCH($A25,$A$15:OFFSET($A25,-1,0),0)),MAX($M$15:OFFSET(M25,-1,0))+1,INDEX($M$15:OFFSET(M25,-1,0),MATCH($A25,$A$15:OFFSET($A25,-1,0),0))))) | N25: =IF($D25<>"Serviço","",IF(AUTOEVENTO="Manual",IF($A25=0,"<-- defina o número do agrupador",OFFSET(EVENTOS!$D$14,$A25,0)),OFFSET($F$15,$A25,0))) | BP25: =IF(AND($D25="Serviço",BP$12<>0,$H25>0,OR(AUTOEVENTO<>"manual",$M25<>1)),ROUND(OFFSET($P25,0,BP$13),15-13*ORÇAMENTO!$AF$7)/$H25*OFFSET(ORÇAMENTO!$X$15,ROW(BP25)-ROW(BP$15),0),0) -> 0 | BQ25: =IF(AND($D25="Serviço",BQ$12<>0,$H25>0,OR(AUTOEVENTO<>"manual",$M25<>1)),ROUND(OFFSET($P25,0,BQ$13),15-13*ORÇAMENTO!$AF$7)/$H25*OFFSET(ORÇAMENTO!$X$15,ROW(BQ25)-ROW(BQ$15),0),0) -> 0 | BR25: =IF(AND($D25="Serviço",BR$12<>0,$H25>0,OR(AUTOEVENTO<>"manual",$M25<>1)),ROUND(OFFSET($P25,0,BR$13),15-13*ORÇAMENTO!$AF$7)/$H25*OFFSET(ORÇAMENTO!$X$15,ROW(BR25)-ROW(BR$15),0),0) -> 0 | BS25: =IF(AND($D25="Serviço",BS$12<>0,$H25>0,OR(AUTOEVENTO<>"manual",$M25<>1)),ROUND(OFFSET($P25,0,BS$13),15-13*ORÇAMENTO!$AF$7)/$H25*OFFSET(ORÇAMENTO!$X$15,ROW(BS25)-ROW(BS$15),0),0) -> 0 | BT25: =IF(AND($D25="Serviço",BT$12<>0,$H25>0,OR(AUTOEVENTO<>"manual",$M25<>1)),ROUND(OFFSET($P25,0,BT$13),15-13*ORÇAMENTO!$AF$7)/$H25*OFFSET(ORÇAMENTO!$X$15,ROW(BT25)-ROW(BT$15),0),0) -> 0 | BU25: =IF(AND($D25="Serviço",BU$12<>0,$H25>0,OR(AUTOEVENTO<>"manual",$M25<>1)),ROUND(OFFSET($P25,0,BU$13),15-13*ORÇAMENTO!$AF$7)/$H25*OFFSET(ORÇAMENTO!$X$15,ROW(BU25)-ROW(BU$15),0),0) -> 0 | BV25: =IF(AND($D25="Serviço",BV$12<>0,$H25>0,OR(AUTOEVENTO<>"manual",$M25<>1)),ROUND(OFFSET($P25,0,BV$13),15-13*ORÇAMENTO!$AF$7)/$H25*OFFSET(ORÇAMENTO!$X$15,ROW(BV25)-ROW(BV$15),0),0) -> 0 | BW25: =IF(AND($D25="Serviço",BW$12<>0,$H25>0,OR(AUTOEVENTO<>"manual",$M25<>1)),ROUND(OFFSET($P25,0,BW$13),15-13*ORÇAMENTO!$AF$7)/$H25*OFFSET(ORÇAMENTO!$X$15,ROW(BW25)-ROW(BW$15),0),0) -> 0 | ... DM25: =IF(AND($D25="Serviço",DM$12<>0,$H25>0,OR(AUTOEVENTO<>"manual",$M25<>1)),ROUND(OFFSET($P25,0,DM$13),15-13*ORÇAMENTO!$AF$7)/$H25*OFFSET(ORÇAMENTO!$X$15,ROW(DM25)-ROW(DM$15),0),0) -> 0 | DO25: =IF($D25<>"Serviço",0,IF(AND(AUTOEVENTO="Manual",$M25=1),0,IF(OFFSET(CRONOPLE!$F$14,$M25,DO$13)="",10^12,OFFSET(CRONOPLE!$F$14,$M25,DO$13)))) -> 0 | DP25: =IF($D25<>"Serviço",0,IF(AND(AUTOEVENTO="Manual",$M25=1),0,IF(OFFSET(CRONOPLE!$F$14,$M25,DP$13)="",10^12,OFFSET(CRONOPLE!$F$14,$M25,DP$13)))) -> 0 | DQ25: =IF($D25<>"Serviço",0,IF(AND(AUTOEVENTO="Manual",$M25=1),0,IF(OFFSET(CRONOPLE!$F$14,$M25,DQ$13)="",10^12,OFFSET(CRONOPLE!$F$14,$M25,DQ$13)))) -> 0 | DR25: =IF($D25<>"Serviço",0,IF(AND(AUTOEVENTO="Manual",$M25=1),0,IF(OFFSET(CRONOPLE!$F$14,$M25,DR$13)="",10^12,OFFSET(CRONOPLE!$F$14,$M25,DR$13)))) -> 0 | DS25: =IF($D25<>"Serviço",0,IF(AND(AUTOEVENTO="Manual",$M25=1),0,IF(OFFSET(CRONOPLE!$F$14,$M25,DS$13)="",10^12,OFFSET(CRONOPLE!$F$14,$M25,DS$13)))) -> 0 | DT25: =IF($D25<>"Serviço",0,IF(AND(AUTOEVENTO="Manual",$M25=1),0,IF(OFFSET(CRONOPLE!$F$14,$M25,DT$13)="",10^12,OFFSET(CRONOPLE!$F$14,$M25,DT$13)))) -> 0 | DU25: =IF($D25<>"Serviço",0,IF(AND(AUTOEVENTO="Manual",$M25=1),0,IF(OFFSET(CRONOPLE!$F$14,$M25,DU$13)="",10^12,OFFSET(CRONOPLE!$F$14,$M25,DU$13)))) -> 0 | DV25: =IF($D25<>"Serviço",0,IF(AND(AUTOEVENTO="Manual",$M25=1),0,IF(OFFSET(CRONOPLE!$F$14,$M25,DV$13)="",10^12,OFFSET(CRONOPLE!$F$14,$M25,DV$13)))) -> 0 | ... FL25: =IF($D25<>"Serviço",0,IF(AND(AUTOEVENTO="Manual",$M25=1),0,IF(OFFSET(CRONOPLE!$F$14,$M25,FL$13)="",10^12,OFFSET(CRONOPLE!$F$14,$M25,FL$13)))) -> 0 | FN25: =IF($D25<>"Serviço",0,IF(OR(AND(AUTOEVENTO="Manual",$M25=1),$M25>(ROW(PLE.lastrow)-ROW(PLE.firstrow))),0,IF(OFFSET(PLE!$G$14,$M25,FN$13)="",10^12,OFFSET(PLE!$G$14,$M25,FN$13)))) -> 0 | FO25: =IF($D25<>"Serviço",0,IF(OR(AND(AUTOEVENTO="Manual",$M25=1),$M25>(ROW(PLE.lastrow)-ROW(PLE.firstrow))),0,IF(OFFSET(PLE!$G$14,$M25,FO$13)="",10^12,OFFSET(PLE!$G$14,$M25,FO$13)))) -> 0 | FP25: =IF($D25<>"Serviço",0,IF(OR(AND(AUTOEVENTO="Manual",$M25=1),$M25>(ROW(PLE.lastrow)-ROW(PLE.firstrow))),0,IF(OFFSET(PLE!$G$14,$M25,FP$13)="",10^12,OFFSET(PLE!$G$14,$M25,FP$13)))) -> 0 | FQ25: =IF($D25<>"Serviço",0,IF(OR(AND(AUTOEVENTO="Manual",$M25=1),$M25>(ROW(PLE.lastrow)-ROW(PLE.firstrow))),0,IF(OFFSET(PLE!$G$14,$M25,FQ$13)="",10^12,OFFSET(PLE!$G$14,$M25,FQ$13)))) -> 0 | FR25: =IF($D25<>"Serviço",0,IF(OR(AND(AUTOEVENTO="Manual",$M25=1),$M25>(ROW(PLE.lastrow)-ROW(PLE.firstrow))),0,IF(OFFSET(PLE!$G$14,$M25,FR$13)="",10^12,OFFSET(PLE!$G$14,$M25,FR$13)))) -> 0 | FS25: =IF($D25<>"Serviço",0,IF(OR(AND(AUTOEVENTO="Manual",$M25=1),$M25>(ROW(PLE.lastrow)-ROW(PLE.firstrow))),0,IF(OFFSET(PLE!$G$14,$M25,FS$13)="",10^12,OFFSET(PLE!$G$14,$M25,FS$13)))) -> 0 | FT25: =IF($D25<>"Serviço",0,IF(OR(AND(AUTOEVENTO="Manual",$M25=1),$M25>(ROW(PLE.lastrow)-ROW(PLE.firstrow))),0,IF(OFFSET(PLE!$G$14,$M25,FT$13)="",10^12,OFFSET(PLE!$G$14,$M25,FT$13)))) -> 0 | FU25: =IF($D25<>"Serviço",0,IF(OR(AND(AUTOEVENTO="Manual",$M25=1),$M25>(ROW(PLE.lastrow)-ROW(PLE.firstrow))),0,IF(OFFSET(PLE!$G$14,$M25,FU$13)="",10^12,OFFSET(PLE!$G$14,$M25,FU$13)))) -> 0 | ... HK25: =IF($D25<>"Serviço",0,IF(OR(AND(AUTOEVENTO="Manual",$M25=1),$M25>(ROW(PLE.lastrow)-ROW(PLE.firstrow))),0,IF(OFFSET(PLE!$G$14,$M25,HK$13)="",10^12,OFFSET(PLE!$G$14,$M25,HK$13)))) -> 0
A26: =IF(AUTOEVENTO="Manual",IF(K26<>"",MIN(VALUE(LEFT(K26,FIND(".",K26)-1)),COUNTA(EVENTOS.Lista)),0),IF(OR($B26>AUTOEVENTO,$B26="S",$B26=0),SUBSTITUTE(OFFSET($A26,-1,0),IF($D26="Serviço",".",""),""),ROW(A26)-ROW($A$15)&".")) -> 10 | B26: =OFFSET(ORÇAMENTO!C$15,ROW(B26)-ROW(B$15),0) -> S | C26: =OFFSET(ORÇAMENTO!L$15,ROW(C26)-ROW(C$15),0) -> F | D26: =OFFSET(ORÇAMENTO!N$15,ROW(D26)-ROW(D$15),0) -> Serviço | E26: =OFFSET(ORÇAMENTO!O$15,ROW(E26)-ROW(E$15),0) -> 1.4.1. | F26: =OFFSET(ORÇAMENTO!R$15,ROW(F26)-ROW(F$15),0) -> (abra o arquivo 'Referência 11-2023.xls) | G26: =IF($D26<>"Serviço","",OFFSET(ORÇAMENTO!S$15,ROW(G26)-ROW(G$15),0)) -> - | H26: =IF($D26<>"Serviço",0,IF(ACOMPANHAMENTO="BM",ROUND(OFFSET(ORÇAMENTO!AJ$15,ROW(H26)-ROW(H$15),0),15-13*ORÇAMENTO!$AF$7),SUMPRODUCT(($Q$12:$BO$12<>"")*ROUND($Q26:$BO26,15-13*ORÇAMENTO!$AF$7)))) -> 889.97 | I26: ETAPA 1ª: 34,43+48,32+11,13+33,65+6,55+4,51+5,43+8,01+10,74+14,36+9,17+8,45+13,45+10,57+9,05+8,19+8,21+6,05+5,18+23+43+33,8+10,4+48,28+34,39 = 448,32 M ETAPA 2ª: 13+11,32+11,1+15,26+13,49+13,47+11,82+8,49+13,3+10,75+14,36+14,56+5,47+14,9+13,03+17,85+14,54+17,99+16,37+13,75+12,25+5,65+3,43+2,32+2,26+13,69+6,48+6,01+2,91+3,44 = 323,26 M ETAPA 3ª: 4,21+0,83+4,16+0,78+16,27+0,68+3,87+0,85+2,12+0,97+9,41+3,63+4,84+3,19+2,09+6,41+9,15+9,29+7,82+8,89+5,34+4,99+8,6 = 118,39 M | K26: 4.DRENAGEM SUPERFICIAL | L26: . | M26: =IF($D26<>"Serviço","",IF(AUTOEVENTO="manual",$A26,IF(ISERROR(MATCH($A26,$A$15:OFFSET($A26,-1,0),0)),MAX($M$15:OFFSET(M26,-1,0))+1,INDEX($M$15:OFFSET(M26,-1,0),MATCH($A26,$A$15:OFFSET($A26,-1,0),0))))) -> 5 | N26: =IF($D26<>"Serviço","",IF(AUTOEVENTO="Manual",IF($A26=0,"<-- defina o número do agrupador",OFFSET(EVENTOS!$D$14,$A26,0)),OFFSET($F$15,$A26,0))) -> DRENAGEM SUPERFICIAL | Q26: =34.43+48.32+11.13+33.65+6.55+4.51+5.43+8.01+10.74+14.36+9.17+8.45+13.45+10.57+9.05+8.19+8.21+6.05+5.18+23+43+33.8+10.4+48.28+34.39 -> 448.32 | R26: 323.26 | S26: 118.39 | BP26: =IF(AND($D26="Serviço",BP$12<>0,$H26>0,OR(AUTOEVENTO<>"manual",$M26<>1)),ROUND(OFFSET($P26,0,BP$13),15-13*ORÇAMENTO!$AF$7)/$H26*OFFSET(ORÇAMENTO!$X$15,ROW(BP26)-ROW(BP$15),0),0) -> 25249.377 | BQ26: =IF(AND($D26="Serviço",BQ$12<>0,$H26>0,OR(AUTOEVENTO<>"manual",$M26<>1)),ROUND(OFFSET($P26,0,BQ$13),15-13*ORÇAMENTO!$AF$7)/$H26*OFFSET(ORÇAMENTO!$X$15,ROW(BQ26)-ROW(BQ$15),0),0) -> 18205.999 | BR26: =IF(AND($D26="Serviço",BR$12<>0,$H26>0,OR(AUTOEVENTO<>"manual",$M26<>1)),ROUND(OFFSET($P26,0,BR$13),15-13*ORÇAMENTO!$AF$7)/$H26*OFFSET(ORÇAMENTO!$X$15,ROW(BR26)-ROW(BR$15),0),0) -> 6667.7234 | BS26: =IF(AND($D26="Serviço",BS$12<>0,$H26>0,OR(AUTOEVENTO<>"manual",$M26<>1)),ROUND(OFFSET($P26,0,BS$13),15-13*ORÇAMENTO!$AF$7)/$H26*OFFSET(ORÇAMENTO!$X$15,ROW(BS26)-ROW(BS$15),0),0) -> 0 | BT26: =IF(AND($D26="Serviço",BT$12<>0,$H26>0,OR(AUTOEVENTO<>"manual",$M26<>1)),ROUND(OFFSET($P26,0,BT$13),15-13*ORÇAMENTO!$AF$7)/$H26*OFFSET(ORÇAMENTO!$X$15,ROW(BT26)-ROW(BT$15),0),0) -> 0 | BU26: =IF(AND($D26="Serviço",BU$12<>0,$H26>0,OR(AUTOEVENTO<>"manual",$M26<>1)),ROUND(OFFSET($P26,0,BU$13),15-13*ORÇAMENTO!$AF$7)/$H26*OFFSET(ORÇAMENTO!$X$15,ROW(BU26)-ROW(BU$15),0),0) -> 0 | BV26: =IF(AND($D26="Serviço",BV$12<>0,$H26>0,OR(AUTOEVENTO<>"manual",$M26<>1)),ROUND(OFFSET($P26,0,BV$13),15-13*ORÇAMENTO!$AF$7)/$H26*OFFSET(ORÇAMENTO!$X$15,ROW(BV26)-ROW(BV$15),0),0) -> 0 | BW26: =IF(AND($D26="Serviço",BW$12<>0,$H26>0,OR(AUTOEVENTO<>"manual",$M26<>1)),ROUND(OFFSET($P26,0,BW$13),15-13*ORÇAMENTO!$AF$7)/$H26*OFFSET(ORÇAMENTO!$X$15,ROW(BW26)-ROW(BW$15),0),0) -> 0 | ... DM26: =IF(AND($D26="Serviço",DM$12<>0,$H26>0,OR(AUTOEVENTO<>"manual",$M26<>1)),ROUND(OFFSET($P26,0,DM$13),15-13*ORÇAMENTO!$AF$7)/$H26*OFFSET(ORÇAMENTO!$X$15,ROW(DM26)-ROW(DM$15),0),0) -> 0 | DO26: =IF($D26<>"Serviço",0,IF(AND(AUTOEVENTO="Manual",$M26=1),0,IF(OFFSET(CRONOPLE!$F$14,$M26,DO$13)="",10^12,OFFSET(CRONOPLE!$F$14,$M26,DO$13)))) -> 1 | DP26: =IF($D26<>"Serviço",0,IF(AND(AUTOEVENTO="Manual",$M26=1),0,IF(OFFSET(CRONOPLE!$F$14,$M26,DP$13)="",10^12,OFFSET(CRONOPLE!$F$14,$M26,DP$13)))) -> 3 | DQ26: =IF($D26<>"Serviço",0,IF(AND(AUTOEVENTO="Manual",$M26=1),0,IF(OFFSET(CRONOPLE!$F$14,$M26,DQ$13)="",10^12,OFFSET(CRONOPLE!$F$14,$M26,DQ$13)))) -> 3 | DR26: =IF($D26<>"Serviço",0,IF(AND(AUTOEVENTO="Manual",$M26=1),0,IF(OFFSET(CRONOPLE!$F$14,$M26,DR$13)="",10^12,OFFSET(CRONOPLE!$F$14,$M26,DR$13)))) -> 1000000000000 | DS26: =IF($D26<>"Serviço",0,IF(AND(AUTOEVENTO="Manual",$M26=1),0,IF(OFFSET(CRONOPLE!$F$14,$M26,DS$13)="",10^12,OFFSET(CRONOPLE!$F$14,$M26,DS$13)))) -> 1000000000000 | DT26: =IF($D26<>"Serviço",0,IF(AND(AUTOEVENTO="Manual",$M26=1),0,IF(OFFSET(CRONOPLE!$F$14,$M26,DT$13)="",10^12,OFFSET(CRONOPLE!$F$14,$M26,DT$13)))) -> 1000000000000 | DU26: =IF($D26<>"Serviço",0,IF(AND(AUTOEVENTO="Manual",$M26=1),0,IF(OFFSET(CRONOPLE!$F$14,$M26,DU$13)="",10^12,OFFSET(CRONOPLE!$F$14,$M26,DU$13)))) -> 1000000000000 | DV26: =IF($D26<>"Serviço",0,IF(AND(AUTOEVENTO="Manual",$M26=1),0,IF(OFFSET(CRONOPLE!$F$14,$M26,DV$13)="",10^12,OFFSET(CRONOPLE!$F$14,$M26,DV$13)))) -> 1000000000000 | ... FL26: =IF($D26<>"Serviço",0,IF(AND(AUTOEVENTO="Manual",$M26=1),0,IF(OFFSET(CRONOPLE!$F$14,$M26,FL$13)="",10^12,OFFSET(CRONOPLE!$F$14,$M26,FL$13)))) -> 1000000000000 | FN26: =IF($D26<>"Serviço",0,IF(OR(AND(AUTOEVENTO="Manual",$M26=1),$M26>(ROW(PLE.lastrow)-ROW(PLE.firstrow))),0,IF(OFFSET(PLE!$G$14,$M26,FN$13)="",10^12,OFFSET(PLE!$G$14,$M26,FN$13)))) -> 1000000000000 | FO26: =IF($D26<>"Serviço",0,IF(OR(AND(AUTOEVENTO="Manual",$M26=1),$M26>(ROW(PLE.lastrow)-ROW(PLE.firstrow))),0,IF(OFFSET(PLE!$G$14,$M26,FO$13)="",10^12,OFFSET(PLE!$G$14,$M26,FO$13)))) -> 1000000000000 | FP26: =IF($D26<>"Serviço",0,IF(OR(AND(AUTOEVENTO="Manual",$M26=1),$M26>(ROW(PLE.lastrow)-ROW(PLE.firstrow))),0,IF(OFFSET(PLE!$G$14,$M26,FP$13)="",10^12,OFFSET(PLE!$G$14,$M26,FP$13)))) -> 1000000000000 | FQ26: =IF($D26<>"Serviço",0,IF(OR(AND(AUTOEVENTO="Manual",$M26=1),$M26>(ROW(PLE.lastrow)-ROW(PLE.firstrow))),0,IF(OFFSET(PLE!$G$14,$M26,FQ$13)="",10^12,OFFSET(PLE!$G$14,$M26,FQ$13)))) -> 1000000000000 | FR26: =IF($D26<>"Serviço",0,IF(OR(AND(AUTOEVENTO="Manual",$M26=1),$M26>(ROW(PLE.lastrow)-ROW(PLE.firstrow))),0,IF(OFFSET(PLE!$G$14,$M26,FR$13)="",10^12,OFFSET(PLE!$G$14,$M26,FR$13)))) -> 1000000000000 | FS26: =IF($D26<>"Serviço",0,IF(OR(AND(AUTOEVENTO="Manual",$M26=1),$M26>(ROW(PLE.lastrow)-ROW(PLE.firstrow))),0,IF(OFFSET(PLE!$G$14,$M26,FS$13)="",10^12,OFFSET(PLE!$G$14,$M26,FS$13)))) -> 1000000000000 | FT26: =IF($D26<>"Serviço",0,IF(OR(AND(AUTOEVENTO="Manual",$M26=1),$M26>(ROW(PLE.lastrow)-ROW(PLE.firstrow))),0,IF(OFFSET(PLE!$G$14,$M26,FT$13)="",10^12,OFFSET(PLE!$G$14,$M26,FT$13)))) -> 1000000000000 | FU26: =IF($D26<>"Serviço",0,IF(OR(AND(AUTOEVENTO="Manual",$M26=1),$M26>(ROW(PLE.lastrow)-ROW(PLE.firstrow))),0,IF(OFFSET(PLE!$G$14,$M26,FU$13)="",10^12,OFFSET(PLE!$G$14,$M26,FU$13)))) -> 1000000000000 | ... HK26: =IF($D26<>"Serviço",0,IF(OR(AND(AUTOEVENTO="Manual",$M26=1),$M26>(ROW(PLE.lastrow)-ROW(PLE.firstrow))),0,IF(OFFSET(PLE!$G$14,$M26,HK$13)="",10^12,OFFSET(PLE!$G$14,$M26,HK$13)))) -> 1000000000000
A27: =IF(AUTOEVENTO="Manual",IF(K27<>"",MIN(VALUE(LEFT(K27,FIND(".",K27)-1)),COUNTA(EVENTOS.Lista)),0),IF(OR($B27>AUTOEVENTO,$B27="S",$B27=0),SUBSTITUTE(OFFSET($A27,-1,0),IF($D27="Serviço",".",""),""),ROW(A27)-ROW($A$15)&".")) -> 10 | B27: =OFFSET(ORÇAMENTO!C$15,ROW(B27)-ROW(B$15),0) -> S | C27: =OFFSET(ORÇAMENTO!L$15,ROW(C27)-ROW(C$15),0) -> F | D27: =OFFSET(ORÇAMENTO!N$15,ROW(D27)-ROW(D$15),0) -> Serviço | E27: =OFFSET(ORÇAMENTO!O$15,ROW(E27)-ROW(E$15),0) -> 1.4.2. | F27: =OFFSET(ORÇAMENTO!R$15,ROW(F27)-ROW(F$15),0) -> (abra o arquivo 'Referência 11-2023.xls) | G27: =IF($D27<>"Serviço","",OFFSET(ORÇAMENTO!S$15,ROW(G27)-ROW(G$15),0)) -> - | H27: =IF($D27<>"Serviço",0,IF(ACOMPANHAMENTO="BM",ROUND(OFFSET(ORÇAMENTO!AJ$15,ROW(H27)-ROW(H$15),0),15-13*ORÇAMENTO!$AF$7),SUMPRODUCT(($Q$12:$BO$12<>"")*ROUND($Q27:$BO27,15-13*ORÇAMENTO!$AF$7)))) -> 966.16 | I27: ETAPA 1ª: 6,01+34,43+48,32+11,13+33,65+6,55+4,51+5,43+8,01+10,74+14,36+9,17+6,02+8,45+13,45+10,57+9,05+8,19+8,21+6,05+6,04+5,18+23+43+33,8+10,4+48,28+34,39 = 466,39 M ETAPA 2ª: 10,85+13+11,32+11,1+15,26+13,49+13,47+11,82+8,49+13,3+10,75+14,36+14,56+5,47+11,02+14,9+13,03+17,85+14,54+17,99+16,37+13,75+12,25+5,65+3,43+2,32+2,26+13,69+10,38+6,48+6,01+2,91+3,44 = 355,51 M ETAPA 3ª: 10,32+4,21+0,83+4,16+0,78+16,27+0,68+3,87+0,85+2,12+0,97+9,41+8,04+3,63+4,84+3,19+2,09+6,41+9,15+7,51+9,29+7,82+8,89+5,34+4,99+8,6 = 144,26 M | K27: 4.DRENAGEM SUPERFICIAL | L27: . | M27: =IF($D27<>"Serviço","",IF(AUTOEVENTO="manual",$A27,IF(ISERROR(MATCH($A27,$A$15:OFFSET($A27,-1,0),0)),MAX($M$15:OFFSET(M27,-1,0))+1,INDEX($M$15:OFFSET(M27,-1,0),MATCH($A27,$A$15:OFFSET($A27,-1,0),0))))) -> 5 | N27: =IF($D27<>"Serviço","",IF(AUTOEVENTO="Manual",IF($A27=0,"<-- defina o número do agrupador",OFFSET(EVENTOS!$D$14,$A27,0)),OFFSET($F$15,$A27,0))) -> DRENAGEM SUPERFICIAL | Q27: =6.01+34.43+48.32+11.13+33.65+6.55+4.51+5.43+8.01+10.74+14.36+9.17+6.02+8.45+13.45+10.57+9.05+8.19+8.21+6.05+6.04+5.18+23+43+33.8+10.4+48.28+34.39 -> 466.39 | R27: 355.51 | S27: 144.26 | BP27: =IF(AND($D27="Serviço",BP$12<>0,$H27>0,OR(AUTOEVENTO<>"manual",$M27<>1)),ROUND(OFFSET($P27,0,BP$13),15-13*ORÇAMENTO!$AF$7)/$H27*OFFSET(ORÇAMENTO!$X$15,ROW(BP27)-ROW(BP$15),0),0) -> 43626.122 | BQ27: =IF(AND($D27="Serviço",BQ$12<>0,$H27>0,OR(AUTOEVENTO<>"manual",$M27<>1)),ROUND(OFFSET($P27,0,BQ$13),15-13*ORÇAMENTO!$AF$7)/$H27*OFFSET(ORÇAMENTO!$X$15,ROW(BQ27)-ROW(BQ$15),0),0) -> 33254.407 | BR27: =IF(AND($D27="Serviço",BR$12<>0,$H27>0,OR(AUTOEVENTO<>"manual",$M27<>1)),ROUND(OFFSET($P27,0,BR$13),15-13*ORÇAMENTO!$AF$7)/$H27*OFFSET(ORÇAMENTO!$X$15,ROW(BR27)-ROW(BR$15),0),0) -> 13494.081 | BS27: =IF(AND($D27="Serviço",BS$12<>0,$H27>0,OR(AUTOEVENTO<>"manual",$M27<>1)),ROUND(OFFSET($P27,0,BS$13),15-13*ORÇAMENTO!$AF$7)/$H27*OFFSET(ORÇAMENTO!$X$15,ROW(BS27)-ROW(BS$15),0),0) -> 0 | BT27: =IF(AND($D27="Serviço",BT$12<>0,$H27>0,OR(AUTOEVENTO<>"manual",$M27<>1)),ROUND(OFFSET($P27,0,BT$13),15-13*ORÇAMENTO!$AF$7)/$H27*OFFSET(ORÇAMENTO!$X$15,ROW(BT27)-ROW(BT$15),0),0) -> 0 | BU27: =IF(AND($D27="Serviço",BU$12<>0,$H27>0,OR(AUTOEVENTO<>"manual",$M27<>1)),ROUND(OFFSET($P27,0,BU$13),15-13*ORÇAMENTO!$AF$7)/$H27*OFFSET(ORÇAMENTO!$X$15,ROW(BU27)-ROW(BU$15),0),0) -> 0 | BV27: =IF(AND($D27="Serviço",BV$12<>0,$H27>0,OR(AUTOEVENTO<>"manual",$M27<>1)),ROUND(OFFSET($P27,0,BV$13),15-13*ORÇAMENTO!$AF$7)/$H27*OFFSET(ORÇAMENTO!$X$15,ROW(BV27)-ROW(BV$15),0),0) -> 0 | BW27: =IF(AND($D27="Serviço",BW$12<>0,$H27>0,OR(AUTOEVENTO<>"manual",$M27<>1)),ROUND(OFFSET($P27,0,BW$13),15-13*ORÇAMENTO!$AF$7)/$H27*OFFSET(ORÇAMENTO!$X$15,ROW(BW27)-ROW(BW$15),0),0) -> 0 | ... DM27: =IF(AND($D27="Serviço",DM$12<>0,$H27>0,OR(AUTOEVENTO<>"manual",$M27<>1)),ROUND(OFFSET($P27,0,DM$13),15-13*ORÇAMENTO!$AF$7)/$H27*OFFSET(ORÇAMENTO!$X$15,ROW(DM27)-ROW(DM$15),0),0) -> 0 | DO27: =IF($D27<>"Serviço",0,IF(AND(AUTOEVENTO="Manual",$M27=1),0,IF(OFFSET(CRONOPLE!$F$14,$M27,DO$13)="",10^12,OFFSET(CRONOPLE!$F$14,$M27,DO$13)))) -> 1 | DP27: =IF($D27<>"Serviço",0,IF(AND(AUTOEVENTO="Manual",$M27=1),0,IF(OFFSET(CRONOPLE!$F$14,$M27,DP$13)="",10^12,OFFSET(CRONOPLE!$F$14,$M27,DP$13)))) -> 3 | DQ27: =IF($D27<>"Serviço",0,IF(AND(AUTOEVENTO="Manual",$M27=1),0,IF(OFFSET(CRONOPLE!$F$14,$M27,DQ$13)="",10^12,OFFSET(CRONOPLE!$F$14,$M27,DQ$13)))) -> 3 | DR27: =IF($D27<>"Serviço",0,IF(AND(AUTOEVENTO="Manual",$M27=1),0,IF(OFFSET(CRONOPLE!$F$14,$M27,DR$13)="",10^12,OFFSET(CRONOPLE!$F$14,$M27,DR$13)))) -> 1000000000000 | DS27: =IF($D27<>"Serviço",0,IF(AND(AUTOEVENTO="Manual",$M27=1),0,IF(OFFSET(CRONOPLE!$F$14,$M27,DS$13)="",10^12,OFFSET(CRONOPLE!$F$14,$M27,DS$13)))) -> 1000000000000 | DT27: =IF($D27<>"Serviço",0,IF(AND(AUTOEVENTO="Manual",$M27=1),0,IF(OFFSET(CRONOPLE!$F$14,$M27,DT$13)="",10^12,OFFSET(CRONOPLE!$F$14,$M27,DT$13)))) -> 1000000000000 | DU27: =IF($D27<>"Serviço",0,IF(AND(AUTOEVENTO="Manual",$M27=1),0,IF(OFFSET(CRONOPLE!$F$14,$M27,DU$13)="",10^12,OFFSET(CRONOPLE!$F$14,$M27,DU$13)))) -> 1000000000000 | DV27: =IF($D27<>"Serviço",0,IF(AND(AUTOEVENTO="Manual",$M27=1),0,IF(OFFSET(CRONOPLE!$F$14,$M27,DV$13)="",10^12,OFFSET(CRONOPLE!$F$14,$M27,DV$13)))) -> 1000000000000 | ... FL27: =IF($D27<>"Serviço",0,IF(AND(AUTOEVENTO="Manual",$M27=1),0,IF(OFFSET(CRONOPLE!$F$14,$M27,FL$13)="",10^12,OFFSET(CRONOPLE!$F$14,$M27,FL$13)))) -> 1000000000000 | FN27: =IF($D27<>"Serviço",0,IF(OR(AND(AUTOEVENTO="Manual",$M27=1),$M27>(ROW(PLE.lastrow)-ROW(PLE.firstrow))),0,IF(OFFSET(PLE!$G$14,$M27,FN$13)="",10^12,OFFSET(PLE!$G$14,$M27,FN$13)))) -> 1000000000000 | FO27: =IF($D27<>"Serviço",0,IF(OR(AND(AUTOEVENTO="Manual",$M27=1),$M27>(ROW(PLE.lastrow)-ROW(PLE.firstrow))),0,IF(OFFSET(PLE!$G$14,$M27,FO$13)="",10^12,OFFSET(PLE!$G$14,$M27,FO$13)))) -> 1000000000000 | FP27: =IF($D27<>"Serviço",0,IF(OR(AND(AUTOEVENTO="Manual",$M27=1),$M27>(ROW(PLE.lastrow)-ROW(PLE.firstrow))),0,IF(OFFSET(PLE!$G$14,$M27,FP$13)="",10^12,OFFSET(PLE!$G$14,$M27,FP$13)))) -> 1000000000000 | FQ27: =IF($D27<>"Serviço",0,IF(OR(AND(AUTOEVENTO="Manual",$M27=1),$M27>(ROW(PLE.lastrow)-ROW(PLE.firstrow))),0,IF(OFFSET(PLE!$G$14,$M27,FQ$13)="",10^12,OFFSET(PLE!$G$14,$M27,FQ$13)))) -> 1000000000000 | FR27: =IF($D27<>"Serviço",0,IF(OR(AND(AUTOEVENTO="Manual",$M27=1),$M27>(ROW(PLE.lastrow)-ROW(PLE.firstrow))),0,IF(OFFSET(PLE!$G$14,$M27,FR$13)="",10^12,OFFSET(PLE!$G$14,$M27,FR$13)))) -> 1000000000000 | FS27: =IF($D27<>"Serviço",0,IF(OR(AND(AUTOEVENTO="Manual",$M27=1),$M27>(ROW(PLE.lastrow)-ROW(PLE.firstrow))),0,IF(OFFSET(PLE!$G$14,$M27,FS$13)="",10^12,OFFSET(PLE!$G$14,$M27,FS$13)))) -> 1000000000000 | FT27: =IF($D27<>"Serviço",0,IF(OR(AND(AUTOEVENTO="Manual",$M27=1),$M27>(ROW(PLE.lastrow)-ROW(PLE.firstrow))),0,IF(OFFSET(PLE!$G$14,$M27,FT$13)="",10^12,OFFSET(PLE!$G$14,$M27,FT$13)))) -> 1000000000000 | FU27: =IF($D27<>"Serviço",0,IF(OR(AND(AUTOEVENTO="Manual",$M27=1),$M27>(ROW(PLE.lastrow)-ROW(PLE.firstrow))),0,IF(OFFSET(PLE!$G$14,$M27,FU$13)="",10^12,OFFSET(PLE!$G$14,$M27,FU$13)))) -> 1000000000000 | ... HK27: =IF($D27<>"Serviço",0,IF(OR(AND(AUTOEVENTO="Manual",$M27=1),$M27>(ROW(PLE.lastrow)-ROW(PLE.firstrow))),0,IF(OFFSET(PLE!$G$14,$M27,HK$13)="",10^12,OFFSET(PLE!$G$14,$M27,HK$13)))) -> 1000000000000
